Workbook
Name TABLE: '10'!#REF!
Name TABLE: '11'!#REF!
Name TABLE: '12'!#REF!
Name TABLE: '13'!#REF!
Name TABLE: '17'!#REF!
Name TABLE: '18'!#REF!
Name TABLE_2: '10'!#REF!
Name TABLE_2: '11'!#REF!
Name TABLE_2: '12'!#REF!
Name TABLE_2: '13'!#REF!
Name TABLE_2: '17'!#REF!
Name TABLE_2: '18'!#REF!

Sheet 10
T1: Приложение № 10
R2: к приказу Минэнерго России от 25 апреля 2018 г. № 320
A3: Форма 10. Отчет об исполнении плана финансирования капитальных вложений по инвестиционным проектам инвестиционной программы (квартальный)
G4: 2 квартал | J4: 2026 | L4: года
G6: АО "Богородская Электроскть"
G7: полное наименование субъекта электроэнергетики
I9: Год раскрытия информации: | J9: 2026 | L9: год
G11: Утвержденные плановые значения показателей приведены в соответствии с | H11: приказ министра энергетики МО №146 от 25.12.2025
H12: реквизиты решения органа исполнительной власти, утвердившего инвестиционную программу
A14: Номер группы инвести-ционных проектов | B14: Наименование инвестиционного проекта (группы инвестиционных проектов) | C14: Идентификатор инвестиционного проекта | D14: Оценка полной стоимости инвестиционного проекта в прогнозных ценах соответствующих лет, млн. рублей (с НДС) | E14: Фактический объем финансирования капитальных вложений на 01.01.2026г., млн. рублей (с НДС) | F14: Остаток финансирования капитальных вложений на 01.01.2026 г в прогнозных ценах соответствующих лет, млн. рублей (с НДС) | G14: Финансирование капитальных вложений 2026 года, млн. рублей (с НДС) | Q14: Остаток финансирования капитальных вложений на конец отчетного периода в прогнозных ценах соответствующих лет, млн. рублей (с НДС) | R14: Отклонение от плана финансирования по итогам отчетного периода | T14: Причины отклонений
G15: Всего | I15: I квартал | K15: II квартал | M15: III квартал | O15: IV квартал | R15: млн. рублей (с НДС) | S15: %
G16: План | H16: Факт | I16: План | J16: Факт | K16: План | L16: Факт | M16: План | N16: Факт | O16: План | P16: Факт
A17: 1 | B17: 2 | C17: 3 | D17: 4 | E17: 5 | F17: 6 | G17: 7 | H17: 8 | I17: 9 | J17: 10 | K17: 11 | L17: 12 | M17: 13 | N17: 14 | O17: 15 | P17: 16 | Q17: 17 | R17: 18 | S17: 19 | T17: 20
A18: 0 | B18: ИТОГО по инвестиционной программе | C18: Г | D18: =SUM(D19:D24) -> 841.58766 | E18: =SUM(E19:E24) -> 144.70704 | F18: =SUM(F19:F24) -> 696.88062 | G18: =SUM(G19:G24) -> 174.22016 | H18: =SUM(H19:H24) -> 47.978656 | I18: =SUM(I19:I24) -> 0 | J18: =SUM(J19:J24) -> 0 | K18: =SUM(K19:K24) -> 47.192121 | ... S18: =SUM(S19:S24) -> 0.016666667 | T18: нд
A19: 0.1 | B19: Технологическое присоединение, всего | C19: Г | D19: =D26 -> 0 | E19: =E26 -> 0 | F19: =F26 -> 0 | G19: =G26 -> 0 | H19: =H26 -> 0 | I19: =I26 -> 0 | J19: =J26 -> 0 | K19: =K26 -> 0 | ... S19: =S26 -> 0 | T19: нд
A20: 0.2 | B20: Реконструкция, модернизация, техническое перевооружение, всего | C20: Г | D20: =D46 -> 841.58766 | E20: =E46 -> 144.70704 | F20: =F46 -> 696.88062 | G20: =G46 -> 174.22016 | H20: =H46 -> 47.978656 | I20: =I46 -> 0 | J20: =J46 -> 0 | K20: =K46 -> 47.192121 | ... S20: =S46 -> 0.016666667 | T20: нд
A21: 0.3 | B21: Инвестиционные проекты, реализация которых обуславливается схемами и программами перспективного развития электроэнергетики, всего | C21: Г | D21: =D131 -> 0 | E21: =E131 -> 0 | F21: =F131 -> 0 | G21: =G131 -> 0 | H21: =H131 -> 0 | I21: =I131 -> 0 | J21: =J131 -> 0 | K21: =K131 -> 0 | ... S21: =S131 -> 0 | T21: нд
A22: 0.4 | B22: Прочее новое строительство объектов электросетевого хозяйства, всего | C22: Г | D22: =D134 -> 0 | E22: =E134 -> 0 | F22: =F134 -> 0 | G22: =G134 -> 0 | H22: =H134 -> 0 | I22: =I134 -> 0 | J22: =J134 -> 0 | K22: =K134 -> 0 | ... S22: =S134 -> 0 | T22: нд
A23: 0.5 | B23: Покупка земельных участков для целей реализации инвестиционных проектов, всего | C23: Г | D23: =D135 -> 0 | E23: =E135 -> 0 | F23: =F135 -> 0 | G23: =G135 -> 0 | H23: =H135 -> 0 | I23: =I135 -> 0 | J23: =J135 -> 0 | K23: =K135 -> 0 | ... S23: =S135 -> 0 | T23: нд
A24: 0.6 | B24: Прочие инвестиционные проекты, всего | C24: Г | D24: =D136 -> 0 | E24: =E136 -> 0 | F24: =F136 -> 0 | G24: =G136 -> 0 | H24: =H136 -> 0 | I24: =I136 -> 0 | J24: =J136 -> 0 | K24: =K136 -> 0 | ... S24: =S136 -> 0 | T24: нд
A25: 1 | B25: Московская обл., Богородский г.о., г.о.Электросталь | C25: Г | D25: =D26+D46+D131+D134+D135+D136 -> 841.58766 | E25: =E26+E46+E131+E134+E135+E136 -> 144.70704 | F25: =F26+F46+F131+F134+F135+F136 -> 696.88062 | G25: =G26+G46+G131+G134+G135+G136 -> 174.22016 | H25: =H26+H46+H131+H134+H135+H136 -> 47.978656 | I25: =I26+I46+I131+I134+I135+I136 -> 0 | J25: =J26+J46+J131+J134+J135+J136 -> 0 | K25: =K26+K46+K131+K134+K135+K136 -> 47.192121 | ... S25: =S26+S46+S131+S134+S135+S136 -> 0.016666667 | T25: нд
A26: 1.1. | B26: Технологическое присоединение, всего, в том числе: | C26: Г | D26: =D27+D31+D34+D43 -> 0 | E26: =E27+E31+E34+E43 -> 0 | F26: =F27+F31+F34+F43 -> 0 | G26: =G27+G31+G34+G43 -> 0 | H26: =H27+H31+H34+H43 -> 0 | I26: =I27+I31+I34+I43 -> 0 | J26: =J27+J31+J34+J43 -> 0 | K26: =K27+K31+K34+K43 -> 0 | ... S26: =S27+S31+S34+S43 -> 0 | T26: нд
A27: 1.1.1. | B27: Технологическое присоединение энергопринимающих устройств потребителей, всего, в том числе: | C27: Г | D27: =SUM(D28:D30) -> 0 | E27: =SUM(E28:E30) -> 0 | F27: =SUM(F28:F30) -> 0 | G27: =SUM(G28:G30) -> 0 | H27: =SUM(H28:H30) -> 0 | I27: =SUM(I28:I30) -> 0 | J27: =SUM(J28:J30) -> 0 | K27: =SUM(K28:K30) -> 0 | ... S27: =SUM(S28:S30) -> 0 | T27: нд
A28: 1.1.1.1 | B28: Технологическое присоединение энергопринимающих устройств потребителей максимальной мощностью до 15 кВт включительно, всего | C28: Г | D28: 0 | E28: 0 | F28: 0 | G28: 0 | H28: 0 | I28: 0 | J28: 0 | K28: 0 | L28: 0 | M28: 0 | N28: 0 | O28: 0 | P28: 0 | Q28: 0 | R28: 0 | S28: 0 | T28: нд
A29: 1.1.1.2 | B29: Технологическое присоединение энергопринимающих устройств потребителей максимальной мощностью до 150 кВт включительно, всего | C29: Г | D29: 0 | E29: 0 | F29: 0 | G29: 0 | H29: 0 | I29: 0 | J29: 0 | K29: 0 | L29: 0 | M29: 0 | N29: 0 | O29: 0 | P29: 0 | Q29: 0 | R29: 0 | S29: 0 | T29: нд
A30: 1.1.1.3 | B30: Технологическое присоединение энергопринимающих устройств потребителей свыше 150 кВт, всего, в том числе: | C30: Г | D30: =SUM(D31:D32) -> 0 | E30: =SUM(E31:E32) -> 0 | F30: =SUM(F31:F32) -> 0 | G30: =SUM(G31:G32) -> 0 | H30: =SUM(H31:H32) -> 0 | I30: =SUM(I31:I32) -> 0 | J30: =SUM(J31:J32) -> 0 | K30: =SUM(K31:K32) -> 0 | ... S30: =SUM(S31:S32) -> 0 | T30: нд
A31: 1.1.2. | B31: Технологическое присоединение объектов электросетевого хозяйства, всего, в том числе: | C31: Г | D31: =SUM(D32:D33) -> 0 | E31: =SUM(E32:E33) -> 0 | F31: =SUM(F32:F33) -> 0 | G31: =SUM(G32:G33) -> 0 | H31: =SUM(H32:H33) -> 0 | I31: =SUM(I32:I33) -> 0 | J31: =SUM(J32:J33) -> 0 | K31: =SUM(K32:K33) -> 0 | ... S31: =SUM(S32:S33) -> 0 | T31: нд
A32: 1.1.2.1 | B32: Технологическое присоединение объектов электросетевого хозяйства, принадлежащих иным сетевым организациям и иным лицам, всего, в том числе: | C32: Г | D32: 0 | E32: 0 | F32: 0 | G32: 0 | H32: 0 | I32: 0 | J32: 0 | K32: 0 | L32: 0 | M32: 0 | N32: 0 | O32: 0 | P32: 0 | Q32: 0 | R32: 0 | S32: 0 | T32: нд
A33: 1.1.2.2 | B33: Технологическое присоединение к электрическим сетям иных сетевых организаций, всего, в том числе: | C33: Г | D33: 0 | E33: 0 | F33: 0 | G33: 0 | H33: 0 | I33: 0 | J33: 0 | K33: 0 | L33: 0 | M33: 0 | N33: 0 | O33: 0 | P33: 0 | Q33: 0 | R33: 0 | S33: 0 | T33: нд
A34: 1.1.3. | B34: Технологическое присоединение объектов по производству электрической энергии, всего, в том числе: | C34: Г | D34: =SUM(D35:D42) -> 0 | E34: =SUM(E35:E42) -> 0 | F34: =SUM(F35:F42) -> 0 | G34: =SUM(G35:G42) -> 0 | H34: =SUM(H35:H42) -> 0 | I34: =SUM(I35:I42) -> 0 | J34: =SUM(J35:J42) -> 0 | K34: =SUM(K35:K42) -> 0 | ... S34: =SUM(S35:S42) -> 0 | T34: нд
A35: 1.1.3.1 | B35: Наименование объекта по производству электрической энергии, всего, в том числе: | C35: Г | D35: 0 | E35: 0 | F35: 0 | G35: 0 | H35: 0 | I35: 0 | J35: 0 | K35: 0 | L35: 0 | M35: 0 | N35: 0 | O35: 0 | P35: 0 | Q35: 0 | R35: 0 | S35: 0 | T35: нд
A36: 1.1.3.1 | B36: Строительство новых объектов электросетевого хозяйства (за исключением усиления существующей электрической сети) в целях осуществления технологического присоединения объекта по производству электрической энергии, всего, в том числе: | C36: Г | D36: 0 | E36: 0 | F36: 0 | G36: 0 | H36: 0 | I36: 0 | J36: 0 | K36: 0 | L36: 0 | M36: 0 | N36: 0 | O36: 0 | P36: 0 | Q36: 0 | R36: 0 | S36: 0 | T36: нд
A37: 1.1.3.1 | B37: Строительство новых объектов электросетевого хозяйства для усиления электрической сети в целях осуществления технологического присоединения объекта по производству электрической энергии, всего, в том числе: | C37: Г | D37: 0 | E37: 0 | F37: 0 | G37: 0 | H37: 0 | I37: 0 | J37: 0 | K37: 0 | L37: 0 | M37: 0 | N37: 0 | O37: 0 | P37: 0 | Q37: 0 | R37: 0 | S37: 0 | T37: нд
A38: 1.1.3.1 | B38: Реконструкция существующих объектов электросетевого хозяйства для усиления электрической сети в целях осуществления технологического присоединения объекта по производству электрической энергии всего, в том числе: | C38: Г | D38: 0 | E38: 0 | F38: 0 | G38: 0 | H38: 0 | I38: 0 | J38: 0 | K38: 0 | L38: 0 | M38: 0 | N38: 0 | O38: 0 | P38: 0 | Q38: 0 | R38: 0 | S38: 0 | T38: нд
A39: 1.1.3.2 | B39: Наименование объекта по производству электрической энергии, всего, в том числе: | C39: Г | D39: 0 | E39: 0 | F39: 0 | G39: 0 | H39: 0 | I39: 0 | J39: 0 | K39: 0 | L39: 0 | M39: 0 | N39: 0 | O39: 0 | P39: 0 | Q39: 0 | R39: 0 | S39: 0 | T39: нд
A40: 1.1.3.2 | B40: Строительство новых объектов электросетевого хозяйства (за исключением усиления существующей электрической сети) в целях осуществления технологического присоединения объекта по производству электрической энергии, всего, в том числе: | C40: Г | D40: 0 | E40: 0 | F40: 0 | G40: 0 | H40: 0 | I40: 0 | J40: 0 | K40: 0 | L40: 0 | M40: 0 | N40: 0 | O40: 0 | P40: 0 | Q40: 0 | R40: 0 | S40: 0 | T40: нд
A41: 1.1.3.2 | B41: Строительство новых объектов электросетевого хозяйства для усиления электрической сети в целях осуществления технологического присоединения объекта по производству электрической энергии, всего, в том числе: | C41: Г | D41: 0 | E41: 0 | F41: 0 | G41: 0 | H41: 0 | I41: 0 | J41: 0 | K41: 0 | L41: 0 | M41: 0 | N41: 0 | O41: 0 | P41: 0 | Q41: 0 | R41: 0 | S41: 0 | T41: нд
A42: 1.1.3.2 | B42: Реконструкция существующих объектов электросетевого хозяйства для усиления электрической сети в целях осуществления технологического присоединения объекта по производству электрической энергии, всего, в том числе: | C42: Г | D42: 0 | E42: 0 | F42: 0 | G42: 0 | H42: 0 | I42: 0 | J42: 0 | K42: 0 | L42: 0 | M42: 0 | N42: 0 | O42: 0 | P42: 0 | Q42: 0 | R42: 0 | S42: 0 | T42: нд
A43: 1.1.4. | B43: Усиление электрической сети в целях осуществления технологического присоединения энергопринимающих устройств потребителей и (или) объектов электросетевого хозяйства, всего, в том числе: | C43: Г | D43: =SUM(D44:D45) -> 0 | E43: =SUM(E44:E45) -> 0 | F43: =SUM(F44:F45) -> 0 | G43: =SUM(G44:G45) -> 0 | H43: =SUM(H44:H45) -> 0 | I43: =SUM(I44:I45) -> 0 | J43: =SUM(J44:J45) -> 0 | K43: =SUM(K44:K45) -> 0 | ... S43: =SUM(S44:S45) -> 0 | T43: нд
A44: 1.1.4.1 | B44: Строительство новых объектов электросетевого хозяйства для усиления электрической сети в целях осуществления технологического присоединения, всего, в том числе: | C44: Г | D44: 0 | E44: 0 | F44: 0 | G44: 0 | H44: 0 | I44: 0 | J44: 0 | K44: 0 | L44: 0 | M44: 0 | N44: 0 | O44: 0 | P44: 0 | Q44: 0 | R44: 0 | S44: 0 | T44: нд
A45: 1.1.4.2 | B45: Реконструкция существующих объектов электросетевого хозяйства для усиления электрической сети в целях осуществления технологического присоединения, всего, в том числе: | C45: Г | D45: 0 | E45: 0 | F45: 0 | G45: 0 | H45: 0 | I45: 0 | J45: 0 | K45: 0 | L45: 0 | M45: 0 | N45: 0 | O45: 0 | P45: 0 | Q45: 0 | R45: 0 | S45: 0 | T45: нд
A46: 1.2. | B46: Реконструкция, модернизация, техническое перевооружение, всего, в том числе: | C46: Г | D46: =D47+D87 -> 841.58766 | E46: =E47+E87 -> 144.70704 | F46: =F47+F87 -> 696.88062 | G46: =G47+G87 -> 174.22016 | H46: =H47+H87 -> 47.978656 | I46: =I47+I87 -> 0 | J46: =J47+J87 -> 0 | K46: =K47+K87 -> 47.192121 | ... S46: =S47+S87 -> 0.016666667 | T46: нд
A47: 1.2.1. | B47: Реконструкция, модернизация, техническое перевооружение трансформаторных и иных подстанций, распределительных пунктов, всего, в том числе: | C47: Г | D47: =D48+D86 -> 449.53997 | E47: =E48+E86 -> 91.236429 | F47: =F48+F86 -> 358.30354 | G47: =G48+G86 -> 107.42473 | H47: =H48+H86 -> 47.978656 | I47: =I48+I86 -> 0 | J47: =J48+J86 -> 0 | K47: =K48+K86 -> 47.192121 | ... S47: =S48+S86 -> 0.016666667 | T47: нд
A48: 1.2.1.1 | B48: Реконструкция трансформаторных и иных подстанций, всего, в том числе: | C48: Г | D48: =SUM(D49:D85) -> 449.53997 | E48: =SUM(E49:E85) -> 91.236429 | F48: =SUM(F49:F85) -> 358.30354 | G48: =SUM(G49:G85) -> 107.42473 | H48: =SUM(H49:H85) -> 47.978656 | I48: =SUM(I49:I85) -> 0 | J48: =SUM(J49:J85) -> 0 | K48: =SUM(K49:K85) -> 47.192121 | ... R48: =SUM(R49:R85) -> 0.78653534 | S48: =L48/K48-100% -> 0.016666667 | T48: нд
A49: 1.2.1.2 | B49: Реконструкция распределительной подстанции РП-1215, с заменой (13 шт.) и увеличением кол-ва ячеек на 3шт. (до 16 шт.), Богородский г.о., г.Ногинск, ул.Трудовая | C49: O_16_РП-1215 | D49: 26.849207 | E49: 26.849207 | F49: 0 | G49: =I49+K49+M49+O49 -> 0 | H49: =J49+L49+N49+P49 -> 0 | I49: 0 | J49: 0 | K49: 0 | L49: 0 | M49: 0 | N49: 0 | O49: 0 | P49: 0 | Q49: =D49-E49-H49 -> 0 | R49: 0 | S49: 0 | T49: нд
A50: 1.2.1.2 | B50: Реконструкция распределительной подстанции РП-918, с заменой (8 шт.) и увеличением кол-ва ячеек на 2 шт. (до 10 шт.), Богородский г.о., г.Старая Купавна, ул.Дорожная | C50: O_17_РП-918 | D50: 17.710473 | E50: 17.710473 | F50: 0 | G50: =I50+K50+M50+O50 -> 0 | H50: =J50+L50+N50+P50 -> 0 | I50: 0 | J50: 0 | K50: 0 | L50: 0 | M50: 0 | N50: 0 | O50: 0 | P50: 0 | Q50: =D50-E50-H50 -> 0 | R50: 0 | S50: 0 | T50: нд
A51: 1.2.1.2 | B51: Реконструкция распределительной подстанции РП-131, с заменой (15 шт.) и увеличением кол-ва ячеек на 1 шт. (до 16 шт.), Богородский г.о., пос.Обухово, ул.Комбинат | C51: O_18_РП-131 | D51: 31.387322 | E51: 0 | F51: =D51 -> 31.387322 | G51: =I51+K51+M51+O51 -> 31.387322 | H51: =J51+L51+N51+P51 -> 31.910444 | I51: 0 | J51: 0 | K51: =D51 -> 31.387322 | L51: 31.910444 | M51: 0 | N51: 0 | O51: 0 | P51: 0 | Q51: 0 | R51: =H51-G51 -> 0.52312203 | S51: =H51/G51-100% -> 0.016666667 | T51: Увеличение общей стоимости проекта связано с повышением ставки НДС с 20% до 22% с 1 января 2026 года
A52: 1.2.1.1 | B52: Реконструкция распределительной подстанции РП-106, с заменой (6 шт.) и увеличением кол-ва ячеек на 2 шт. (до 8 шт.), Богородский г.о., г.Ногинск, ул.2-й Речной пр-зд | C52: O_19_РП-106 | D52: 17.633973 | E52: 0 | F52: =D52 -> 17.633973 | G52: =I52+K52+M52+O52 -> 17.633973 | H52: =J52+L52+N52+P52 -> 0 | I52: 0 | J52: 0 | K52: 0 | L52: 0 | M52: =D52 -> 17.633973 | N52: 0 | O52: 0 | P52: 0 | Q52: =D52-E52-H52 -> 17.633973 | R52: 0 | S52: 0 | T52: нд
A53: 1.2.1.1 | B53: Реконструкция распределительной подстанции РП-9, с заменой (12 шт.) и увеличением кол-ва ячеек на 4 шт. (до 16 шт.), Богородский г.о., г.Ногинск, ул.Рабочая | C53: O_20_РП-9 | D53: 31.257182 | E53: 0 | F53: =D53 -> 31.257182 | G53: =I53+K53+M53+O53 -> 0 | H53: =J53+L53+N53+P53 -> 0 | I53: 0 | J53: 0 | K53: 0 | L53: 0 | M53: 0 | N53: 0 | O53: 0 | P53: 0 | Q53: =D53-E53-H53 -> 31.257182 | R53: 0 | S53: 0 | T53: нд
A54: 1.2.1.1 | B54: Реконструкция распределительной подстанции РП-92, с заменой (15 шт.) и увеличением кол-ва ячеек на 3 шт. (до 18 шт.), Богородский г.о., г.Ногинск, ул.Совнархозная | C54: O_21_РП-92 | D54: 40.022064 | E54: 0 | F54: =D54 -> 40.022064 | G54: =I54+K54+M54+O54 -> 0 | H54: =J54+L54+N54+P54 -> 0 | I54: 0 | J54: 0 | K54: 0 | L54: 0 | M54: 0 | N54: 0 | O54: 0 | P54: 0 | Q54: =D54-E54-H54 -> 40.022064 | R54: 0 | S54: 0 | T54: нд
A55: 1.2.1.1 | B55: Реконструкция распределительной подстанции РП-405, с заменой (11 шт.) и увеличением кол-ва ячеек на 5 шт. (до 16 шт.), Богоросдкий г.о., пос.им.Воровского | C55: O_22_РП-405 | D55: 31.533098 | E55: 0 | F55: =D55 -> 31.533098 | G55: =I55+K55+M55+O55 -> 0 | H55: =J55+L55+N55+P55 -> 0 | I55: 0 | J55: 0 | K55: 0 | L55: 0 | M55: 0 | N55: 0 | O55: 0 | P55: 0 | Q55: =D55-E55-H55 -> 31.533098 | R55: 0 | S55: 0 | T55: нд
A56: 1.2.1.1 | B56: Реконструкция оборудования РУ 6кВ РТП-86, с заменой (5 шт.) и увеличением кол-ва ячеек на 3 шт. (до 8 шт.), Богоросдкий г.о., г.Ногинск, ул.Жарова | C56: O_23_РУ РТП-86 | D56: 0 | E56: 0 | F56: =D56 -> 0 | G56: =I56+K56+M56+O56 -> 0 | H56: =J56+L56+N56+P56 -> 0 | I56: 0 | J56: 0 | K56: 0 | L56: 0 | M56: 0 | N56: 0 | O56: 0 | P56: 0 | Q56: =D56-E56-H56 -> 0 | R56: 0 | S56: 0 | T56: нд
A57: 1.2.1.1 | B57: Реконструкция распределительной подстанции РП-50, с заменой (10 шт.) и увеличением кол-ва ячеек на 6 шт. (до 16 шт.), Богоросдкий г.о., г.Ногинск, ул.Климова | C57: O_24_РП-50 | D57: 31.170424 | E57: 0 | F57: =D57 -> 31.170424 | G57: =I57+K57+M57+O57 -> 0 | H57: =J57+L57+N57+P57 -> 0 | I57: 0 | J57: 0 | K57: 0 | L57: 0 | M57: 0 | N57: 0 | O57: 0 | P57: 0 | Q57: =D57-E57-H57 -> 31.170424 | R57: 0 | S57: 0 | T57: нд
A58: 1.2.1.1 | B58: Реконструкция трансформаторной подстанции ТП-932, с увеличением трансформаторной мощности с 2х630 до 2х1000 кВА, Богородский г.о., г.Старая Купавна ул.Дорожная | C58: O_25_ТП-932 | D58: 10.243363 | E58: 10.243363 | F58: 0 | G58: =I58+K58+M58+O58 -> 0 | H58: =J58+L58+N58+P58 -> 0 | I58: 0 | J58: 0 | K58: 0 | L58: 0 | M58: 0 | N58: 0 | O58: 0 | P58: 0 | Q58: =D58-E58-H58 -> 0 | R58: 0 | S58: 0 | T58: нд
A59: 1.2.1.1 | B59: Реконструкция трансформаторной подстанции ТП-84 с увеличением трансформаторной мощности с 2х400 на 2х630 кВА, Богородский г.о., г.Ногинск, Электростальское ш. | C59: O_26_ТП-84 | D59: 9.5637588 | E59: 9.5637588 | F59: 0 | G59: =I59+K59+M59+O59 -> 0 | H59: =J59+L59+N59+P59 -> 0 | I59: 0 | J59: 0 | K59: 0 | L59: 0 | M59: 0 | N59: 0 | O59: 0 | P59: 0 | Q59: =D59-E59-H59 -> 0 | R59: 0 | S59: 0 | T59: нд
A60: 1.2.1.1 | B60: Реконструкция трансформаторной подстанции ТП-195 с увеличением трансформаторной мощности с 2х250 на 2х630 кВА, Богородский г.о., г.Ногинск, ул.III Интернационала | C60: O_27_ТП-195 | D60: 15.804799 | E60: 0 | F60: =D60 -> 15.804799 | G60: =I60+K60+M60+O60 -> 15.804799 | H60: =J60+L60+N60+P60 -> 16.068212 | I60: 0 | J60: 0 | K60: =D60 -> 15.804799 | L60: 16.068212 | M60: 0 | N60: 0 | O60: 0 | P60: 0 | Q60: 0 | R60: =H60-G60 -> 0.26341331 | S60: =H60/G60-100% -> 0.016666667 | T60: Увеличение общей стоимости проекта связано с повышением ставки НДС с 20% до 22% с 1 января 2026 года
A61: 1.2.1.1 | B61: Реконструкция трансформаторной подстанции ТП-728 с увеличением трансформаторной мощности с 2х400 на 2х630 кВА, Богородский г.о., г.Ногинск, ул.Ильича | C61: O_28_ТП-728 | D61: 15.858625 | E61: 0 | F61: =D61 -> 15.858625 | G61: =I61+K61+M61+O61 -> 15.858625 | H61: =J61+L61+N61+P61 -> 0 | I61: 0 | J61: 0 | K61: 0 | L61: 0 | M61: 0 | N61: 0 | O61: =D61 -> 15.858625 | P61: 0 | Q61: =D61-E61-H61 -> 15.858625 | R61: 0 | S61: 0 | T61: нд
A62: 1.2.1.1 | B62: Реконструкция трансформаторной подстанции ТП-240 с увеличением трансформаторной мощности с 2х400 на 2х630 кВА, Богородский г.о., п.Обухово | C62: O_29_ТП-240 | D62: 15.858625 | E62: 0 | F62: =D62 -> 15.858625 | G62: =I62+K62+M62+O62 -> 0 | H62: =J62+L62+N62+P62 -> 0 | I62: 0 | J62: 0 | K62: 0 | L62: 0 | M62: 0 | N62: 0 | O62: 0 | P62: 0 | Q62: =D62-E62-H62 -> 15.858625 | R62: 0 | S62: 0 | T62: нд
A63: 1.2.1.1 | B63: Реконструкция трансформаторной подстанции ТП-181 с увеличением трансформаторной мощности с 2х400 на 2х630 кВА, Богородский г.о., г.Электроугли, ул.Полевая | C63: O_30_ТП-181 | D63: 15.858625 | E63: 0 | F63: =D63 -> 15.858625 | G63: =I63+K63+M63+O63 -> 0 | H63: =J63+L63+N63+P63 -> 0 | I63: 0 | J63: 0 | K63: 0 | L63: 0 | M63: 0 | N63: 0 | O63: 0 | P63: 0 | Q63: =D63-E63-H63 -> 15.858625 | R63: 0 | S63: 0 | T63: нд
A64: 1.2.1.1 | B64: Реконструкция трансформаторной подстанции ТП-187 с увеличением трансформаторной мощности с 2х250 на 2х630 кВА, Богородский г.о., г.Электроугли, ул.Парковая | C64: O_31_ТП-187 | D64: 15.804799 | E64: 0 | F64: =D64 -> 15.804799 | G64: =I64+K64+M64+O64 -> 0 | H64: =J64+L64+N64+P64 -> 0 | I64: 0 | J64: 0 | K64: 0 | L64: 0 | M64: 0 | N64: 0 | O64: 0 | P64: 0 | Q64: =D64-E64-H64 -> 15.804799 | R64: 0 | S64: 0 | T64: нд
A65: 1.2.1.1 | B65: Реконструкция трансформаторной подстанции ТП-87 с увеличением трансформаторной мощности с 2х250 на 2х630 кВА, Богородский г.о., г.Ногинск, ул.Ново-Владимирская | C65: O_32_ТП-87 | D65: 15.804799 | E65: 0 | F65: =D65 -> 15.804799 | G65: =I65+K65+M65+O65 -> 0 | H65: =J65+L65+N65+P65 -> 0 | I65: 0 | J65: 0 | K65: 0 | L65: 0 | M65: 0 | N65: 0 | O65: 0 | P65: 0 | Q65: =D65-E65-H65 -> 15.804799 | R65: 0 | S65: 0 | T65: нд
A66: 1.2.1.1 | B66: Реконструкция трансформаторной подстанции ТП-518 с увеличением трансформаторной мощности с 2х400 на 2х630 кВА, Богородский г.о., г.Ногинск, Электростальское ш. | C66: O_33_ТП-518 | D66: 15.858625 | E66: 0 | F66: =D66 -> 15.858625 | G66: =I66+K66+M66+O66 -> 0 | H66: =J66+L66+N66+P66 -> 0 | I66: 0 | J66: 0 | K66: 0 | L66: 0 | M66: 0 | N66: 0 | O66: 0 | P66: 0 | Q66: =D66-E66-H66 -> 15.858625 | R66: 0 | S66: 0 | T66: нд
A67: 1.2.1.1 | B67: Реконструкция трансформаторной подстанции ТП-15 с увеличением трансформаторной мощности с 2х180 на 2х630 кВА, Богородский г.о., г.Ногинск, ул.Трудовая | C67: O_34_ТП-15 | D67: 15.804799 | E67: 0 | F67: =D67 -> 15.804799 | G67: =I67+K67+M67+O67 -> 0 | H67: =J67+L67+N67+P67 -> 0 | I67: 0 | J67: 0 | K67: 0 | L67: 0 | M67: 0 | N67: 0 | O67: 0 | P67: 0 | Q67: =D67-E67-H67 -> 15.804799 | R67: 0 | S67: 0 | T67: нд
A68: 1.2.1.1 | B68: Реконструкция трансформаторной подстанции ТП-528 с увеличением трансформаторной мощности с 250 на 630 кВА, Богородский г.о., г.Ногинск, ул.Затишье | C68: O_35_КТП-528 | D68: 2.9461161 | E68: 2.9461161 | F68: 0 | G68: =I68+K68+M68+O68 -> 0 | H68: =J68+L68+N68+P68 -> 0 | I68: 0 | J68: 0 | K68: 0 | L68: 0 | M68: 0 | N68: 0 | O68: 0 | P68: 0 | Q68: =D68-E68-H68 -> 0 | R68: 0 | S68: 0 | T68: нд
A69: 1.2.1.1 | B69: Реконструкция трансформаторной подстанции ТП-803 с увеличением трансформаторной мощности с 250 на 630 кВА, г.о.Электросталь, пос.Новые Дома | C69: O_36_КТП-803 | D69: 2.9461161 | E69: 2.9461161 | F69: 0 | G69: =I69+K69+M69+O69 -> 0 | H69: =J69+L69+N69+P69 -> 0 | I69: 0 | J69: 0 | K69: 0 | L69: 0 | M69: 0 | N69: 0 | O69: 0 | P69: 0 | Q69: =D69-E69-H69 -> 0 | R69: 0 | S69: 0 | T69: нд
A70: 1.2.1.1 | B70: Реконструкция трансформаторной подстанции ТП-804 с увеличением трансформаторной мощности с 400 на 630 кВА, г.о.Электросталь, пос.Новые Дома | C70: O_37_КТП-804 | D70: 2.9693696 | E70: 2.9693696 | F70: 0 | G70: =I70+K70+M70+O70 -> 0 | H70: =J70+L70+N70+P70 -> 0 | I70: 0 | J70: 0 | K70: 0 | L70: 0 | M70: 0 | N70: 0 | O70: 0 | P70: 0 | Q70: =D70-E70-H70 -> 0 | R70: 0 | S70: 0 | T70: нд
A71: 1.2.1.1 | B71: Реконструкция трансформаторной подстанции ТП-142 с увеличением трансформаторной мощности с 180 на 630 кВА, Богородский г.о., г.Электроугли, ул.Вокзальная | C71: O_38_КТП-142 | D71: 2.9461161 | E71: 2.9461161 | F71: 0 | G71: =I71+K71+M71+O71 -> 0 | H71: =J71+L71+N71+P71 -> 0 | I71: 0 | J71: 0 | K71: 0 | L71: 0 | M71: 0 | N71: 0 | O71: 0 | P71: 0 | Q71: =D71-E71-H71 -> 0 | R71: 0 | S71: 0 | T71: нд
A72: 1.2.1.1 | B72: Реконструкция трансформаторной подстанции ТП-540 с увеличением трансформаторной мощности с 400 на 630 кВА, Богородский г.о., д.Пешково, ул.Гречишкина | C72: O_39_КТП-540 | D72: 5.4966256 | E72: 0 | F72: =D72 -> 5.4966256 | G72: =I72+K72+M72+O72 -> 5.4966256 | H72: =J72+L72+N72+P72 -> 0 | I72: 0 | J72: 0 | K72: 0 | L72: 0 | M72: 0 | N72: 0 | O72: =D72 -> 5.4966256 | P72: 0 | Q72: =D72-E72-H72 -> 5.4966256 | R72: 0 | S72: 0 | T72: нд
A73: 1.2.1.1 | B73: Реконструкция трансформаторной подстанции ТП-88 с увеличением трансформаторной мощности с 320 на 630 кВА, Богородский г.о., г.Электроугли, ул.Малое Васильево | C73: O_40_КТП-88 | D73: 0 | E73: 0 | F73: =D73 -> 0 | G73: =I73+K73+M73+O73 -> 0 | H73: =J73+L73+N73+P73 -> 0 | I73: 0 | J73: 0 | K73: 0 | L73: 0 | M73: 0 | N73: 0 | O73: 0 | P73: 0 | Q73: =D73-E73-H73 -> 0 | R73: 0 | S73: 0 | T73: нд
A74: 1.2.1.1 | B74: Реконструкция трансформаторной подстанции ТП-116 с увеличением трансформаторной мощности с 180 на 630 кВА, Богородский г.о., г.Электроугли, ул.Большое Васильево | C74: O_41_КТП-116 | D74: 5.4697129 | E74: 0 | F74: =D74 -> 5.4697129 | G74: =I74+K74+M74+O74 -> 0 | H74: =J74+L74+N74+P74 -> 0 | I74: 0 | J74: 0 | K74: 0 | L74: 0 | M74: 0 | N74: 0 | O74: 0 | P74: 0 | Q74: =D74-E74-H74 -> 5.4697129 | R74: 0 | S74: 0 | T74: нд
A75: 1.2.1.1 | B75: Реконструкция трансформаторной подстанции ТП-559 с увеличением трансформаторной мощности с 400 на 630 кВА, Богородский г.о., г.Электроугли, ул.Дубнинская | C75: O_42_КТП-559 | D75: 0 | E75: 0 | F75: =D75 -> 0 | G75: =I75+K75+M75+O75 -> 0 | H75: =J75+L75+N75+P75 -> 0 | I75: 0 | J75: 0 | K75: 0 | L75: 0 | M75: 0 | N75: 0 | O75: 0 | P75: 0 | Q75: =D75-E75-H75 -> 0 | R75: 0 | S75: 0 | T75: нд
A76: 1.2.1.1 | B76: Реконструкция трансформаторной подстанции ТП-148 с увеличением трансформаторной мощности с 400 на 630 кВА, Богородский г.о., д.Вишняково | C76: O_43_КТП-148 | D76: 5.4966256 | E76: 0 | F76: =D76 -> 5.4966256 | G76: =I76+K76+M76+O76 -> 5.4966256 | H76: =J76+L76+N76+P76 -> 0 | I76: 0 | J76: 0 | K76: 0 | L76: 0 | M76: 0 | N76: 0 | O76: =D76 -> 5.4966256 | P76: 0 | Q76: =D76-E76-H76 -> 5.4966256 | R76: 0 | S76: 0 | T76: нд
A77: 1.2.1.1 | B77: Реконструкция трансформаторной подстанции ТП-462 с увеличением трансформаторной мощности с 250 на 630 кВА, Богородский г.о., д.Булгаково | C77: O_44_КТП-462 | D77: 2.9461161 | E77: 2.9461161 | F77: 0 | G77: =I77+K77+M77+O77 -> 0 | H77: =J77+L77+N77+P77 -> 0 | I77: 0 | J77: 0 | K77: 0 | L77: 0 | M77: 0 | N77: 0 | O77: 0 | P77: 0 | Q77: =D77-E77-H77 -> 0 | R77: 0 | S77: 0 | T77: нд
A78: 1.2.1.1 | B78: Реконструкция трансформаторной подстанции ТП-412 с увеличением трансформаторной мощности с 160 на 630 кВА, Богородский г.о., пос.им.Воровского | C78: O_45_КТП-412 | D78: 0 | E78: 0 | F78: =D78 -> 0 | G78: =I78+K78+M78+O78 -> 0 | H78: =J78+L78+N78+P78 -> 0 | I78: 0 | J78: 0 | K78: 0 | L78: 0 | M78: 0 | N78: 0 | O78: 0 | P78: 0 | Q78: =D78-E78-H78 -> 0 | R78: 0 | S78: 0 | T78: нд
A79: 1.2.1.1 | B79: Реконструкция трансформаторной подстанции ТП-973 с увеличением трансформаторной мощности с 160 на 630 кВА, Богородский г.о., д.Шульгино | C79: O_46_КТП-973 | D79: 0 | E79: 0 | F79: =D79 -> 0 | G79: =I79+K79+M79+O79 -> 0 | H79: =J79+L79+N79+P79 -> 0 | I79: 0 | J79: 0 | K79: 0 | L79: 0 | M79: 0 | N79: 0 | O79: 0 | P79: 0 | Q79: =D79-E79-H79 -> 0 | R79: 0 | S79: 0 | T79: нд
A80: 1.2.1.1 | B80: Реконструкция трансформаторной подстанции ТП-654 с увеличением трансформаторной мощности с 180 на 630 кВА, Богородский г.о., г.Ногинск | C80: O_47_КТП-654 | D80: 5.4697129 | E80: 0 | F80: =D80 -> 5.4697129 | G80: =I80+K80+M80+O80 -> 0 | H80: =J80+L80+N80+P80 -> 0 | I80: 0 | J80: 0 | K80: 0 | L80: 0 | M80: 0 | N80: 0 | O80: 0 | P80: 0 | Q80: =D80-E80-H80 -> 5.4697129 | R80: 0 | S80: 0 | T80: нд
A81: 1.2.1.1 | B81: Реконструкция трансформаторной подстанции ТП-720 с увеличением трансформаторной мощности с 400 на 630 кВА, Богородский г.о., г.Ногинск | C81: O_48_КТП-720 | D81: 5.4966256 | E81: 0 | F81: =D81 -> 5.4966256 | G81: =I81+K81+M81+O81 -> 0 | H81: =J81+L81+N81+P81 -> 0 | I81: 0 | J81: 0 | K81: 0 | L81: 0 | M81: 0 | N81: 0 | O81: 0 | P81: 0 | Q81: =D81-E81-H81 -> 5.4966256 | R81: 0 | S81: 0 | T81: нд
A82: 1.2.1.1 | B82: Реконструкция трансформаторной подстанции ТП-743 с увеличением трансформаторной мощности с 160 на 630 кВА, Богородский г.о., г.Ногинск | C82: O_49_КТП-743 | D82: 5.4697129 | E82: 0 | F82: =D82 -> 5.4697129 | G82: =I82+K82+M82+O82 -> 0 | H82: =J82+L82+N82+P82 -> 0 | I82: 0 | J82: 0 | K82: 0 | L82: 0 | M82: 0 | N82: 0 | O82: 0 | P82: 0 | Q82: =D82-E82-H82 -> 5.4697129 | R82: 0 | S82: 0 | T82: нд
A83: 1.2.1.1 | B83: Реконструкция КРУН-Прогресс с заменой (3 шт.) и увеличением кол-ва ячеек на 1 шт. (до 4 шт.), Богородский г.о., г.Старая Купавна, ул.Советская | C83: O_50_КРУНПрогресс | D83: 12.115793 | E83: 12.115793 | F83: 0 | G83: =I83+K83+M83+O83 -> 0 | H83: =J83+L83+N83+P83 -> 0 | I83: 0 | J83: 0 | K83: 0 | L83: 0 | M83: 0 | N83: 0 | O83: 0 | P83: 0 | Q83: =D83-E83-H83 -> 0 | R83: 0 | S83: 0 | T83: нд
A84: 1.2.1.1 | B84: Реконструкция КРУН-378 с заменой (1 шт.) и увеличением кол-ва ячеек на 1 шт. (до 2 шт.), Богородский г.о., пос.им.Воровского СНТ "Первомаец" | C84: O_51_КРУН378 | D84: 7.873382 | E84: 0 | F84: =D84 -> 7.873382 | G84: =I84+K84+M84+O84 -> 7.873382 | H84: =J84+L84+N84+P84 -> 0 | I84: 0 | J84: 0 | K84: 0 | L84: 0 | M84: =D84 -> 7.873382 | N84: 0 | O84: 0 | P84: 0 | Q84: =D84-E84-H84 -> 7.873382 | R84: 0 | S84: 0 | T84: нд
A85: 1.2.1.1 | B85: Реконструкция КРУН-341 с заменой (1 шт.) и увеличением кол-ва ячеек на 1шт. (до 2 шт.), Богородский г.о., пос.им.Воровского, ул.Нижняя | C85: O_52_КРУН341 | D85: 7.873382 | E85: 0 | F85: =D85 -> 7.873382 | G85: =I85+K85+M85+O85 -> 7.873382 | H85: =J85+L85+N85+P85 -> 0 | I85: 0 | J85: 0 | K85: 0 | L85: 0 | M85: =D85 -> 7.873382 | N85: 0 | O85: 0 | P85: 0 | Q85: =D85-E85-H85 -> 7.873382 | R85: 0 | S85: 0 | T85: нд
A86: 1.2.1.2 | B86: Модернизация, техническое перевооружение трансформаторных и иных подстанций, распределительных пунктов, всего, в том числе: | C86: Г | D86: 0 | E86: 0 | F86: 0 | G86: 0 | H86: 0 | I86: 0 | J86: 0 | K86: 0 | L86: 0 | M86: 0 | N86: 0 | O86: 0 | P86: 0 | Q86: 0 | R86: 0 | S86: 0 | T86: нд
A87: 1.2.2. | B87: Реконструкция, модернизация, техническое перевооружение линий электропередачи, всего, в том числе: | C87: Г | D87: =D88+D118 -> 392.04769 | E87: =E88+E118 -> 53.470607 | F87: =F88+F118 -> 338.57709 | G87: =G88+G118 -> 66.795422 | H87: =H88+H118 -> 0 | I87: =I88+I118 -> 0 | J87: =J88+J118 -> 0 | K87: =K88+K118 -> 0 | ... S87: =S88+S118 -> 0 | T87: нд
A88: 1.2.2.1 | B88: Реконструкция линий электропередачи, всего, в том числе: | C88: Г | D88: =SUM(D89:D117) -> 392.04769 | E88: =SUM(E89:E117) -> 53.470607 | F88: =SUM(F89:F117) -> 338.57709 | G88: =SUM(G89:G117) -> 66.795422 | H88: =SUM(H89:H117) -> 0 | I88: =SUM(I89:I117) -> 0 | J88: =SUM(J89:J117) -> 0 | K88: =SUM(K89:K117) -> 0 | ... S88: =SUM(S89:S117) -> 0 | T88: нд
A89: 1.2.2.1 | B89: Реконструкция кабельной линии КЛ 6кВ ТП-925 - ТП-966, Богородский г.о., г.Старая Купавна (2 км) | C89: O_53_КЛ-6 ТП925-ТП966 | D89: 16.294839 | E89: 0 | F89: =D89 -> 16.294839 | G89: =I89+K89+M89+O89 -> 16.294839 | H89: =J89+L89+N89+P89 -> 0 | I89: 0 | J89: 0 | K89: 0 | L89: 0 | M89: =D89 -> 16.294839 | N89: 0 | O89: 0 | P89: 0 | Q89: =D89-E89-H89 -> 16.294839 | R89: 0 | S89: 0 | T89: нд
A90: 1.2.2.1 | B90: Реконструкция кабельной линии КЛ 6кВ ТП-927 - ТП-966, Богородский г.о., г.Старая Купавна (1,7 км) | C90: O_54_КЛ-6 ТП927-ТП966 | D90: 13.821241 | E90: 0 | F90: =D90 -> 13.821241 | G90: =I90+K90+M90+O90 -> 13.821241 | H90: =J90+L90+N90+P90 -> 0 | I90: 0 | J90: 0 | K90: 0 | L90: 0 | M90: =D90 -> 13.821241 | N90: 0 | O90: 0 | P90: 0 | Q90: =D90-E90-H90 -> 13.821241 | R90: 0 | S90: 0 | T90: нд
A91: 1.2.2.1 | B91: Реконструкция кабельной линии КЛ 6кВ ЦРП-А - ТП-917, Богородский г.о., г.Старая Купавна (1,2 км) | C91: O_55_КЛ-6 ЦРП-А-ТП917 | D91: 12.961726 | E91: 0 | F91: =D91 -> 12.961726 | G91: =I91+K91+M91+O91 -> 12.961726 | H91: =J91+L91+N91+P91 -> 0 | I91: 0 | J91: 0 | K91: 0 | L91: 0 | M91: =D91 -> 12.961726 | N91: 0 | O91: 0 | P91: 0 | Q91: =D91-E91-H91 -> 12.961726 | R91: 0 | S91: 0 | T91: нд
A92: 1.2.2.1 | B92: Реконструкция кабельной линии КЛ 6кВ ТП-803 - ТП-804, г.о.Электросталь, пос.Новые Дома (0,4 км) | C92: O_56_КЛ-6 ТП803-ТП804 | D92: 3.4379405 | E92: 3.4379405 | F92: 0 | G92: =I92+K92+M92+O92 -> 0 | H92: =J92+L92+N92+P92 -> 0 | I92: 0 | J92: 0 | K92: 0 | L92: 0 | M92: 0 | N92: 0 | O92: 0 | P92: 0 | Q92: =D92-E92-H92 -> 0 | R92: 0 | S92: 0 | T92: нд
A93: 1.2.2.1 | B93: Реконструкция кабельной линии КЛ 6кВ ТП-910 - ТП-917, Богородский г.о.,г.Старая Купавна (0,9 км) | C93: O_57_КЛ-6 ТП910-ТП917 | D93: 9.9848633 | E93: 0 | F93: =D93 -> 9.9848633 | G93: =I93+K93+M93+O93 -> 0 | H93: =J93+L93+N93+P93 -> 0 | I93: 0 | J93: 0 | K93: 0 | L93: 0 | M93: 0 | N93: 0 | O93: 0 | P93: 0 | Q93: =D93-E93-H93 -> 9.9848633 | R93: 0 | S93: 0 | T93: нд
A94: 1.2.2.1 | B94: Реконструкция кабельной линии КЛ 6кВ ТП-966 - ТП-967, Богородский г.о.,г.Старая Купавна (0,35 км) | C94: O_58_КЛ-6 ТП966-ТП967 | D94: 4.8212967 | E94: 0 | F94: =D94 -> 4.8212967 | G94: =I94+K94+M94+O94 -> 0 | H94: =J94+L94+N94+P94 -> 0 | I94: 0 | J94: 0 | K94: 0 | L94: 0 | M94: 0 | N94: 0 | O94: 0 | P94: 0 | Q94: =D94-E94-H94 -> 4.8212967 | R94: 0 | S94: 0 | T94: нд
A95: 1.2.2.1 | B95: Реконструкция кабельной линии КЛ 6кВ ТП-540 - ТП-646, Богородский г.о., г.Ногинск, д.Пешково (1,35 км) | C95: O_59_КЛ-6 ТП540-ТП646 | D95: 8.8227219 | E95: 0 | F95: =D95 -> 8.8227219 | G95: =I95+K95+M95+O95 -> 8.8227219 | H95: =J95+L95+N95+P95 -> 0 | I95: 0 | J95: 0 | K95: 0 | L95: 0 | M95: =D95 -> 8.8227219 | N95: 0 | O95: 0 | P95: 0 | Q95: =D95-E95-H95 -> 8.8227219 | R95: 0 | S95: 0 | T95: нд
A96: 1.2.2.1 | B96: Реконструкция кабельной линии КЛ 6кВ ТП-518 - ТП-654, Богородский г.о., г.Ногинск (0,79 км) | C96: O_60_КЛ-6 ТП518-ТП654 | D96: 7.5991938 | E96: 0 | F96: =D96 -> 7.5991938 | G96: =I96+K96+M96+O96 -> 0 | H96: =J96+L96+N96+P96 -> 0 | I96: 0 | J96: 0 | K96: 0 | L96: 0 | M96: 0 | N96: 0 | O96: 0 | P96: 0 | Q96: =D96-E96-H96 -> 7.5991938 | R96: 0 | S96: 0 | T96: нд
A97: 1.2.2.1 | B97: Реконструкция кабельной линии КЛ 6кВ ТП-720 - ТП-743, Богородский г.о., г.Ногинск (0,85 км) | C97: O_61_КЛ-6 ТП720-ТП743 | D97: 8.0530988 | E97: 0 | F97: =D97 -> 8.0530988 | G97: =I97+K97+M97+O97 -> 0 | H97: =J97+L97+N97+P97 -> 0 | I97: 0 | J97: 0 | K97: 0 | L97: 0 | M97: 0 | N97: 0 | O97: 0 | P97: 0 | Q97: =D97-E97-H97 -> 8.0530988 | R97: 0 | S97: 0 | T97: нд
A98: 1.2.2.1 | B98: Реконструкция кабельной линии КЛ 6кВ ТП-928 - ТП-929, Богородский г.о., г.Старая Купавна (1,31 км) | C98: O_62_КЛ-6 ТП928-ТП929 | D98: 0 | E98: 0 | F98: =D98 -> 0 | G98: =I98+K98+M98+O98 -> 0 | H98: =J98+L98+N98+P98 -> 0 | I98: 0 | J98: 0 | K98: 0 | L98: 0 | M98: 0 | N98: 0 | O98: 0 | P98: 0 | Q98: =D98-E98-H98 -> 0 | R98: 0 | S98: 0 | T98: нд
A99: 1.2.2.1 | B99: Реконструкция кабельной линии КЛ 6кВ ТП-46 - ТП-514, Богородский г.о., г.Ногинск (0,69 км) | C99: O_63_КЛ-6 ТП46-ТП514 | D99: 5.7376664 | E99: 0 | F99: =D99 -> 5.7376664 | G99: =I99+K99+M99+O99 -> 0 | H99: =J99+L99+N99+P99 -> 0 | I99: 0 | J99: 0 | K99: 0 | L99: 0 | M99: 0 | N99: 0 | O99: 0 | P99: 0 | Q99: =D99-E99-H99 -> 5.7376664 | R99: 0 | S99: 0 | T99: нд
A100: 1.2.2.1 | B100: Реконструкция кабельной линии КЛ 6кВ РП-561 - ТП-889, Богородский г.о., г.Ногинск (п.Красный Электрик - п.Бензоколонка) (5,2 км) | C100: O_64_КЛ-6 РП561-ТП889 | D100: 41.725443 | E100: 0 | F100: =D100 -> 41.725443 | G100: =I100+K100+M100+O100 -> 0 | H100: =J100+L100+N100+P100 -> 0 | I100: 0 | J100: 0 | K100: 0 | L100: 0 | M100: 0 | N100: 0 | O100: 0 | P100: 0 | Q100: =D100-E100-H100 -> 41.725443 | R100: 0 | S100: 0 | T100: нд
A101: 1.2.2.1 | B101: Реконструкция кабельной линии КЛ 6кВ КРУН-21 - РП-267 с установкой КРУН (РП), Богородский г.о., п.Обухово (5,5 км) | C101: O_65_КЛ-6 КРУН21-РП267 | D101: 47.109044 | E101: 0 | F101: =D101 -> 47.109044 | G101: =I101+K101+M101+O101 -> 0 | H101: =J101+L101+N101+P101 -> 0 | I101: 0 | J101: 0 | K101: 0 | L101: 0 | M101: 0 | N101: 0 | O101: 0 | P101: 0 | Q101: =D101-E101-H101 -> 47.109044 | R101: 0 | S101: 0 | T101: нд
A102: 1.2.2.1 | B102: Реконструкция кабельной линии КЛ 6кВ ТП-183 - ТП-737 с установкой КРУН в направлении к ТП-731, Богородский г.о., г.Ногинск (1,6 км) | C102: O_66_КЛ-6 ТП183-ТП737 | D102: 19.712321 | E102: 19.712321 | F102: 0 | G102: =I102+K102+M102+O102 -> 0 | H102: =J102+L102+N102+P102 -> 0 | I102: 0 | J102: 0 | K102: 0 | L102: 0 | M102: 0 | N102: 0 | O102: 0 | P102: 0 | Q102: =D102-E102-H102 -> 0 | R102: 0 | S102: 0 | T102: нд
A103: 1.2.2.1 | B103: Реконструкция кабельной линии КЛ 6кВ РП-286 - опора ВЛ в направлении КРУН-263 с установкой КРУН, Богородский г.о., г.Электроугли (1,01 км) | C103: O_67_КЛ-6 РП286-КРУН263-опора | D103: 20.703559 | E103: 0 | F103: =D103 -> 20.703559 | G103: =I103+K103+M103+O103 -> 0 | H103: =J103+L103+N103+P103 -> 0 | I103: 0 | J103: 0 | K103: 0 | L103: 0 | M103: 0 | N103: 0 | O103: 0 | P103: 0 | Q103: =D103-E103-H103 -> 20.703559 | R103: 0 | S103: 0 | T103: нд
A104: 1.2.2.1 | B104: Реконструкция кабельной линии КЛ 10кВ ТП-314 - ТП-1410, Богородский г.о., пос.им.Воровского (1,9 км) | C104: O_68_КЛ-10 ТП314-ТП1410 | D104: 13.335828 | E104: 0 | F104: =D104 -> 13.335828 | G104: =I104+K104+M104+O104 -> 0 | H104: =J104+L104+N104+P104 -> 0 | I104: 0 | J104: 0 | K104: 0 | L104: 0 | M104: 0 | N104: 0 | O104: 0 | P104: 0 | Q104: =D104-E104-H104 -> 13.335828 | R104: 0 | S104: 0 | T104: нд
...

Sheet 11
X1: Приложение № 11
V2: к приказу Минэнерго России от 25 апреля 2018 г. № 320
A3: Форма 11. Отчет об исполнении плана финансирования капитальных вложений по источникам финансирования инвестиционных проектов инвестиционной программы (квартальный)
I4: ='10'!G4 -> 2 квартал | L4: ='10'!J4 -> 2026 | N4: года
H6: Отчет о реализации инвестиционной программы | I6: АО "Богородская Электросеть"
I7: полное наименование субъекта электроэнергетики
K9: Год раскрытия информации: | L9: ='10'!J9 -> 2026 | N9: год
J11: Утвержденные плановые значения показателей приведены в соответствии с | K11: ='10'!H11 -> приказ министра энергетики МО №146 от 25.12.2025
K12: реквизиты решения органа исполнительной власти, утвердившего инвестиционную программу
A14: Номер группы инвести-ционных проектов | B14: Наименование инвестиционного проекта (группы инвестиционных проектов) | C14: Идентификатор инвестиционного проекта | D14: Финансирование капитальных вложений, млн. рублей (с НДС) | N14: Отклонение от плана финансирования по итогам отчетного периода | X14: Причины отклонений
D15: Всего за 2026 год
D16: План | I16: Факт | N16: Общий объем финансирования, в том числе за счет: | P16: федерального бюджета | R16: бюджетов субъектов Российской Федерации и муниципальных образований | T16: средств, полученных от оказания услуг, реализации товаров по регулируемым государством ценам (тарифам) | V16: иных источников финансирования
D17: Общий объем финансирования, в том числе за счет: | E17: федерального бюджета | F17: бюджетов субъектов Российской Федерации и муниципальных образований | G17: средств, полученных от оказания услуг, реализации товаров по регулируемым государством ценам (тарифам) | H17: иных источников финансирования | I17: Общий фактический объем финансирования, в том числе за счет: | J17: федерального бюджета | K17: бюджетов субъектов Российской Федерации и муниципальных образований | L17: средств, полученных от оказания услуг, реализации товаров по регулируемым государством ценам (тарифам) | M17: иных источников финансирования
N18: млн. рублей (с НДС) | O18: % | P18: млн. рублей (с НДС) | Q18: % | R18: млн. рублей (с НДС) | S18: % | T18: млн. рублей (с НДС) | U18: % | V18: млн. рублей (с НДС) | W18: %
A19: 1 | B19: 2 | C19: 3 | D19: 4 | E19: 5 | F19: 6 | G19: 7 | H19: 8 | I19: 9 | J19: 10 | K19: 11 | L19: 12 | M19: 13 | N19: 14 | O19: 15 | P19: 16 | Q19: 17 | R19: 18 | S19: 19 | T19: 20 | U19: 21 | V19: 22 | W19: 23 | X19: 24
A20: 0 | B20: ИТОГО по инвестиционной программе | C20: Г | D20: =SUM(D21:D26) -> 174.22016 | E20: =SUM(E21:E26) -> 0 | F20: =SUM(F21:F26) -> 0 | G20: =SUM(G21:G26) -> 174.22016 | H20: =SUM(H21:H26) -> 0 | I20: =SUM(I21:I26) -> 47.978656 | J20: =SUM(J21:J26) -> 0 | K20: =SUM(K21:K26) -> 0 | ... P20: =SUM(P21:P26) -> 0 | Q20: =Q21+Q25+Q28+Q37 -> 0 | R20: =SUM(R21:R26) -> 0 | S20: =S21+S25+S28+S37 -> 0 | T20: =SUM(T21:T26) -> 0.78653534 | U20: =SUM(U21:U26) -> 0.016666667 | V20: =SUM(V21:V26) -> 0 | W20: =W21+W25+W28+W37 -> 0 | X20: нд
A21: 0.1 | B21: Технологическое присоединение, всего | C21: Г | D21: =D28 -> 0 | E21: =E28 -> 0 | F21: =F28 -> 0 | G21: =G28 -> 0 | H21: =H28 -> 0 | I21: =I28 -> 0 | J21: =J28 -> 0 | K21: =K28 -> 0 | ... P21: =P28 -> 0 | Q21: =Q22+Q26+Q29+Q38 -> 0 | R21: =R28 -> 0 | S21: =S22+S26+S29+S38 -> 0 | T21: =T28 -> 0 | U21: =U28 -> 0 | V21: =V28 -> 0 | W21: =W22+W26+W29+W38 -> 0 | X21: нд
A22: 0.2 | B22: Реконструкция, модернизация, техническое перевооружение, всего | C22: Г | D22: =D48 -> 174.22016 | E22: =E48 -> 0 | F22: =F48 -> 0 | G22: =G48 -> 174.22016 | H22: =H48 -> 0 | I22: =I48 -> 47.978656 | J22: =J48 -> 0 | K22: =K48 -> 0 | ... P22: =P48 -> 0 | Q22: =Q23+Q27+Q30+Q39 -> 0 | R22: =R48 -> 0 | S22: =S23+S27+S30+S39 -> 0 | T22: =T48 -> 0.78653534 | U22: =U48 -> 0.016666667 | V22: =V48 -> 0 | W22: =W23+W27+W30+W39 -> 0 | X22: нд
A23: 0.3 | B23: Инвестиционные проекты, реализация которых обуславливается схемами и программами перспективного развития электроэнергетики, всего | C23: Г | D23: =D133 -> 0 | E23: =E133 -> 0 | F23: =F133 -> 0 | G23: =G133 -> 0 | H23: =H133 -> 0 | I23: =I133 -> 0 | J23: =J133 -> 0 | K23: =K133 -> 0 | ... P23: =P133 -> 0 | Q23: =Q24+Q28+Q31+Q40 -> 0 | R23: =R133 -> 0 | S23: =S24+S28+S31+S40 -> 0 | T23: =T133 -> 0 | U23: =U133 -> 0 | V23: =V133 -> 0 | W23: =W24+W28+W31+W40 -> 0 | X23: нд
A24: 0.4 | B24: Прочее новое строительство объектов электросетевого хозяйства, всего | C24: Г | D24: =D136 -> 0 | E24: =E136 -> 0 | F24: =F136 -> 0 | G24: =G136 -> 0 | H24: =H136 -> 0 | I24: =I136 -> 0 | J24: =J136 -> 0 | K24: =K136 -> 0 | ... P24: =P136 -> 0 | Q24: =Q25+Q29+Q32+Q41 -> 0 | R24: =R136 -> 0 | S24: =S25+S29+S32+S41 -> 0 | T24: =T136 -> 0 | U24: =U136 -> 0 | V24: =V136 -> 0 | W24: =W25+W29+W32+W41 -> 0 | X24: нд
A25: 0.5 | B25: Покупка земельных участков для целей реализации инвестиционных проектов, всего | C25: Г | D25: =D137 -> 0 | E25: =E137 -> 0 | F25: =F137 -> 0 | G25: =G137 -> 0 | H25: =H137 -> 0 | I25: =I137 -> 0 | J25: =J137 -> 0 | K25: =K137 -> 0 | ... P25: =P137 -> 0 | Q25: =Q26+Q30+Q33+Q42 -> 0 | R25: =R137 -> 0 | S25: =S26+S30+S33+S42 -> 0 | T25: =T137 -> 0 | U25: =U137 -> 0 | V25: =V137 -> 0 | W25: =W26+W30+W33+W42 -> 0 | X25: нд
A26: 0.6 | B26: Прочие инвестиционные проекты, всего | C26: Г | D26: =D138 -> 0 | E26: =E138 -> 0 | F26: =F138 -> 0 | G26: =G138 -> 0 | H26: =H138 -> 0 | I26: =I138 -> 0 | J26: =J138 -> 0 | K26: =K138 -> 0 | ... P26: =P138 -> 0 | Q26: =Q27+Q31+Q34+Q43 -> 0 | R26: =R138 -> 0 | S26: =S27+S31+S34+S43 -> 0 | T26: =T138 -> 0 | U26: =U138 -> 0 | V26: =V138 -> 0 | W26: =W27+W31+W34+W43 -> 0 | X26: нд
A27: 1 | B27: Московская обл., Богородский г.о., г.о.Электросталь | C27: Г | D27: =D28+D48+D133+D136+D137+D138 -> 174.22016 | E27: =E28+E48+E133+E136+E137+E138 -> 0 | F27: =F28+F48+F133+F136+F137+F138 -> 0 | G27: =G28+G48+G133+G136+G137+G138 -> 174.22016 | H27: =H28+H48+H133+H136+H137+H138 -> 0 | I27: =I28+I48+I133+I136+I137+I138 -> 47.978656 | J27: =J28+J48+J133+J136+J137+J138 -> 0 | K27: =K28+K48+K133+K136+K137+K138 -> 0 | ... P27: =P28+P48+P133+P136+P137+P138 -> 0 | Q27: =Q28+Q32+Q35+Q44 -> 0 | R27: =R28+R48+R133+R136+R137+R138 -> 0 | S27: =S28+S32+S35+S44 -> 0 | T27: =T28+T48+T133+T136+T137+T138 -> 0.78653534 | U27: =U28+U48+U133+U136+U137+U138 -> 0.016666667 | V27: =V28+V48+V133+V136+V137+V138 -> 0 | W27: =W28+W32+W35+W44 -> 0 | X27: нд
A28: 1.1. | B28: Технологическое присоединение, всего, в том числе: | C28: Г | D28: =D29+D33+D36+D45 -> 0 | E28: =E29+E33+E36+E45 -> 0 | F28: =F29+F33+F36+F45 -> 0 | G28: =G29+G33+G36+G45 -> 0 | H28: =H29+H33+H36+H45 -> 0 | I28: =I29+I33+I36+I45 -> 0 | J28: =J29+J33+J36+J45 -> 0 | K28: =K29+K33+K36+K45 -> 0 | ... W28: =W29+W33+W36+W45 -> 0 | X28: нд
A29: 1.1.1. | B29: Технологическое присоединение энергопринимающих устройств потребителей, всего, в том числе: | C29: Г | D29: =SUM(D30:D32) -> 0 | E29: =SUM(E30:E32) -> 0 | F29: =SUM(F30:F32) -> 0 | G29: =SUM(G30:G32) -> 0 | H29: =SUM(H30:H32) -> 0 | I29: =SUM(I30:I32) -> 0 | J29: =SUM(J30:J32) -> 0 | K29: =SUM(K30:K32) -> 0 | ... W29: =SUM(W30:W32) -> 0 | X29: нд
A30: 1.1.1.1 | B30: Технологическое присоединение энергопринимающих устройств потребителей максимальной мощностью до 15 кВт включительно, всего | C30: Г | D30: 0 | E30: 0 | F30: 0 | G30: 0 | H30: 0 | I30: 0 | J30: 0 | K30: 0 | L30: 0 | M30: 0 | N30: 0 | O30: 0 | P30: 0 | Q30: 0 | R30: 0 | S30: 0 | T30: 0 | U30: 0 | V30: 0 | W30: 0 | X30: нд
A31: 1.1.1.2 | B31: Технологическое присоединение энергопринимающих устройств потребителей максимальной мощностью до 150 кВт включительно, всего | C31: Г | D31: 0 | E31: 0 | F31: 0 | G31: 0 | H31: 0 | I31: 0 | J31: 0 | K31: 0 | L31: 0 | M31: 0 | N31: 0 | O31: 0 | P31: 0 | Q31: 0 | R31: 0 | S31: 0 | T31: 0 | U31: 0 | V31: 0 | W31: 0 | X31: нд
A32: 1.1.1.3 | B32: Технологическое присоединение энергопринимающих устройств потребителей свыше 150 кВт, всего, в том числе: | C32: Г | D32: =SUM(D33:D34) -> 0 | E32: =SUM(E33:E34) -> 0 | F32: =SUM(F33:F34) -> 0 | G32: =SUM(G33:G34) -> 0 | H32: =SUM(H33:H34) -> 0 | I32: =SUM(I33:I34) -> 0 | J32: =SUM(J33:J34) -> 0 | K32: =SUM(K33:K34) -> 0 | ... W32: =SUM(W33:W34) -> 0 | X32: нд
A33: 1.1.2. | B33: Технологическое присоединение объектов электросетевого хозяйства, всего, в том числе: | C33: Г | D33: =SUM(D34:D35) -> 0 | E33: =SUM(E34:E35) -> 0 | F33: =SUM(F34:F35) -> 0 | G33: =SUM(G34:G35) -> 0 | H33: =SUM(H34:H35) -> 0 | I33: =SUM(I34:I35) -> 0 | J33: =SUM(J34:J35) -> 0 | K33: =SUM(K34:K35) -> 0 | ... W33: =SUM(W34:W35) -> 0 | X33: нд
A34: 1.1.2.1 | B34: Технологическое присоединение объектов электросетевого хозяйства, принадлежащих иным сетевым организациям и иным лицам, всего, в том числе: | C34: Г | D34: 0 | E34: 0 | F34: 0 | G34: 0 | H34: 0 | I34: 0 | J34: 0 | K34: 0 | L34: 0 | M34: 0 | N34: 0 | O34: 0 | P34: 0 | Q34: 0 | R34: 0 | S34: 0 | T34: 0 | U34: 0 | V34: 0 | W34: 0 | X34: нд
A35: 1.1.2.2 | B35: Технологическое присоединение к электрическим сетям иных сетевых организаций, всего, в том числе: | C35: Г | D35: 0 | E35: 0 | F35: 0 | G35: 0 | H35: 0 | I35: 0 | J35: 0 | K35: 0 | L35: 0 | M35: 0 | N35: 0 | O35: 0 | P35: 0 | Q35: 0 | R35: 0 | S35: 0 | T35: 0 | U35: 0 | V35: 0 | W35: 0 | X35: нд
A36: 1.1.3. | B36: Технологическое присоединение объектов по производству электрической энергии, всего, в том числе: | C36: Г | D36: =SUM(D37:D44) -> 0 | E36: =SUM(E37:E44) -> 0 | F36: =SUM(F37:F44) -> 0 | G36: =SUM(G37:G44) -> 0 | H36: =SUM(H37:H44) -> 0 | I36: =SUM(I37:I44) -> 0 | J36: =SUM(J37:J44) -> 0 | K36: =SUM(K37:K44) -> 0 | ... W36: =SUM(W37:W44) -> 0 | X36: нд
A37: 1.1.3.1 | B37: Наименование объекта по производству электрической энергии, всего, в том числе: | C37: Г | D37: 0 | E37: 0 | F37: 0 | G37: 0 | H37: 0 | I37: 0 | J37: 0 | K37: 0 | L37: 0 | M37: 0 | N37: 0 | O37: 0 | P37: 0 | Q37: 0 | R37: 0 | S37: 0 | T37: 0 | U37: 0 | V37: 0 | W37: 0 | X37: нд
A38: 1.1.3.1 | B38: Строительство новых объектов электросетевого хозяйства (за исключением усиления существующей электрической сети) в целях осуществления технологического присоединения объекта по производству электрической энергии, всего, в том числе: | C38: Г | D38: 0 | E38: 0 | F38: 0 | G38: 0 | H38: 0 | I38: 0 | J38: 0 | K38: 0 | L38: 0 | M38: 0 | N38: 0 | O38: 0 | P38: 0 | Q38: 0 | R38: 0 | S38: 0 | T38: 0 | U38: 0 | V38: 0 | W38: 0 | X38: нд
A39: 1.1.3.1 | B39: Строительство новых объектов электросетевого хозяйства для усиления электрической сети в целях осуществления технологического присоединения объекта по производству электрической энергии, всего, в том числе: | C39: Г | D39: 0 | E39: 0 | F39: 0 | G39: 0 | H39: 0 | I39: 0 | J39: 0 | K39: 0 | L39: 0 | M39: 0 | N39: 0 | O39: 0 | P39: 0 | Q39: 0 | R39: 0 | S39: 0 | T39: 0 | U39: 0 | V39: 0 | W39: 0 | X39: нд
A40: 1.1.3.1 | B40: Реконструкция существующих объектов электросетевого хозяйства для усиления электрической сети в целях осуществления технологического присоединения объекта по производству электрической энергии всего, в том числе: | C40: Г | D40: 0 | E40: 0 | F40: 0 | G40: 0 | H40: 0 | I40: 0 | J40: 0 | K40: 0 | L40: 0 | M40: 0 | N40: 0 | O40: 0 | P40: 0 | Q40: 0 | R40: 0 | S40: 0 | T40: 0 | U40: 0 | V40: 0 | W40: 0 | X40: нд
A41: 1.1.3.2 | B41: Наименование объекта по производству электрической энергии, всего, в том числе: | C41: Г | D41: 0 | E41: 0 | F41: 0 | G41: 0 | H41: 0 | I41: 0 | J41: 0 | K41: 0 | L41: 0 | M41: 0 | N41: 0 | O41: 0 | P41: 0 | Q41: 0 | R41: 0 | S41: 0 | T41: 0 | U41: 0 | V41: 0 | W41: 0 | X41: нд
A42: 1.1.3.2 | B42: Строительство новых объектов электросетевого хозяйства (за исключением усиления существующей электрической сети) в целях осуществления технологического присоединения объекта по производству электрической энергии, всего, в том числе: | C42: Г | D42: 0 | E42: 0 | F42: 0 | G42: 0 | H42: 0 | I42: 0 | J42: 0 | K42: 0 | L42: 0 | M42: 0 | N42: 0 | O42: 0 | P42: 0 | Q42: 0 | R42: 0 | S42: 0 | T42: 0 | U42: 0 | V42: 0 | W42: 0 | X42: нд
A43: 1.1.3.2 | B43: Строительство новых объектов электросетевого хозяйства для усиления электрической сети в целях осуществления технологического присоединения объекта по производству электрической энергии, всего, в том числе: | C43: Г | D43: 0 | E43: 0 | F43: 0 | G43: 0 | H43: 0 | I43: 0 | J43: 0 | K43: 0 | L43: 0 | M43: 0 | N43: 0 | O43: 0 | P43: 0 | Q43: 0 | R43: 0 | S43: 0 | T43: 0 | U43: 0 | V43: 0 | W43: 0 | X43: нд
A44: 1.1.3.2 | B44: Реконструкция существующих объектов электросетевого хозяйства для усиления электрической сети в целях осуществления технологического присоединения объекта по производству электрической энергии, всего, в том числе: | C44: Г | D44: 0 | E44: 0 | F44: 0 | G44: 0 | H44: 0 | I44: 0 | J44: 0 | K44: 0 | L44: 0 | M44: 0 | N44: 0 | O44: 0 | P44: 0 | Q44: 0 | R44: 0 | S44: 0 | T44: 0 | U44: 0 | V44: 0 | W44: 0 | X44: нд
A45: 1.1.4. | B45: Усиление электрической сети в целях осуществления технологического присоединения энергопринимающих устройств потребителей и (или) объектов электросетевого хозяйства, всего, в том числе: | C45: Г | D45: =SUM(D46:D47) -> 0 | E45: =SUM(E46:E47) -> 0 | F45: =SUM(F46:F47) -> 0 | G45: =SUM(G46:G47) -> 0 | H45: =SUM(H46:H47) -> 0 | I45: =SUM(I46:I47) -> 0 | J45: =SUM(J46:J47) -> 0 | K45: =SUM(K46:K47) -> 0 | ... W45: =SUM(W46:W47) -> 0 | X45: нд
A46: 1.1.4.1 | B46: Строительство новых объектов электросетевого хозяйства для усиления электрической сети в целях осуществления технологического присоединения, всего, в том числе: | C46: Г | D46: 0 | E46: 0 | F46: 0 | G46: 0 | H46: 0 | I46: 0 | J46: 0 | K46: 0 | L46: 0 | M46: 0 | N46: 0 | O46: 0 | P46: 0 | Q46: 0 | R46: 0 | S46: 0 | T46: 0 | U46: 0 | V46: 0 | W46: 0 | X46: нд
A47: 1.1.4.2 | B47: Реконструкция существующих объектов электросетевого хозяйства для усиления электрической сети в целях осуществления технологического присоединения, всего, в том числе: | C47: Г | D47: 0 | E47: 0 | F47: 0 | G47: 0 | H47: 0 | I47: 0 | J47: 0 | K47: 0 | L47: 0 | M47: 0 | N47: 0 | O47: 0 | P47: 0 | Q47: 0 | R47: 0 | S47: 0 | T47: 0 | U47: 0 | V47: 0 | W47: 0 | X47: нд
A48: 1.2. | B48: Реконструкция, модернизация, техническое перевооружение, всего, в том числе: | C48: Г | D48: =D49+D89 -> 174.22016 | E48: =E49+E89 -> 0 | F48: =F49+F89 -> 0 | G48: =G49+G89 -> 174.22016 | H48: =H49+H89 -> 0 | I48: =I49+I89 -> 47.978656 | J48: =J49+J89 -> 0 | K48: =K49+K89 -> 0 | ... P48: =P49+P89 -> 0 | Q48: =Q49+Q53+Q56+Q65 -> 0 | R48: =R49+R89 -> 0 | S48: =S49+S53+S56+S65 -> 0 | T48: =T49+T89 -> 0.78653534 | U48: =U49+U89 -> 0.016666667 | V48: =V49+V89 -> 0 | W48: =W49+W53+W56+W65 -> 0 | X48: нд
A49: 1.2.1. | B49: Реконструкция, модернизация, техническое перевооружение трансформаторных и иных подстанций, распределительных пунктов, всего, в том числе: | C49: Г | D49: =D50+D88 -> 107.42473 | E49: =E50+E88 -> 0 | F49: =F50+F88 -> 0 | G49: =G50+G88 -> 107.42473 | H49: =H50+H88 -> 0 | I49: =I50+I88 -> 47.978656 | J49: =J50+J88 -> 0 | K49: =K50+K88 -> 0 | ... P49: =P50+P88 -> 0 | Q49: =Q50+Q54+Q57+Q66 -> 0 | R49: =R50+R88 -> 0 | S49: =S50+S54+S57+S66 -> 0 | T49: =T50+T88 -> 0.78653534 | U49: =U50+U88 -> 0.016666667 | V49: =V50+V88 -> 0 | W49: =W50+W54+W57+W66 -> 0 | X49: нд
A50: 1.2.1.1 | B50: Реконструкция трансформаторных и иных подстанций, всего, в том числе: | C50: Г | D50: =SUM(D51:D87) -> 107.42473 | E50: =SUM(E51:E87) -> 0 | F50: =SUM(F51:F87) -> 0 | G50: =SUM(G51:G87) -> 107.42473 | H50: =SUM(H51:H87) -> 0 | I50: =SUM(I51:I87) -> 47.978656 | J50: =SUM(J51:J87) -> 0 | K50: =SUM(K51:K87) -> 0 | ... N50: =SUM(N51:N87) -> 0.78653534 | O50: =O53 -> 0.016666667 | P50: =SUM(P51:P87) -> 0 | Q50: =SUM(Q51:Q87) -> 0 | R50: =SUM(R51:R87) -> 0 | S50: =SUM(S51:S87) -> 0 | T50: =SUM(T51:T87) -> 0.78653534 | U50: =U53 -> 0.016666667 | V50: =SUM(V51:V87) -> 0 | W50: =SUM(W51:W87) -> 0 | X50: нд
A51: 1.2.1.1 | B51: Реконструкция распределительной подстанции РП-1215, с заменой (13 шт.) и увеличением кол-ва ячеек на 3шт. (до 16 шт.), Богородский г.о., г.Ногинск, ул.Трудовая | C51: O_16_РП-1215 | D51: =SUM(E51:H51) -> 0 | E51: 0 | F51: 0 | G51: 0 | H51: 0 | I51: =SUM(J51:M51) -> 0 | J51: 0 | K51: 0 | L51: 0 | M51: 0 | N51: 0 | O51: =O52+O56+O59+O68 -> 0.13333333 | P51: 0 | Q51: =Q52+Q56+Q59+Q68 -> 0 | R51: 0 | S51: =S52+S56+S59+S68 -> 0 | T51: 0 | U51: =U52+U56+U59+U68 -> 0.13333333 | V51: 0 | W51: =W52+W56+W59+W68 -> 0 | X51: нд
A52: 1.2.1.1 | B52: Реконструкция распределительной подстанции РП-918, с заменой (8 шт.) и увеличением кол-ва ячеек на 2 шт. (до 10 шт.), Богородский г.о., г.Старая Купавна, ул.Дорожная | C52: O_17_РП-918 | D52: =SUM(E52:H52) -> 0 | E52: 0 | F52: 0 | G52: 0 | H52: 0 | I52: =SUM(J52:M52) -> 0 | J52: 0 | K52: 0 | L52: 0 | M52: 0 | N52: 0 | O52: =O53+O57+O60+O69 -> 0.083333333 | P52: 0 | Q52: =Q53+Q57+Q60+Q69 -> 0 | R52: 0 | S52: =S53+S57+S60+S69 -> 0 | T52: 0 | U52: =U53+U57+U60+U69 -> 0.083333333 | V52: 0 | W52: =W53+W57+W60+W69 -> 0 | X52: нд
A53: 1.2.1.1 | B53: Реконструкция распределительной подстанции РП-131, с заменой (15 шт.) и увеличением кол-ва ячеек на 1 шт. (до 16 шт.), Богородский г.о., пос.Обухово, ул.Комбинат | C53: O_18_РП-131 | D53: =SUM(E53:H53) -> 31.387322 | E53: 0 | F53: 0 | G53: 31.387322 | H53: 0 | I53: =SUM(J53:M53) -> 31.910444 | J53: 0 | K53: 0 | L53: 31.910444 | M53: 0 | N53: =P53+R53+T53+V53 -> 0.52312203 | O53: =I53/D53-100% -> 0.016666667 | P53: 0 | Q53: 0 | R53: 0 | S53: 0 | T53: =L53-G53 -> 0.52312203 | U53: =L53/G53-100% -> 0.016666667 | V53: 0 | W53: 0 | X53: Увеличение общей стоимости проекта связано с повышением ставки НДС с 20% до 22% с 1 января 2026 года
A54: 1.2.1.1 | B54: Реконструкция распределительной подстанции РП-106, с заменой (6 шт.) и увеличением кол-ва ячеек на 2 шт. (до 8 шт.), Богородский г.о., г.Ногинск, ул.2-й Речной пр-зд | C54: O_19_РП-106 | D54: =SUM(E54:H54) -> 17.633973 | E54: 0 | F54: 0 | G54: 17.633973 | H54: 0 | I54: =SUM(J54:M54) -> 0 | J54: 0 | K54: 0 | L54: 0 | M54: 0 | N54: 0 | O54: =O55+O59+O62+O71 -> 0.099999999 | P54: 0 | Q54: =Q55+Q59+Q62+Q71 -> 0 | R54: 0 | S54: =S55+S59+S62+S71 -> 0 | T54: 0 | U54: =U55+U59+U62+U71 -> 0.099999999 | V54: 0 | W54: =W55+W59+W62+W71 -> 0 | X54: нд
A55: 1.2.1.1 | B55: Реконструкция распределительной подстанции РП-9, с заменой (12 шт.) и увеличением кол-ва ячеек на 4 шт. (до 16 шт.), Богородский г.о., г.Ногинск, ул.Рабочая | C55: O_20_РП-9 | D55: =SUM(E55:H55) -> 0 | E55: 0 | F55: 0 | G55: 0 | H55: 0 | I55: =SUM(J55:M55) -> 0 | J55: 0 | K55: 0 | L55: 0 | M55: 0 | N55: 0 | O55: =O56+O60+O63+O72 -> 0.083333333 | P55: 0 | Q55: =Q56+Q60+Q63+Q72 -> 0 | R55: 0 | S55: =S56+S60+S63+S72 -> 0 | T55: 0 | U55: =U56+U60+U63+U72 -> 0.083333333 | V55: 0 | W55: =W56+W60+W63+W72 -> 0 | X55: нд
A56: 1.2.1.1 | B56: Реконструкция распределительной подстанции РП-92, с заменой (15 шт.) и увеличением кол-ва ячеек на 3 шт. (до 18 шт.), Богородский г.о., г.Ногинск, ул.Совнархозная | C56: O_21_РП-92 | D56: =SUM(E56:H56) -> 0 | E56: 0 | F56: 0 | G56: 0 | H56: 0 | I56: =SUM(J56:M56) -> 0 | J56: 0 | K56: 0 | L56: 0 | M56: 0 | N56: 0 | O56: =O57+O61+O64+O73 -> 0.05 | P56: 0 | Q56: =Q57+Q61+Q64+Q73 -> 0 | R56: 0 | S56: =S57+S61+S64+S73 -> 0 | T56: 0 | U56: =U57+U61+U64+U73 -> 0.05 | V56: 0 | W56: =W57+W61+W64+W73 -> 0 | X56: нд
A57: 1.2.1.1 | B57: Реконструкция распределительной подстанции РП-405, с заменой (11 шт.) и увеличением кол-ва ячеек на 5 шт. (до 16 шт.), Богоросдкий г.о., пос.им.Воровского | C57: O_22_РП-405 | D57: =SUM(E57:H57) -> 0 | E57: 0 | F57: 0 | G57: 0 | H57: 0 | I57: =SUM(J57:M57) -> 0 | J57: 0 | K57: 0 | L57: 0 | M57: 0 | N57: 0 | O57: =SUM(O58:O60) -> 0.033333333 | P57: 0 | Q57: =SUM(Q58:Q60) -> 0 | R57: 0 | S57: =SUM(S58:S60) -> 0 | T57: 0 | U57: =SUM(U58:U60) -> 0.033333333 | V57: 0 | W57: =SUM(W58:W60) -> 0 | X57: нд
A58: 1.2.1.1 | B58: Реконструкция оборудования РУ 6кВ РТП-86, с заменой (5 шт.) и увеличением кол-ва ячеек на 3 шт. (до 8 шт.), Богоросдкий г.о., г.Ногинск, ул.Жарова | C58: O_23_РУ РТП-86 | D58: =SUM(E58:H58) -> 0 | E58: 0 | F58: 0 | G58: 0 | H58: 0 | I58: =SUM(J58:M58) -> 0 | J58: 0 | K58: 0 | L58: 0 | M58: 0 | N58: 0 | O58: 0 | P58: 0 | Q58: 0 | R58: 0 | S58: 0 | T58: 0 | U58: 0 | V58: 0 | W58: 0 | X58: нд
A59: 1.2.1.1 | B59: Реконструкция распределительной подстанции РП-50, с заменой (10 шт.) и увеличением кол-ва ячеек на 6 шт. (до 16 шт.), Богоросдкий г.о., г.Ногинск, ул.Климова | C59: O_24_РП-50 | D59: =SUM(E59:H59) -> 0 | E59: 0 | F59: 0 | G59: 0 | H59: 0 | I59: =SUM(J59:M59) -> 0 | J59: 0 | K59: 0 | L59: 0 | M59: 0 | N59: 0 | O59: 0 | P59: 0 | Q59: 0 | R59: 0 | S59: 0 | T59: 0 | U59: 0 | V59: 0 | W59: 0 | X59: нд
A60: 1.2.1.1 | B60: Реконструкция трансформаторной подстанции ТП-932, с увеличением трансформаторной мощности с 2х630 до 2х1000 кВА, Богородский г.о., г.Старая Купавна ул.Дорожная | C60: O_25_ТП-932 | D60: =SUM(E60:H60) -> 0 | E60: 0 | F60: 0 | G60: 0 | H60: 0 | I60: =SUM(J60:M60) -> 0 | J60: 0 | K60: 0 | L60: 0 | M60: 0 | N60: 0 | O60: =SUM(O61:O62) -> 0.033333333 | P60: 0 | Q60: =SUM(Q61:Q62) -> 0 | R60: 0 | S60: =SUM(S61:S62) -> 0 | T60: 0 | U60: =SUM(U61:U62) -> 0.033333333 | V60: 0 | W60: =SUM(W61:W62) -> 0 | X60: нд
A61: 1.2.1.1 | B61: Реконструкция трансформаторной подстанции ТП-84 с увеличением трансформаторной мощности с 2х400 на 2х630 кВА, Богородский г.о., г.Ногинск, Электростальское ш. | C61: O_26_ТП-84 | D61: =SUM(E61:H61) -> 0 | E61: 0 | F61: 0 | G61: 0 | H61: 0 | I61: =SUM(J61:M61) -> 0 | J61: 0 | K61: 0 | L61: 0 | M61: 0 | N61: 0 | O61: =SUM(O62:O63) -> 0.016666667 | P61: 0 | Q61: =SUM(Q62:Q63) -> 0 | R61: 0 | S61: =SUM(S62:S63) -> 0 | T61: 0 | U61: =SUM(U62:U63) -> 0.016666667 | V61: 0 | W61: =SUM(W62:W63) -> 0 | X61: нд
A62: 1.2.1.1 | B62: Реконструкция трансформаторной подстанции ТП-195 с увеличением трансформаторной мощности с 2х250 на 2х630 кВА, Богородский г.о., г.Ногинск, ул.III Интернационала | C62: O_27_ТП-195 | D62: =SUM(E62:H62) -> 15.804799 | E62: 0 | F62: 0 | G62: 15.804799 | H62: 0 | I62: =SUM(J62:M62) -> 16.068212 | J62: 0 | K62: 0 | L62: 16.068212 | M62: 0 | N62: =P62+R62+T62+V62 -> 0.26341331 | O62: =I62/D62-100% -> 0.016666667 | P62: 0 | Q62: 0 | R62: 0 | S62: 0 | T62: =L62-G62 -> 0.26341331 | U62: =L62/G62-100% -> 0.016666667 | V62: 0 | W62: 0 | X62: Увеличение общей стоимости проекта связано с повышением ставки НДС с 20% до 22% с 1 января 2026 года
A63: 1.2.1.1 | B63: Реконструкция трансформаторной подстанции ТП-728 с увеличением трансформаторной мощности с 2х400 на 2х630 кВА, Богородский г.о., г.Ногинск, ул.Ильича | C63: O_28_ТП-728 | D63: =SUM(E63:H63) -> 15.858625 | E63: 0 | F63: 0 | G63: 15.858625 | H63: 0 | I63: =SUM(J63:M63) -> 0 | J63: 0 | K63: 0 | L63: 0 | M63: 0 | N63: 0 | O63: 0 | P63: 0 | Q63: 0 | R63: 0 | S63: 0 | T63: 0 | U63: 0 | V63: 0 | W63: 0 | X63: нд
A64: 1.2.1.1 | B64: Реконструкция трансформаторной подстанции ТП-240 с увеличением трансформаторной мощности с 2х400 на 2х630 кВА, Богородский г.о., п.Обухово | C64: O_29_ТП-240 | D64: =SUM(E64:H64) -> 0 | E64: 0 | F64: 0 | G64: 0 | H64: 0 | I64: =SUM(J64:M64) -> 0 | J64: 0 | K64: 0 | L64: 0 | M64: 0 | N64: 0 | O64: =SUM(O65:O72) -> 0 | P64: 0 | Q64: =SUM(Q65:Q72) -> 0 | R64: 0 | S64: =SUM(S65:S72) -> 0 | T64: 0 | U64: =SUM(U65:U72) -> 0 | V64: 0 | W64: =SUM(W65:W72) -> 0 | X64: нд
A65: 1.2.1.1 | B65: Реконструкция трансформаторной подстанции ТП-181 с увеличением трансформаторной мощности с 2х400 на 2х630 кВА, Богородский г.о., г.Электроугли, ул.Полевая | C65: O_30_ТП-181 | D65: =SUM(E65:H65) -> 0 | E65: 0 | F65: 0 | G65: 0 | H65: 0 | I65: =SUM(J65:M65) -> 0 | J65: 0 | K65: 0 | L65: 0 | M65: 0 | N65: 0 | O65: 0 | P65: 0 | Q65: 0 | R65: 0 | S65: 0 | T65: 0 | U65: 0 | V65: 0 | W65: 0 | X65: нд
A66: 1.2.1.1 | B66: Реконструкция трансформаторной подстанции ТП-187 с увеличением трансформаторной мощности с 2х250 на 2х630 кВА, Богородский г.о., г.Электроугли, ул.Парковая | C66: O_31_ТП-187 | D66: =SUM(E66:H66) -> 0 | E66: 0 | F66: 0 | G66: 0 | H66: 0 | I66: =SUM(J66:M66) -> 0 | J66: 0 | K66: 0 | L66: 0 | M66: 0 | N66: 0 | O66: 0 | P66: 0 | Q66: 0 | R66: 0 | S66: 0 | T66: 0 | U66: 0 | V66: 0 | W66: 0 | X66: нд
A67: 1.2.1.1 | B67: Реконструкция трансформаторной подстанции ТП-87 с увеличением трансформаторной мощности с 2х250 на 2х630 кВА, Богородский г.о., г.Ногинск, ул.Ново-Владимирская | C67: O_32_ТП-87 | D67: =SUM(E67:H67) -> 0 | E67: 0 | F67: 0 | G67: 0 | H67: 0 | I67: =SUM(J67:M67) -> 0 | J67: 0 | K67: 0 | L67: 0 | M67: 0 | N67: 0 | O67: 0 | P67: 0 | Q67: 0 | R67: 0 | S67: 0 | T67: 0 | U67: 0 | V67: 0 | W67: 0 | X67: нд
A68: 1.2.1.1 | B68: Реконструкция трансформаторной подстанции ТП-518 с увеличением трансформаторной мощности с 2х400 на 2х630 кВА, Богородский г.о., г.Ногинск, Электростальское ш. | C68: O_33_ТП-518 | D68: =SUM(E68:H68) -> 0 | E68: 0 | F68: 0 | G68: 0 | H68: 0 | I68: =SUM(J68:M68) -> 0 | J68: 0 | K68: 0 | L68: 0 | M68: 0 | N68: 0 | O68: 0 | P68: 0 | Q68: 0 | R68: 0 | S68: 0 | T68: 0 | U68: 0 | V68: 0 | W68: 0 | X68: нд
A69: 1.2.1.1 | B69: Реконструкция трансформаторной подстанции ТП-15 с увеличением трансформаторной мощности с 2х180 на 2х630 кВА, Богородский г.о., г.Ногинск, ул.Трудовая | C69: O_34_ТП-15 | D69: =SUM(E69:H69) -> 0 | E69: 0 | F69: 0 | G69: 0 | H69: 0 | I69: =SUM(J69:M69) -> 0 | J69: 0 | K69: 0 | L69: 0 | M69: 0 | N69: 0 | O69: 0 | P69: 0 | Q69: 0 | R69: 0 | S69: 0 | T69: 0 | U69: 0 | V69: 0 | W69: 0 | X69: нд
A70: 1.2.1.1 | B70: Реконструкция трансформаторной подстанции ТП-528 с увеличением трансформаторной мощности с 250 на 630 кВА, Богородский г.о., г.Ногинск, ул.Затишье | C70: O_35_КТП-528 | D70: =SUM(E70:H70) -> 0 | E70: 0 | F70: 0 | G70: 0 | H70: 0 | I70: =SUM(J70:M70) -> 0 | J70: 0 | K70: 0 | L70: 0 | M70: 0 | N70: 0 | O70: 0 | P70: 0 | Q70: 0 | R70: 0 | S70: 0 | T70: 0 | U70: 0 | V70: 0 | W70: 0 | X70: нд
A71: 1.2.1.1 | B71: Реконструкция трансформаторной подстанции ТП-803 с увеличением трансформаторной мощности с 250 на 630 кВА, г.о.Электросталь, пос.Новые Дома | C71: O_36_КТП-803 | D71: =SUM(E71:H71) -> 0 | E71: 0 | F71: 0 | G71: 0 | H71: 0 | I71: =SUM(J71:M71) -> 0 | J71: 0 | K71: 0 | L71: 0 | M71: 0 | N71: 0 | O71: 0 | P71: 0 | Q71: 0 | R71: 0 | S71: 0 | T71: 0 | U71: 0 | V71: 0 | W71: 0 | X71: нд
A72: 1.2.1.1 | B72: Реконструкция трансформаторной подстанции ТП-804 с увеличением трансформаторной мощности с 400 на 630 кВА, г.о.Электросталь, пос.Новые Дома | C72: O_37_КТП-804 | D72: =SUM(E72:H72) -> 0 | E72: 0 | F72: 0 | G72: 0 | H72: 0 | I72: =SUM(J72:M72) -> 0 | J72: 0 | K72: 0 | L72: 0 | M72: 0 | N72: 0 | O72: 0 | P72: 0 | Q72: 0 | R72: 0 | S72: 0 | T72: 0 | U72: 0 | V72: 0 | W72: 0 | X72: нд
A73: 1.2.1.1 | B73: Реконструкция трансформаторной подстанции ТП-142 с увеличением трансформаторной мощности с 180 на 630 кВА, Богородский г.о., г.Электроугли, ул.Вокзальная | C73: O_38_КТП-142 | D73: =SUM(E73:H73) -> 0 | E73: 0 | F73: 0 | G73: 0 | H73: 0 | I73: =SUM(J73:M73) -> 0 | J73: 0 | K73: 0 | L73: 0 | M73: 0 | N73: 0 | O73: =SUM(O88:O88) -> 0 | P73: =SUM(P88:P88) -> 0 | Q73: =SUM(Q88:Q88) -> 0 | R73: =SUM(R88:R88) -> 0 | S73: =SUM(S88:S88) -> 0 | T73: 0 | U73: =SUM(U88:U88) -> 0 | V73: =SUM(V88:V88) -> 0 | W73: =SUM(W88:W88) -> 0 | X73: нд
A74: 1.2.1.1 | B74: Реконструкция трансформаторной подстанции ТП-540 с увеличением трансформаторной мощности с 400 на 630 кВА, Богородский г.о., д.Пешково, ул.Гречишкина | C74: O_39_КТП-540 | D74: =SUM(E74:H74) -> 5.4966256 | E74: 0 | F74: 0 | G74: 5.4966256 | H74: 0 | I74: =SUM(J74:M74) -> 0 | J74: 0 | K74: 0 | L74: 0 | M74: 0 | N74: 0 | O74: =SUM(O88:O89) -> 0 | P74: =SUM(P88:P89) -> 0 | Q74: =SUM(Q88:Q89) -> 0 | R74: =SUM(R88:R89) -> 0 | S74: =SUM(S88:S89) -> 0 | T74: 0 | U74: =SUM(U88:U89) -> 0 | V74: =SUM(V88:V89) -> 0 | W74: =SUM(W88:W89) -> 0 | X74: нд
A75: 1.2.1.1 | B75: Реконструкция трансформаторной подстанции ТП-88 с увеличением трансформаторной мощности с 320 на 630 кВА, Богородский г.о., г.Электроугли, ул.Малое Васильево | C75: O_40_КТП-88 | D75: =SUM(E75:H75) -> 0 | E75: 0 | F75: 0 | G75: 0 | H75: 0 | I75: =SUM(J75:M75) -> 0 | J75: 0 | K75: 0 | L75: 0 | M75: 0 | N75: 0 | O75: =SUM(O89:O90) -> 0 | P75: =SUM(P89:P90) -> 0 | Q75: =SUM(Q89:Q90) -> 0 | R75: =SUM(R89:R90) -> 0 | S75: =SUM(S89:S90) -> 0 | T75: 0 | U75: =SUM(U89:U90) -> 0 | V75: =SUM(V89:V90) -> 0 | W75: =SUM(W89:W90) -> 0 | X75: нд
A76: 1.2.1.1 | B76: Реконструкция трансформаторной подстанции ТП-116 с увеличением трансформаторной мощности с 180 на 630 кВА, Богородский г.о., г.Электроугли, ул.Большое Васильево | C76: O_41_КТП-116 | D76: =SUM(E76:H76) -> 0 | E76: 0 | F76: 0 | G76: 0 | H76: 0 | I76: =SUM(J76:M76) -> 0 | J76: 0 | K76: 0 | L76: 0 | M76: 0 | N76: 0 | O76: =SUM(O90:O91) -> 0 | P76: =SUM(P90:P91) -> 0 | Q76: =SUM(Q90:Q91) -> 0 | R76: =SUM(R90:R91) -> 0 | S76: =SUM(S90:S91) -> 0 | T76: 0 | U76: =SUM(U90:U91) -> 0 | V76: =SUM(V90:V91) -> 0 | W76: =SUM(W90:W91) -> 0 | X76: нд
A77: 1.2.1.1 | B77: Реконструкция трансформаторной подстанции ТП-559 с увеличением трансформаторной мощности с 400 на 630 кВА, Богородский г.о., г.Электроугли, ул.Дубнинская | C77: O_42_КТП-559 | D77: =SUM(E77:H77) -> 0 | E77: 0 | F77: 0 | G77: 0 | H77: 0 | I77: =SUM(J77:M77) -> 0 | J77: 0 | K77: 0 | L77: 0 | M77: 0 | N77: 0 | O77: =SUM(O91:O92) -> 0 | P77: =SUM(P91:P92) -> 0 | Q77: =SUM(Q91:Q92) -> 0 | R77: =SUM(R91:R92) -> 0 | S77: =SUM(S91:S92) -> 0 | T77: =SUM(T91:T92) -> 0 | U77: =SUM(U91:U92) -> 0 | V77: =SUM(V91:V92) -> 0 | W77: =SUM(W91:W92) -> 0 | X77: нд
A78: 1.2.1.1 | B78: Реконструкция трансформаторной подстанции ТП-148 с увеличением трансформаторной мощности с 400 на 630 кВА, Богородский г.о., д.Вишняково | C78: O_43_КТП-148 | D78: =SUM(E78:H78) -> 5.4966256 | E78: 0 | F78: 0 | G78: 5.4966256 | H78: 0 | I78: =SUM(J78:M78) -> 0 | J78: 0 | K78: 0 | L78: 0 | M78: 0 | N78: 0 | O78: =SUM(O92:O93) -> 0 | P78: =SUM(P92:P93) -> 0 | Q78: =SUM(Q92:Q93) -> 0 | R78: =SUM(R92:R93) -> 0 | S78: =SUM(S92:S93) -> 0 | T78: =SUM(T92:T93) -> 0 | U78: =SUM(U92:U93) -> 0 | V78: =SUM(V92:V93) -> 0 | W78: =SUM(W92:W93) -> 0 | X78: нд
A79: 1.2.1.1 | B79: Реконструкция трансформаторной подстанции ТП-462 с увеличением трансформаторной мощности с 250 на 630 кВА, Богородский г.о., д.Булгаково | C79: O_44_КТП-462 | D79: =SUM(E79:H79) -> 0 | E79: 0 | F79: 0 | G79: 0 | H79: 0 | I79: =SUM(J79:M79) -> 0 | J79: 0 | K79: 0 | L79: 0 | M79: 0 | N79: 0 | O79: =SUM(O93:O94) -> 0 | P79: =SUM(P93:P94) -> 0 | Q79: =SUM(Q93:Q94) -> 0 | R79: =SUM(R93:R94) -> 0 | S79: =SUM(S93:S94) -> 0 | T79: =SUM(T93:T94) -> 0 | U79: =SUM(U93:U94) -> 0 | V79: =SUM(V93:V94) -> 0 | W79: =SUM(W93:W94) -> 0 | X79: нд
A80: 1.2.1.1 | B80: Реконструкция трансформаторной подстанции ТП-412 с увеличением трансформаторной мощности с 160 на 630 кВА, Богородский г.о., пос.им.Воровского | C80: O_45_КТП-412 | D80: =SUM(E80:H80) -> 0 | E80: 0 | F80: 0 | G80: 0 | H80: 0 | I80: =SUM(J80:M80) -> 0 | J80: 0 | K80: 0 | L80: 0 | M80: 0 | N80: 0 | O80: =SUM(O94:O95) -> 0 | P80: =SUM(P94:P95) -> 0 | Q80: =SUM(Q94:Q95) -> 0 | R80: =SUM(R94:R95) -> 0 | S80: =SUM(S94:S95) -> 0 | T80: =SUM(T94:T95) -> 0 | U80: =SUM(U94:U95) -> 0 | V80: =SUM(V94:V95) -> 0 | W80: =SUM(W94:W95) -> 0 | X80: нд
A81: 1.2.1.1 | B81: Реконструкция трансформаторной подстанции ТП-973 с увеличением трансформаторной мощности с 160 на 630 кВА, Богородский г.о., д.Шульгино | C81: O_46_КТП-973 | D81: =SUM(E81:H81) -> 0 | E81: 0 | F81: 0 | G81: 0 | H81: 0 | I81: =SUM(J81:M81) -> 0 | J81: 0 | K81: 0 | L81: 0 | M81: 0 | N81: 0 | O81: =SUM(O95:O96) -> 0 | P81: =SUM(P95:P96) -> 0 | Q81: =SUM(Q95:Q96) -> 0 | R81: =SUM(R95:R96) -> 0 | S81: =SUM(S95:S96) -> 0 | T81: =SUM(T95:T96) -> 0 | U81: =SUM(U95:U96) -> 0 | V81: =SUM(V95:V96) -> 0 | W81: =SUM(W95:W96) -> 0 | X81: нд
A82: 1.2.1.1 | B82: Реконструкция трансформаторной подстанции ТП-654 с увеличением трансформаторной мощности с 180 на 630 кВА, Богородский г.о., г.Ногинск | C82: O_47_КТП-654 | D82: =SUM(E82:H82) -> 0 | E82: 0 | F82: 0 | G82: 0 | H82: 0 | I82: =SUM(J82:M82) -> 0 | J82: 0 | K82: 0 | L82: 0 | M82: 0 | N82: 0 | O82: =SUM(O96:O97) -> 0 | P82: =SUM(P96:P97) -> 0 | Q82: =SUM(Q96:Q97) -> 0 | R82: =SUM(R96:R97) -> 0 | S82: =SUM(S96:S97) -> 0 | T82: =SUM(T96:T97) -> 0 | U82: =SUM(U96:U97) -> 0 | V82: =SUM(V96:V97) -> 0 | W82: =SUM(W96:W97) -> 0 | X82: нд
A83: 1.2.1.1 | B83: Реконструкция трансформаторной подстанции ТП-720 с увеличением трансформаторной мощности с 400 на 630 кВА, Богородский г.о., г.Ногинск | C83: O_48_КТП-720 | D83: =SUM(E83:H83) -> 0 | E83: 0 | F83: 0 | G83: 0 | H83: 0 | I83: =SUM(J83:M83) -> 0 | J83: 0 | K83: 0 | L83: 0 | M83: 0 | N83: 0 | O83: =SUM(O97:O98) -> 0 | P83: =SUM(P97:P98) -> 0 | Q83: =SUM(Q97:Q98) -> 0 | R83: =SUM(R97:R98) -> 0 | S83: =SUM(S97:S98) -> 0 | T83: =SUM(T97:T98) -> 0 | U83: =SUM(U97:U98) -> 0 | V83: =SUM(V97:V98) -> 0 | W83: =SUM(W97:W98) -> 0 | X83: нд
A84: 1.2.1.1 | B84: Реконструкция трансформаторной подстанции ТП-743 с увеличением трансформаторной мощности с 160 на 630 кВА, Богородский г.о., г.Ногинск | C84: O_49_КТП-743 | D84: =SUM(E84:H84) -> 0 | E84: 0 | F84: 0 | G84: 0 | H84: 0 | I84: =SUM(J84:M84) -> 0 | J84: 0 | K84: 0 | L84: 0 | M84: 0 | N84: 0 | O84: =SUM(O98:O99) -> 0 | P84: =SUM(P98:P99) -> 0 | Q84: =SUM(Q98:Q99) -> 0 | R84: =SUM(R98:R99) -> 0 | S84: =SUM(S98:S99) -> 0 | T84: =SUM(T98:T99) -> 0 | U84: =SUM(U98:U99) -> 0 | V84: =SUM(V98:V99) -> 0 | W84: =SUM(W98:W99) -> 0 | X84: нд
A85: 1.2.1.1 | B85: Реконструкция КРУН-Прогресс с заменой (3 шт.) и увеличением кол-ва ячеек на 1 шт. (до 4 шт.), Богородский г.о., г.Старая Купавна, ул.Советская | C85: O_50_КРУНПрогресс | D85: =SUM(E85:H85) -> 0 | E85: 0 | F85: 0 | G85: 0 | H85: 0 | I85: =SUM(J85:M85) -> 0 | J85: 0 | K85: 0 | L85: 0 | M85: 0 | N85: 0 | O85: =SUM(O99:O100) -> 0 | P85: =SUM(P99:P100) -> 0 | Q85: =SUM(Q99:Q100) -> 0 | R85: =SUM(R99:R100) -> 0 | S85: =SUM(S99:S100) -> 0 | T85: =SUM(T99:T100) -> 0 | U85: =SUM(U99:U100) -> 0 | V85: =SUM(V99:V100) -> 0 | W85: =SUM(W99:W100) -> 0 | X85: нд
A86: 1.2.1.1 | B86: Реконструкция КРУН-378 с заменой (1 шт.) и увеличением кол-ва ячеек на 1 шт. (до 2 шт.), Богородский г.о., пос.им.Воровского СНТ "Первомаец" | C86: O_51_КРУН378 | D86: =SUM(E86:H86) -> 7.873382 | E86: 0 | F86: 0 | G86: 7.873382 | H86: 0 | I86: =SUM(J86:M86) -> 0 | J86: 0 | K86: 0 | L86: 0 | M86: 0 | N86: 0 | O86: =SUM(O100:O101) -> 0 | P86: =SUM(P100:P101) -> 0 | Q86: =SUM(Q100:Q101) -> 0 | R86: =SUM(R100:R101) -> 0 | S86: =SUM(S100:S101) -> 0 | T86: =SUM(T100:T101) -> 0 | U86: =SUM(U100:U101) -> 0 | V86: =SUM(V100:V101) -> 0 | W86: =SUM(W100:W101) -> 0 | X86: нд
A87: 1.2.1.1 | B87: Реконструкция КРУН-341 с заменой (1 шт.) и увеличением кол-ва ячеек на 1шт. (до 2 шт.), Богородский г.о., пос.им.Воровского, ул.Нижняя | C87: O_52_КРУН341 | D87: =SUM(E87:H87) -> 7.873382 | E87: 0 | F87: 0 | G87: 7.873382 | H87: 0 | I87: =SUM(J87:M87) -> 0 | J87: 0 | K87: 0 | L87: 0 | M87: 0 | N87: 0 | O87: =SUM(O101:O102) -> 0 | P87: =SUM(P101:P102) -> 0 | Q87: =SUM(Q101:Q102) -> 0 | R87: =SUM(R101:R102) -> 0 | S87: =SUM(S101:S102) -> 0 | T87: =SUM(T101:T102) -> 0 | U87: =SUM(U101:U102) -> 0 | V87: =SUM(V101:V102) -> 0 | W87: =SUM(W101:W102) -> 0 | X87: нд
A88: 1.2.1.2 | B88: Модернизация, техническое перевооружение трансформаторных и иных подстанций, распределительных пунктов, всего, в том числе: | C88: Г | D88: 0 | E88: 0 | F88: 0 | G88: 0 | H88: 0 | I88: 0 | J88: 0 | K88: 0 | L88: 0 | M88: 0 | N88: 0 | O88: 0 | P88: 0 | Q88: 0 | R88: 0 | S88: 0 | T88: 0 | U88: 0 | V88: 0 | W88: 0 | X88: нд
A89: 1.2.2. | B89: Реконструкция, модернизация, техническое перевооружение линий электропередачи, всего, в том числе: | C89: Г | D89: =D90+D120 -> 66.795422 | E89: =E90+E120 -> 0 | F89: =F90+F120 -> 0 | G89: =G90+G120 -> 66.795422 | H89: =H90+H120 -> 0 | I89: =I90+I120 -> 0 | J89: =J90+J120 -> 0 | K89: =K90+K120 -> 0 | ... N89: =N90+N120 -> 0 | O89: =O90+O94+O97+O106 -> 0 | P89: =P90+P120 -> 0 | Q89: =Q90+Q94+Q97+Q106 -> 0 | R89: =R90+R120 -> 0 | S89: =S90+S94+S97+S106 -> 0 | T89: =T90+T120 -> 0 | U89: =U90+U94+U97+U106 -> 0 | V89: =V90+V120 -> 0 | W89: =W90+W94+W97+W106 -> 0 | X89: нд
A90: 1.2.2.1 | B90: Реконструкция линий электропередачи, всего, в том числе: | C90: Г | D90: =SUM(D91:D119) -> 66.795422 | E90: =SUM(E91:E119) -> 0 | F90: =SUM(F91:F119) -> 0 | G90: =SUM(G91:G119) -> 66.795422 | H90: =SUM(H91:H119) -> 0 | I90: =SUM(I91:I119) -> 0 | J90: =SUM(J91:J119) -> 0 | K90: =SUM(K91:K119) -> 0 | ... N90: =SUM(N91:N119) -> 0 | O90: =O91+O95+O98+O107 -> 0 | P90: =SUM(P91:P93) -> 0 | Q90: =Q91+Q95+Q98+Q107 -> 0 | R90: =SUM(R91:R93) -> 0 | S90: =S91+S95+S98+S107 -> 0 | T90: =SUM(T91:T119) -> 0 | U90: =U91+U95+U98+U107 -> 0 | V90: =SUM(V91:V93) -> 0 | W90: =W91+W95+W98+W107 -> 0 | X90: нд
A91: 1.2.2.1 | B91: Реконструкция кабельной линии КЛ 6кВ ТП-925 - ТП-966, Богородский г.о., г.Старая Купавна (2 км) | C91: O_53_КЛ-6 ТП925-ТП966 | D91: =SUM(E91:H91) -> 16.294839 | E91: 0 | F91: 0 | G91: 16.294839 | H91: 0 | I91: 0 | J91: 0 | K91: 0 | L91: 0 | M91: 0 | N91: 0 | O91: =O92+O96+O99+O108 -> 0 | P91: 0 | Q91: =Q92+Q96+Q99+Q108 -> 0 | R91: 0 | S91: =S92+S96+S99+S108 -> 0 | T91: 0 | U91: =U92+U96+U99+U108 -> 0 | V91: 0 | W91: =W92+W96+W99+W108 -> 0 | X91: нд
A92: 1.2.2.1 | B92: Реконструкция кабельной линии КЛ 6кВ ТП-927 - ТП-966, Богородский г.о., г.Старая Купавна (1,7 км) | C92: O_54_КЛ-6 ТП927-ТП966 | D92: =SUM(E92:H92) -> 13.821241 | E92: 0 | F92: 0 | G92: 13.821241 | H92: 0 | I92: 0 | J92: 0 | K92: 0 | L92: 0 | M92: 0 | N92: 0 | O92: =O93+O97+O100+O109 -> 0 | P92: 0 | Q92: =Q93+Q97+Q100+Q109 -> 0 | R92: 0 | S92: =S93+S97+S100+S109 -> 0 | T92: 0 | U92: =U93+U97+U100+U109 -> 0 | V92: 0 | W92: =W93+W97+W100+W109 -> 0 | X92: нд
A93: 1.2.2.1 | B93: Реконструкция кабельной линии КЛ 6кВ ЦРП-А - ТП-917, Богородский г.о., г.Старая Купавна (1,2 км) | C93: O_55_КЛ-6 ЦРП-А-ТП917 | D93: =SUM(E93:H93) -> 12.961726 | E93: 0 | F93: 0 | G93: 12.961726 | H93: 0 | I93: 0 | J93: 0 | K93: 0 | L93: 0 | M93: 0 | N93: 0 | O93: =O94+O98+O101+O110 -> 0 | P93: 0 | Q93: =Q94+Q98+Q101+Q110 -> 0 | R93: 0 | S93: =S94+S98+S101+S110 -> 0 | T93: 0 | U93: =U94+U98+U101+U110 -> 0 | V93: 0 | W93: =W94+W98+W101+W110 -> 0 | X93: нд
A94: 1.2.2.1 | B94: Реконструкция кабельной линии КЛ 6кВ ТП-803 - ТП-804, г.о.Электросталь, пос.Новые Дома (0,4 км) | C94: O_56_КЛ-6 ТП803-ТП804 | D94: =SUM(E94:H94) -> 0 | E94: 0 | F94: 0 | G94: 0 | H94: 0 | I94: 0 | J94: 0 | K94: 0 | L94: 0 | M94: 0 | N94: 0 | O94: =O95+O99+O102+O111 -> 0 | P94: 0 | Q94: =Q95+Q99+Q102+Q111 -> 0 | R94: 0 | S94: =S95+S99+S102+S111 -> 0 | T94: 0 | U94: =U95+U99+U102+U111 -> 0 | V94: 0 | W94: =W95+W99+W102+W111 -> 0 | X94: нд
A95: 1.2.2.1 | B95: Реконструкция кабельной линии КЛ 6кВ ТП-910 - ТП-917, Богородский г.о.,г.Старая Купавна (0,9 км) | C95: O_57_КЛ-6 ТП910-ТП917 | D95: =SUM(E95:H95) -> 0 | E95: 0 | F95: 0 | G95: 0 | H95: 0 | I95: 0 | J95: 0 | K95: 0 | L95: 0 | M95: 0 | N95: 0 | O95: =O96+O100+O103+O112 -> 0 | P95: 0 | Q95: =Q96+Q100+Q103+Q112 -> 0 | R95: 0 | S95: =S96+S100+S103+S112 -> 0 | T95: 0 | U95: =U96+U100+U103+U112 -> 0 | V95: 0 | W95: =W96+W100+W103+W112 -> 0 | X95: нд
A96: 1.2.2.1 | B96: Реконструкция кабельной линии КЛ 6кВ ТП-966 - ТП-967, Богородский г.о.,г.Старая Купавна (0,35 км) | C96: O_58_КЛ-6 ТП966-ТП967 | D96: =SUM(E96:H96) -> 0 | E96: 0 | F96: 0 | G96: 0 | H96: 0 | I96: 0 | J96: 0 | K96: 0 | L96: 0 | M96: 0 | N96: 0 | O96: =O97+O101+O104+O113 -> 0 | P96: 0 | Q96: =Q97+Q101+Q104+Q113 -> 0 | R96: 0 | S96: =S97+S101+S104+S113 -> 0 | T96: 0 | U96: =U97+U101+U104+U113 -> 0 | V96: 0 | W96: =W97+W101+W104+W113 -> 0 | X96: нд
A97: 1.2.2.1 | B97: Реконструкция кабельной линии КЛ 6кВ ТП-540 - ТП-646, Богородский г.о., г.Ногинск, д.Пешково (1,35 км) | C97: O_59_КЛ-6 ТП540-ТП646 | D97: =SUM(E97:H97) -> 8.8227219 | E97: 0 | F97: 0 | G97: 8.8227219 | H97: 0 | I97: 0 | J97: 0 | K97: 0 | L97: 0 | M97: 0 | N97: 0 | O97: =O98+O102+O105+O114 -> 0 | P97: 0 | Q97: =Q98+Q102+Q105+Q114 -> 0 | R97: 0 | S97: =S98+S102+S105+S114 -> 0 | T97: 0 | U97: =U98+U102+U105+U114 -> 0 | V97: 0 | W97: =W98+W102+W105+W114 -> 0 | X97: нд
A98: 1.2.2.1 | B98: Реконструкция кабельной линии КЛ 6кВ ТП-518 - ТП-654, Богородский г.о., г.Ногинск (0,79 км) | C98: O_60_КЛ-6 ТП518-ТП654 | D98: =SUM(E98:H98) -> 0 | E98: 0 | F98: 0 | G98: 0 | H98: 0 | I98: 0 | J98: 0 | K98: 0 | L98: 0 | M98: 0 | N98: 0 | O98: =SUM(O99:O101) -> 0 | P98: 0 | Q98: =SUM(Q99:Q101) -> 0 | R98: 0 | S98: =SUM(S99:S101) -> 0 | T98: 0 | U98: =SUM(U99:U101) -> 0 | V98: 0 | W98: =SUM(W99:W101) -> 0 | X98: нд
A99: 1.2.2.1 | B99: Реконструкция кабельной линии КЛ 6кВ ТП-720 - ТП-743, Богородский г.о., г.Ногинск (0,85 км) | C99: O_61_КЛ-6 ТП720-ТП743 | D99: =SUM(E99:H99) -> 0 | E99: 0 | F99: 0 | G99: 0 | H99: 0 | I99: 0 | J99: 0 | K99: 0 | L99: 0 | M99: 0 | N99: 0 | O99: 0 | P99: 0 | Q99: 0 | R99: 0 | S99: 0 | T99: 0 | U99: 0 | V99: 0 | W99: 0 | X99: нд
A100: 1.2.2.1 | B100: Реконструкция кабельной линии КЛ 6кВ ТП-928 - ТП-929, Богородский г.о., г.Старая Купавна (1,31 км) | C100: O_62_КЛ-6 ТП928-ТП929 | D100: =SUM(E100:H100) -> 0 | E100: 0 | F100: 0 | G100: 0 | H100: 0 | I100: 0 | J100: 0 | K100: 0 | L100: 0 | M100: 0 | N100: 0 | O100: 0 | P100: 0 | Q100: 0 | R100: 0 | S100: 0 | T100: 0 | U100: 0 | V100: 0 | W100: 0 | X100: нд
A101: 1.2.2.1 | B101: Реконструкция кабельной линии КЛ 6кВ ТП-46 - ТП-514, Богородский г.о., г.Ногинск (0,69 км) | C101: O_63_КЛ-6 ТП46-ТП514 | D101: =SUM(E101:H101) -> 0 | E101: 0 | F101: 0 | G101: 0 | H101: 0 | I101: 0 | J101: 0 | K101: 0 | L101: 0 | M101: 0 | N101: 0 | O101: =SUM(O102:O103) -> 0 | P101: 0 | Q101: =SUM(Q102:Q103) -> 0 | R101: 0 | S101: =SUM(S102:S103) -> 0 | T101: 0 | U101: =SUM(U102:U103) -> 0 | V101: 0 | W101: =SUM(W102:W103) -> 0 | X101: нд
A102: 1.2.2.1 | B102: Реконструкция кабельной линии КЛ 6кВ РП-561 - ТП-889, Богородский г.о., г.Ногинск (п.Красный Электрик - п.Бензоколонка) (5,2 км) | C102: O_64_КЛ-6 РП561-ТП889 | D102: =SUM(E102:H102) -> 0 | E102: 0 | F102: 0 | G102: 0 | H102: 0 | I102: 0 | J102: 0 | K102: 0 | L102: 0 | M102: 0 | N102: 0 | O102: =SUM(O103:O104) -> 0 | P102: 0 | Q102: =SUM(Q103:Q104) -> 0 | R102: 0 | S102: =SUM(S103:S104) -> 0 | T102: 0 | U102: =SUM(U103:U104) -> 0 | V102: 0 | W102: =SUM(W103:W104) -> 0 | X102: нд
A103: 1.2.2.1 | B103: Реконструкция кабельной линии КЛ 6кВ КРУН-21 - РП-267 с установкой КРУН (РП), Богородский г.о., п.Обухово (5,5 км) | C103: O_65_КЛ-6 КРУН21-РП267 | D103: =SUM(E103:H103) -> 0 | E103: 0 | F103: 0 | G103: 0 | H103: 0 | I103: 0 | J103: 0 | K103: 0 | L103: 0 | M103: 0 | N103: 0 | O103: 0 | P103: 0 | Q103: 0 | R103: 0 | S103: 0 | T103: 0 | U103: 0 | V103: 0 | W103: 0 | X103: нд
A104: 1.2.2.1 | B104: Реконструкция кабельной линии КЛ 6кВ ТП-183 - ТП-737 с установкой КРУН в направлении к ТП-731, Богородский г.о., г.Ногинск (1,6 км) | C104: O_66_КЛ-6 ТП183-ТП737 | D104: =SUM(E104:H104) -> 0 | E104: 0 | F104: 0 | G104: 0 | H104: 0 | I104: 0 | J104: 0 | K104: 0 | L104: 0 | M104: 0 | N104: 0 | O104: 0 | P104: 0 | Q104: 0 | R104: 0 | S104: 0 | T104: 0 | U104: 0 | V104: 0 | W104: 0 | X104: нд
...

Sheet 12
V1: Приложение № 12
T2: к приказу Минэнерго России от 25 апреля 2018 г. № 320
A3: Форма 12. Отчет об исполнении плана освоения капитальных вложений по инвестиционным проектам инвестиционной программы (квартальный)
H4: ='10'!G4 -> 2 квартал | J4: ='10'!J4 -> 2026 | K4: года
G6: АО "Богородская Электросеть"
G7: полное наименование субъекта электроэнергетики
I9: Год раскрытия информации: | K9: ='10'!J9 -> 2026
G11: Утвержденные плановые значения показателей приведены в соответствии с | H11: ='10'!H11 -> приказ министра энергетики МО №146 от 25.12.2025
H12: реквизиты решения органа исполнительной власти, утвердившего инвестиционную программу
A14: Номер группы инвести-ционных проектов | B14: Наименование инвестиционного проекта (группы инвестиционных проектов) | C14: Идентификатор инвестиционного проекта | D14: Полная сметная стоимость инвестиционного проекта в соответствии с утвержденной проектной документацией в базисном уровне цен, млн. рублей (без НДС) | E14: Фактический объем освоения капитальных вложений на 01.01.2026 г. в прогнозных ценах соответствующих лет, млн. рублей (без НДС) | F14: Остаток освоения капитальных вложений на 01.01.2026 года , млн. рублей (без НДС) | H14: Освоение капитальных вложений 2026 года , млн. рублей (без НДС) | R14: Остаток освоения капитальных вложений на конец отчетного периода, млн. рублей (без НДС) | T14: Отклонение от плана освоения по итогам отчетного периода | V14: Причины отклонений
F15: в базисном уровне цен | G15: в прогнозных ценах соответствующих лет | H15: Всего | J15: I квартал | L15: II квартал | N15: III квартал | P15: IV квартал | R15: в базисном уровне цен | S15: в прогнозных ценах соответствующих лет
H16: План | I16: Факт | J16: План | K16: Факт | L16: План | M16: Факт | N16: План | O16: Факт | P16: План | Q16: Факт | T16: млн. рублей (без НДС) | U16: %
A17: 1 | B17: 2 | C17: 3 | D17: 4 | E17: 5 | F17: 6 | G17: 7 | H17: 8 | I17: 9 | J17: 10 | K17: 11 | L17: 12 | M17: 13 | N17: 14 | O17: 15 | P17: 16 | Q17: 17 | R17: 18 | S17: 19 | T17: 20 | U17: 21 | V17: 22
A18: 0 | B18: ИТОГО по инвестиционной программе | C18: Г | D18: =SUM(D19:D24) -> 41.82487 | E18: =SUM(E19:E24) -> 120.5892 | F18: =SUM(F19:F24) -> 33.880873 | G18: =SUM(G19:G24) -> 580.73385 | H18: =SUM(H19:H24) -> 145.18346 | I18: =SUM(I19:I24) -> 39.326767 | J18: =SUM(J19:J24) -> 0 | K18: =SUM(K19:K24) -> 0 | ... T18: =SUM(T19:T24) -> 0 | U18: 0 | V18: нд
A19: 0.1 | B19: Технологическое присоединение, всего | C19: Г | D19: =D26 -> 0 | E19: =E26 -> 0 | F19: =F26 -> 0 | G19: =G26 -> 0 | H19: =H26 -> 0 | I19: =I26 -> 0 | J19: =J26 -> 0 | K19: =K26 -> 0 | ... T19: =T26 -> 0 | U19: 0 | V19: нд
A20: 0.2 | B20: Реконструкция, модернизация, техническое перевооружение, всего | C20: Г | D20: =D46 -> 41.82487 | E20: =E46 -> 120.5892 | F20: =F46 -> 33.880873 | G20: =G46 -> 580.73385 | H20: =H46 -> 145.18346 | I20: =I46 -> 39.326767 | J20: =J46 -> 0 | K20: =K46 -> 0 | ... T20: =T46 -> 0 | U20: =U21+U25+U28+U37 -> 0 | V20: нд
A21: 0.3 | B21: Инвестиционные проекты, реализация которых обуславливается схемами и программами перспективного развития электроэнергетики, всего | C21: Г | D21: =D131 -> 0 | E21: =E131 -> 0 | F21: =F131 -> 0 | G21: =G131 -> 0 | H21: =H131 -> 0 | I21: =I131 -> 0 | J21: =J131 -> 0 | K21: =K131 -> 0 | ... T21: =T131 -> 0 | U21: =U22+U26+U29+U38 -> 0 | V21: нд
A22: 0.4 | B22: Прочее новое строительство объектов электросетевого хозяйства, всего | C22: Г | D22: =D134 -> 0 | E22: =E134 -> 0 | F22: =F134 -> 0 | G22: =G134 -> 0 | H22: =H134 -> 0 | I22: =I134 -> 0 | J22: =J134 -> 0 | K22: =K134 -> 0 | ... T22: =T134 -> 0 | U22: =U23+U27+U30+U39 -> 0 | V22: нд
A23: 0.5 | B23: Покупка земельных участков для целей реализации инвестиционных проектов, всего | C23: Г | D23: =D135 -> 0 | E23: =E135 -> 0 | F23: =F135 -> 0 | G23: =G135 -> 0 | H23: =H135 -> 0 | I23: =I135 -> 0 | J23: =J135 -> 0 | K23: =K135 -> 0 | ... T23: =T135 -> 0 | U23: =U24+U28+U31+U40 -> 0 | V23: нд
A24: 0.6 | B24: Прочие инвестиционные проекты, всего | C24: Г | D24: =D136 -> 0 | E24: =E136 -> 0 | F24: =F136 -> 0 | G24: =G136 -> 0 | H24: =H136 -> 0 | I24: =I136 -> 0 | J24: =J136 -> 0 | K24: =K136 -> 0 | ... T24: =T136 -> 0 | U24: 0 | V24: нд
A25: 1 | B25: Московская обл., Богородский г.о., г.о.Электросталь | C25: Г | D25: =D26+D46+D131+D134+D135+D136 -> 41.82487 | E25: =E26+E46+E131+E134+E135+E136 -> 120.5892 | F25: =F26+F46+F131+F134+F135+F136 -> 33.880873 | G25: =G26+G46+G131+G134+G135+G136 -> 580.73385 | H25: =H26+H46+H131+H134+H135+H136 -> 145.18346 | I25: =I26+I46+I131+I134+I135+I136 -> 39.326767 | J25: =J26+J46+J131+J134+J135+J136 -> 0 | K25: =K26+K46+K131+K134+K135+K136 -> 0 | ... T25: =T26+T46+T131+T134+T135+T136 -> 0 | U25: 0 | V25: нд
A26: 1.1. | B26: Технологическое присоединение, всего, в том числе: | C26: Г | D26: =D27+D31+D34+D43 -> 0 | E26: =E27+E31+E34+E43 -> 0 | F26: =F27+F31+F34+F43 -> 0 | G26: =G27+G31+G34+G43 -> 0 | H26: =H27+H31+H34+H43 -> 0 | I26: =I27+I31+I34+I43 -> 0 | J26: =J27+J31+J34+J43 -> 0 | K26: =K27+K31+K34+K43 -> 0 | ... U26: =U27+U31+U34+U43 -> 0 | V26: нд
A27: 1.1.1. | B27: Технологическое присоединение энергопринимающих устройств потребителей, всего, в том числе: | C27: Г | D27: =SUM(D28:D30) -> 0 | E27: =SUM(E28:E30) -> 0 | F27: =SUM(F28:F30) -> 0 | G27: =SUM(G28:G30) -> 0 | H27: =SUM(H28:H30) -> 0 | I27: =SUM(I28:I30) -> 0 | J27: =SUM(J28:J30) -> 0 | K27: =SUM(K28:K30) -> 0 | ... U27: =SUM(U28:U30) -> 0 | V27: нд
A28: 1.1.1.1 | B28: Технологическое присоединение энергопринимающих устройств потребителей максимальной мощностью до 15 кВт включительно, всего | C28: Г | D28: 0 | E28: 0 | F28: 0 | G28: 0 | H28: 0 | I28: 0 | J28: 0 | K28: 0 | L28: 0 | M28: 0 | N28: 0 | O28: 0 | P28: 0 | Q28: 0 | R28: 0 | S28: 0 | T28: 0 | U28: 0 | V28: нд
A29: 1.1.1.2 | B29: Технологическое присоединение энергопринимающих устройств потребителей максимальной мощностью до 150 кВт включительно, всего | C29: Г | D29: 0 | E29: 0 | F29: 0 | G29: 0 | H29: 0 | I29: 0 | J29: 0 | K29: 0 | L29: 0 | M29: 0 | N29: 0 | O29: 0 | P29: 0 | Q29: 0 | R29: 0 | S29: 0 | T29: 0 | U29: 0 | V29: нд
A30: 1.1.1.3 | B30: Технологическое присоединение энергопринимающих устройств потребителей свыше 150 кВт, всего, в том числе: | C30: Г | D30: 0 | E30: 0 | F30: 0 | G30: 0 | H30: 0 | I30: 0 | J30: 0 | K30: 0 | L30: 0 | M30: 0 | N30: 0 | O30: 0 | P30: 0 | Q30: 0 | R30: 0 | S30: 0 | T30: =SUM(T31:T32) -> 0 | U30: =SUM(U31:U32) -> 0 | V30: нд
A31: 1.1.2. | B31: Технологическое присоединение объектов электросетевого хозяйства, всего, в том числе: | C31: Г | D31: =SUM(D32:D33) -> 0 | E31: =SUM(E32:E33) -> 0 | F31: =SUM(F32:F33) -> 0 | G31: =SUM(G32:G33) -> 0 | H31: =SUM(H32:H33) -> 0 | I31: =SUM(I32:I33) -> 0 | J31: =SUM(J32:J33) -> 0 | K31: =SUM(K32:K33) -> 0 | ... U31: =SUM(U32:U33) -> 0 | V31: нд
A32: 1.1.2.1 | B32: Технологическое присоединение объектов электросетевого хозяйства, принадлежащих иным сетевым организациям и иным лицам, всего, в том числе: | C32: Г | D32: 0 | E32: 0 | F32: 0 | G32: 0 | H32: 0 | I32: 0 | J32: 0 | K32: 0 | L32: 0 | M32: 0 | N32: 0 | O32: 0 | P32: 0 | Q32: 0 | R32: 0 | S32: 0 | T32: 0 | U32: 0 | V32: нд
A33: 1.1.2.2 | B33: Технологическое присоединение к электрическим сетям иных сетевых организаций, всего, в том числе: | C33: Г | D33: 0 | E33: 0 | F33: 0 | G33: 0 | H33: 0 | I33: 0 | J33: 0 | K33: 0 | L33: 0 | M33: 0 | N33: 0 | O33: 0 | P33: 0 | Q33: 0 | R33: 0 | S33: 0 | T33: 0 | U33: 0 | V33: нд
A34: 1.1.3. | B34: Технологическое присоединение объектов по производству электрической энергии, всего, в том числе: | C34: Г | D34: =SUM(D35:D42) -> 0 | E34: =SUM(E35:E42) -> 0 | F34: =SUM(F35:F42) -> 0 | G34: =SUM(G35:G42) -> 0 | H34: =SUM(H35:H42) -> 0 | I34: =SUM(I35:I42) -> 0 | J34: =SUM(J35:J42) -> 0 | K34: =SUM(K35:K42) -> 0 | ... U34: =SUM(U35:U42) -> 0 | V34: нд
A35: 1.1.3.1 | B35: Наименование объекта по производству электрической энергии, всего, в том числе: | C35: Г | D35: 0 | E35: 0 | F35: 0 | G35: 0 | H35: 0 | I35: 0 | J35: 0 | K35: 0 | L35: 0 | M35: 0 | N35: 0 | O35: 0 | P35: 0 | Q35: 0 | R35: 0 | S35: 0 | T35: 0 | U35: 0 | V35: нд
A36: 1.1.3.1 | B36: Строительство новых объектов электросетевого хозяйства (за исключением усиления существующей электрической сети) в целях осуществления технологического присоединения объекта по производству электрической энергии, всего, в том числе: | C36: Г | D36: 0 | E36: 0 | F36: 0 | G36: 0 | H36: 0 | I36: 0 | J36: 0 | K36: 0 | L36: 0 | M36: 0 | N36: 0 | O36: 0 | P36: 0 | Q36: 0 | R36: 0 | S36: 0 | T36: 0 | U36: 0 | V36: нд
A37: 1.1.3.1 | B37: Строительство новых объектов электросетевого хозяйства для усиления электрической сети в целях осуществления технологического присоединения объекта по производству электрической энергии, всего, в том числе: | C37: Г | D37: 0 | E37: 0 | F37: 0 | G37: 0 | H37: 0 | I37: 0 | J37: 0 | K37: 0 | L37: 0 | M37: 0 | N37: 0 | O37: 0 | P37: 0 | Q37: 0 | R37: 0 | S37: 0 | T37: 0 | U37: 0 | V37: нд
A38: 1.1.3.1 | B38: Реконструкция существующих объектов электросетевого хозяйства для усиления электрической сети в целях осуществления технологического присоединения объекта по производству электрической энергии всего, в том числе: | C38: Г | D38: 0 | E38: 0 | F38: 0 | G38: 0 | H38: 0 | I38: 0 | J38: 0 | K38: 0 | L38: 0 | M38: 0 | N38: 0 | O38: 0 | P38: 0 | Q38: 0 | R38: 0 | S38: 0 | T38: 0 | U38: 0 | V38: нд
A39: 1.1.3.2 | B39: Наименование объекта по производству электрической энергии, всего, в том числе: | C39: Г | D39: 0 | E39: 0 | F39: 0 | G39: 0 | H39: 0 | I39: 0 | J39: 0 | K39: 0 | L39: 0 | M39: 0 | N39: 0 | O39: 0 | P39: 0 | Q39: 0 | R39: 0 | S39: 0 | T39: 0 | U39: 0 | V39: нд
A40: 1.1.3.2 | B40: Строительство новых объектов электросетевого хозяйства (за исключением усиления существующей электрической сети) в целях осуществления технологического присоединения объекта по производству электрической энергии, всего, в том числе: | C40: Г | D40: 0 | E40: 0 | F40: 0 | G40: 0 | H40: 0 | I40: 0 | J40: 0 | K40: 0 | L40: 0 | M40: 0 | N40: 0 | O40: 0 | P40: 0 | Q40: 0 | R40: 0 | S40: 0 | T40: 0 | U40: 0 | V40: нд
A41: 1.1.3.2 | B41: Строительство новых объектов электросетевого хозяйства для усиления электрической сети в целях осуществления технологического присоединения объекта по производству электрической энергии, всего, в том числе: | C41: Г | D41: 0 | E41: 0 | F41: 0 | G41: 0 | H41: 0 | I41: 0 | J41: 0 | K41: 0 | L41: 0 | M41: 0 | N41: 0 | O41: 0 | P41: 0 | Q41: 0 | R41: 0 | S41: 0 | T41: 0 | U41: 0 | V41: нд
A42: 1.1.3.2 | B42: Реконструкция существующих объектов электросетевого хозяйства для усиления электрической сети в целях осуществления технологического присоединения объекта по производству электрической энергии, всего, в том числе: | C42: Г | D42: 0 | E42: 0 | F42: 0 | G42: 0 | H42: 0 | I42: 0 | J42: 0 | K42: 0 | L42: 0 | M42: 0 | N42: 0 | O42: 0 | P42: 0 | Q42: 0 | R42: 0 | S42: 0 | T42: 0 | U42: 0 | V42: нд
A43: 1.1.4. | B43: Усиление электрической сети в целях осуществления технологического присоединения энергопринимающих устройств потребителей и (или) объектов электросетевого хозяйства, всего, в том числе: | C43: Г | D43: =SUM(D44:D45) -> 0 | E43: =SUM(E44:E45) -> 0 | F43: =SUM(F44:F45) -> 0 | G43: =SUM(G44:G45) -> 0 | H43: =SUM(H44:H45) -> 0 | I43: =SUM(I44:I45) -> 0 | J43: =SUM(J44:J45) -> 0 | K43: =SUM(K44:K45) -> 0 | ... U43: =SUM(U44:U45) -> 0 | V43: нд
A44: 1.1.4.1 | B44: Строительство новых объектов электросетевого хозяйства для усиления электрической сети в целях осуществления технологического присоединения, всего, в том числе: | C44: Г | D44: 0 | E44: 0 | F44: 0 | G44: 0 | H44: 0 | I44: 0 | J44: 0 | K44: 0 | L44: 0 | M44: 0 | N44: 0 | O44: 0 | P44: 0 | Q44: 0 | R44: 0 | S44: 0 | T44: 0 | U44: 0 | V44: нд
A45: 1.1.4.2 | B45: Реконструкция существующих объектов электросетевого хозяйства для усиления электрической сети в целях осуществления технологического присоединения, всего, в том числе: | C45: Г | D45: 0 | E45: 0 | F45: 0 | G45: 0 | H45: 0 | I45: 0 | J45: 0 | K45: 0 | L45: 0 | M45: 0 | N45: 0 | O45: 0 | P45: 0 | Q45: 0 | R45: 0 | S45: 0 | T45: 0 | U45: 0 | V45: нд
A46: 1.2. | B46: Реконструкция, модернизация, техническое перевооружение, всего, в том числе: | C46: Г | D46: =D47+D87+D119+D128 -> 41.82487 | E46: =E47+E87+E119+E128 -> 120.5892 | F46: =F47+F87+F119+F128 -> 33.880873 | G46: =G47+G87+G119+G128 -> 580.73385 | H46: =H47+H87+H119+H128 -> 145.18346 | I46: =I47+I87+I119+I128 -> 39.326767 | J46: =J47+J87+J119+J128 -> 0 | K46: =K47+K87+K119+K128 -> 0 | ... U46: =U47+U87+U119+U128 -> 0 | V46: нд
A47: 1.2.1. | B47: Реконструкция, модернизация, техническое перевооружение трансформаторных и иных подстанций, распределительных пунктов, всего, в том числе: | C47: Г | D47: =D48+D86 -> 20.482379 | E47: =E48+E86 -> 76.030357 | F47: =F48+F86 -> 16.069015 | G47: =G48+G86 -> 298.58628 | H47: =H48+H86 -> 89.520611 | I47: =I48+I86 -> 39.326767 | J47: =J48+J86 -> 0 | K47: =K48+K86 -> 0 | ... U47: =U48+U86 -> 0 | V47: нд
A48: 1.2.1.1 | B48: Реконструкция трансформаторных и иных подстанций, всего, в том числе: | C48: Г | D48: =SUM(D49:D85) -> 20.482379 | E48: =SUM(E49:E85) -> 76.030357 | F48: =SUM(F49:F85) -> 16.069015 | G48: =SUM(G49:G85) -> 298.58628 | H48: =SUM(H49:H85) -> 89.520611 | I48: =SUM(I49:I85) -> 39.326767 | J48: =SUM(J49:J85) -> 0 | K48: =SUM(K49:K85) -> 0 | ... U48: =SUM(U49:U85) -> 0 | V48: нд
A49: 1.2.1.1 | B49: Реконструкция распределительной подстанции РП-1215, с заменой (13 шт.) и увеличением кол-ва ячеек на 3шт. (до 16 шт.), Богородский г.о., г.Ногинск, ул.Трудовая | C49: O_16_РП-1215 | D49: 1.2054824 | E49: 22.374339 | F49: 0 | G49: 0 | H49: =J49+L49+N49+P49 -> 0 | I49: =K49+M49+O49+Q49 -> 0 | J49: 0 | K49: 0 | L49: 0 | M49: 0 | N49: 0 | O49: 0 | P49: 0 | Q49: 0 | R49: =IF(I49=0,F49,IF(I49>0,0)) -> 0 | S49: =G49-I49 -> 0 | T49: 0 | U49: 0 | V49: нд
A50: 1.2.1.1 | B50: Реконструкция распределительной подстанции РП-918, с заменой (8 шт.) и увеличением кол-ва ячеек на 2 шт. (до 10 шт.), Богородский г.о., г.Старая Купавна, ул.Дорожная | C50: O_17_РП-918 | D50: 0.79893022 | E50: 14.758728 | F50: 0 | G50: 0 | H50: =J50+L50+N50+P50 -> 0 | I50: =K50+M50+O50+Q50 -> 0 | J50: 0 | K50: 0 | L50: 0 | M50: 0 | N50: 0 | O50: 0 | P50: 0 | Q50: 0 | R50: =IF(I50=0,F50,IF(I50>0,0)) -> 0 | S50: =G50-I50 -> 0 | T50: 0 | U50: 0 | V50: нд
A51: 1.2.1.1 | B51: Реконструкция распределительной подстанции РП-131, с заменой (15 шт.) и увеличением кол-ва ячеек на 1 шт. (до 16 шт.), Богородский г.о., пос.Обухово, ул.Комбинат | C51: O_18_РП-131 | D51: 1.2552602 | E51: 0 | F51: =D51 -> 1.2552602 | G51: 26.156102 | H51: =J51+L51+N51+P51 -> 26.156102 | I51: =K51+M51+O51+Q51 -> 26.156102 | J51: 0 | K51: 0 | L51: =G51 -> 26.156102 | M51: 26.156102 | N51: 0 | O51: 0 | P51: 0 | Q51: 0 | R51: =IF(I51=0,F51,IF(I51>0,0)) -> 0 | S51: =G51-I51 -> 0 | T51: 0 | U51: 0 | V51: нд
A52: 1.2.1.1 | B52: Реконструкция распределительной подстанции РП-106, с заменой (6 шт.) и увеличением кол-ва ячеек на 2 шт. (до 8 шт.), Богородский г.о., г.Ногинск, ул.2-й Речной пр-зд | C52: O_19_РП-106 | D52: 0.71398161 | E52: 0 | F52: =D52 -> 0.71398161 | G52: 14.694977 | H52: =J52+L52+N52+P52 -> 14.694977 | I52: =K52+M52+O52+Q52 -> 0 | J52: 0 | K52: 0 | L52: 0 | M52: 0 | N52: =G52 -> 14.694977 | O52: 0 | P52: 0 | Q52: 0 | R52: =IF(I52=0,F52,IF(I52>0,0)) -> 0.71398161 | S52: =G52-I52 -> 14.694977 | T52: 0 | U52: 0 | V52: нд
A53: 1.2.1.1 | B53: Реконструкция распределительной подстанции РП-9, с заменой (12 шт.) и увеличением кол-ва ячеек на 4 шт. (до 16 шт.), Богородский г.о., г.Ногинск, ул.Рабочая | C53: O_20_РП-9 | D53: 1.2527849 | E53: 0 | F53: =D53 -> 1.2527849 | G53: 26.047651 | H53: =J53+L53+N53+P53 -> 0 | I53: =K53+M53+O53+Q53 -> 0 | J53: 0 | K53: 0 | L53: 0 | M53: 0 | N53: 0 | O53: 0 | P53: 0 | Q53: 0 | R53: =IF(I53=0,F53,IF(I53>0,0)) -> 1.2527849 | S53: =G53-I53 -> 26.047651 | T53: 0 | U53: 0 | V53: нд
A54: 1.2.1.2 | B54: Реконструкция распределительной подстанции РП-92, с заменой (15 шт.) и увеличением кол-ва ячеек на 3 шт. (до 18 шт.), Богородский г.о., г.Ногинск, ул.Совнархозная | C54: O_21_РП-92 | D54: 1.6207923 | E54: 0 | F54: =D54 -> 1.6207923 | G54: 33.35172 | H54: =J54+L54+N54+P54 -> 0 | I54: =K54+M54+O54+Q54 -> 0 | J54: 0 | K54: 0 | L54: 0 | M54: 0 | N54: 0 | O54: 0 | P54: 0 | Q54: 0 | R54: =IF(I54=0,F54,IF(I54>0,0)) -> 1.6207923 | S54: =G54-I54 -> 33.35172 | T54: 0 | U54: 0 | V54: нд
A55: 1.2.1.2 | B55: Реконструкция распределительной подстанции РП-405, с заменой (11 шт.) и увеличением кол-ва ячеек на 5 шт. (до 16 шт.), Богоросдкий г.о., пос.им.Воровского | C55: O_22_РП-405 | D55: 1.2659567 | E55: 0 | F55: =D55 -> 1.2659567 | G55: 26.277582 | H55: =J55+L55+N55+P55 -> 0 | I55: =K55+M55+O55+Q55 -> 0 | J55: 0 | K55: 0 | L55: 0 | M55: 0 | N55: 0 | O55: 0 | P55: 0 | Q55: 0 | R55: =IF(I55=0,F55,IF(I55>0,0)) -> 1.2659567 | S55: =G55-I55 -> 26.277582 | T55: 0 | U55: 0 | V55: нд
A56: 1.2.1.2 | B56: Реконструкция оборудования РУ 6кВ РТП-86, с заменой (5 шт.) и увеличением кол-ва ячеек на 3 шт. (до 8 шт.), Богоросдкий г.о., г.Ногинск, ул.Жарова | C56: O_23_РУ РТП-86 | D56: 0 | E56: 0 | F56: =D56 -> 0 | G56: 0 | H56: =J56+L56+N56+P56 -> 0 | I56: =K56+M56+O56+Q56 -> 0 | J56: 0 | K56: 0 | L56: 0 | M56: 0 | N56: 0 | O56: 0 | P56: 0 | Q56: 0 | R56: =IF(I56=0,F56,IF(I56>0,0)) -> 0 | S56: =G56-I56 -> 0 | T56: 0 | U56: 0 | V56: нд
A57: 1.2.1.2 | B57: Реконструкция распределительной подстанции РП-50, с заменой (10 шт.) и увеличением кол-ва ячеек на 6 шт. (до 16 шт.), Богоросдкий г.о., г.Ногинск, ул.Климова | C57: O_24_РП-50 | D57: 1.2511348 | E57: 0 | F57: =D57 -> 1.2511348 | G57: 25.975353 | H57: =J57+L57+N57+P57 -> 0 | I57: =K57+M57+O57+Q57 -> 0 | J57: 0 | K57: 0 | L57: 0 | M57: 0 | N57: 0 | O57: 0 | P57: 0 | Q57: 0 | R57: =IF(I57=0,F57,IF(I57>0,0)) -> 1.2511348 | S57: =G57-I57 -> 25.975353 | T57: 0 | U57: 0 | V57: нд
A58: 1.2.1.2 | B58: Реконструкция трансформаторной подстанции ТП-932, с увеличением трансформаторной мощности с 2х630 до 2х1000 кВА, Богородский г.о., г.Старая Купавна ул.Дорожная | C58: O_25_ТП-932 | D58: 0.54659057 | E58: 8.5361356 | F58: 0 | G58: 0 | H58: =J58+L58+N58+P58 -> 0 | I58: =K58+M58+O58+Q58 -> 0 | J58: 0 | K58: 0 | L58: 0 | M58: 0 | N58: 0 | O58: 0 | P58: 0 | Q58: 0 | R58: =IF(I58=0,F58,IF(I58>0,0)) -> 0 | S58: =G58-I58 -> 0 | T58: 0 | U58: 0 | V58: нд
A59: 1.2.1.2 | B59: Реконструкция трансформаторной подстанции ТП-84 с увеличением трансформаторной мощности с 2х400 на 2х630 кВА, Богородский г.о., г.Ногинск, Электростальское ш. | C59: O_26_ТП-84 | D59: 0.4914229 | E59: 7.969799 | F59: 0 | G59: 0 | H59: =J59+L59+N59+P59 -> 0 | I59: =K59+M59+O59+Q59 -> 0 | J59: 0 | K59: 0 | L59: 0 | M59: 0 | N59: 0 | O59: 0 | P59: 0 | Q59: 0 | R59: =IF(I59=0,F59,IF(I59>0,0)) -> 0 | S59: =G59-I59 -> 0 | T59: 0 | U59: 0 | V59: нд
A60: 1.2.1.2 | B60: Реконструкция трансформаторной подстанции ТП-195 с увеличением трансформаторной мощности с 2х250 на 2х630 кВА, Богородский г.о., г.Ногинск, ул.III Интернационала | C60: O_27_ТП-195 | D60: 0.79206591 | E60: 0 | F60: =D60 -> 0.79206591 | G60: 13.170666 | H60: =J60+L60+N60+P60 -> 13.170666 | I60: =K60+M60+O60+Q60 -> 13.170666 | J60: 0 | K60: 0 | L60: =G60 -> 13.170666 | M60: 13.170666 | N60: 0 | O60: 0 | P60: 0 | Q60: 0 | R60: =IF(I60=0,F60,IF(I60>0,0)) -> 0 | S60: =G60-I60 -> 0 | T60: 0 | U60: 0 | V60: нд
A61: 1.2.1.2 | B61: Реконструкция трансформаторной подстанции ТП-728 с увеличением трансформаторной мощности с 2х400 на 2х630 кВА, Богородский г.о., г.Ногинск, ул.Ильича | C61: O_28_ТП-728 | D61: 0.79362254 | E61: 0 | F61: =D61 -> 0.79362254 | G61: 13.215521 | H61: =J61+L61+N61+P61 -> 13.215521 | I61: =K61+M61+O61+Q61 -> 0 | J61: 0 | K61: 0 | L61: 0 | M61: 0 | N61: 0 | O61: 0 | P61: =G61 -> 13.215521 | Q61: 0 | R61: =IF(I61=0,F61,IF(I61>0,0)) -> 0.79362254 | S61: =G61-I61 -> 13.215521 | T61: 0 | U61: 0 | V61: нд
A62: 1.2.1.2 | B62: Реконструкция трансформаторной подстанции ТП-240 с увеличением трансформаторной мощности с 2х400 на 2х630 кВА, Богородский г.о., п.Обухово | C62: O_29_ТП-240 | D62: 0.79362254 | E62: 0 | F62: =D62 -> 0.79362254 | G62: 13.215521 | H62: =J62+L62+N62+P62 -> 0 | I62: =K62+M62+O62+Q62 -> 0 | J62: 0 | K62: 0 | L62: 0 | M62: 0 | N62: 0 | O62: 0 | P62: 0 | Q62: 0 | R62: =IF(I62=0,F62,IF(I62>0,0)) -> 0.79362254 | S62: =G62-I62 -> 13.215521 | T62: 0 | U62: 0 | V62: нд
A63: 1.2.1.2 | B63: Реконструкция трансформаторной подстанции ТП-181 с увеличением трансформаторной мощности с 2х400 на 2х630 кВА, Богородский г.о., г.Электроугли, ул.Полевая | C63: O_30_ТП-181 | D63: 0.79362254 | E63: 0 | F63: =D63 -> 0.79362254 | G63: 13.215521 | H63: =J63+L63+N63+P63 -> 0 | I63: =K63+M63+O63+Q63 -> 0 | J63: 0 | K63: 0 | L63: 0 | M63: 0 | N63: 0 | O63: 0 | P63: 0 | Q63: 0 | R63: =IF(I63=0,F63,IF(I63>0,0)) -> 0.79362254 | S63: =G63-I63 -> 13.215521 | T63: 0 | U63: 0 | V63: нд
A64: 1.2.1.2 | B64: Реконструкция трансформаторной подстанции ТП-187 с увеличением трансформаторной мощности с 2х250 на 2х630 кВА, Богородский г.о., г.Электроугли, ул.Парковая | C64: O_31_ТП-187 | D64: 0.79206591 | E64: 0 | F64: =D64 -> 0.79206591 | G64: 13.170666 | H64: =J64+L64+N64+P64 -> 0 | I64: =K64+M64+O64+Q64 -> 0 | J64: 0 | K64: 0 | L64: 0 | M64: 0 | N64: 0 | O64: 0 | P64: 0 | Q64: 0 | R64: =IF(I64=0,F64,IF(I64>0,0)) -> 0.79206591 | S64: =G64-I64 -> 13.170666 | T64: 0 | U64: 0 | V64: нд
A65: 1.2.1.2 | B65: Реконструкция трансформаторной подстанции ТП-87 с увеличением трансформаторной мощности с 2х250 на 2х630 кВА, Богородский г.о., г.Ногинск, ул.Ново-Владимирская | C65: O_32_ТП-87 | D65: 0.79206591 | E65: 0 | F65: =D65 -> 0.79206591 | G65: 13.170666 | H65: =J65+L65+N65+P65 -> 0 | I65: =K65+M65+O65+Q65 -> 0 | J65: 0 | K65: 0 | L65: 0 | M65: 0 | N65: 0 | O65: 0 | P65: 0 | Q65: 0 | R65: =IF(I65=0,F65,IF(I65>0,0)) -> 0.79206591 | S65: =G65-I65 -> 13.170666 | T65: 0 | U65: 0 | V65: нд
A66: 1.2.1.2 | B66: Реконструкция трансформаторной подстанции ТП-518 с увеличением трансформаторной мощности с 2х400 на 2х630 кВА, Богородский г.о., г.Ногинск, Электростальское ш. | C66: O_33_ТП-518 | D66: 0.79362254 | E66: 0 | F66: =D66 -> 0.79362254 | G66: 13.215521 | H66: =J66+L66+N66+P66 -> 0 | I66: =K66+M66+O66+Q66 -> 0 | J66: 0 | K66: 0 | L66: 0 | M66: 0 | N66: 0 | O66: 0 | P66: 0 | Q66: 0 | R66: =IF(I66=0,F66,IF(I66>0,0)) -> 0.79362254 | S66: =G66-I66 -> 13.215521 | T66: 0 | U66: 0 | V66: нд
A67: 1.2.1.2 | B67: Реконструкция трансформаторной подстанции ТП-15 с увеличением трансформаторной мощности с 2х180 на 2х630 кВА, Богородский г.о., г.Ногинск, ул.Трудовая | C67: O_34_ТП-15 | D67: 0.79206591 | E67: 0 | F67: =D67 -> 0.79206591 | G67: 13.170666 | H67: =J67+L67+N67+P67 -> 0 | I67: =K67+M67+O67+Q67 -> 0 | J67: 0 | K67: 0 | L67: 0 | M67: 0 | N67: 0 | O67: 0 | P67: 0 | Q67: 0 | R67: =IF(I67=0,F67,IF(I67>0,0)) -> 0.79206591 | S67: =G67-I67 -> 13.170666 | T67: 0 | U67: 0 | V67: нд
A68: 1.2.1.2 | B68: Реконструкция трансформаторной подстанции ТП-528 с увеличением трансформаторной мощности с 250 на 630 кВА, Богородский г.о., г.Ногинск, ул.Затишье | C68: O_35_КТП-528 | D68: 0.15430587 | E68: 2.4550967 | F68: 0 | G68: 0 | H68: =J68+L68+N68+P68 -> 0 | I68: =K68+M68+O68+Q68 -> 0 | J68: 0 | K68: 0 | L68: 0 | M68: 0 | N68: 0 | O68: 0 | P68: 0 | Q68: 0 | R68: =IF(I68=0,F68,IF(I68>0,0)) -> 0 | S68: =G68-I68 -> 0 | T68: 0 | U68: 0 | V68: нд
A69: 1.2.1.2 | B69: Реконструкция трансформаторной подстанции ТП-803 с увеличением трансформаторной мощности с 250 на 630 кВА, г.о.Электросталь, пос.Новые Дома | C69: O_36_КТП-803 | D69: 0.15430587 | E69: 2.4550967 | F69: 0 | G69: 0 | H69: =J69+L69+N69+P69 -> 0 | I69: =K69+M69+O69+Q69 -> 0 | J69: 0 | K69: 0 | L69: 0 | M69: 0 | N69: 0 | O69: 0 | P69: 0 | Q69: 0 | R69: =IF(I69=0,F69,IF(I69>0,0)) -> 0 | S69: =G69-I69 -> 0 | T69: 0 | U69: 0 | V69: нд
A70: 1.2.1.2 | B70: Реконструкция трансформаторной подстанции ТП-804 с увеличением трансформаторной мощности с 400 на 630 кВА, г.о.Электросталь, пос.Новые Дома | C70: O_37_КТП-804 | D70: 0.1550842 | E70: 2.4744746 | F70: 0 | G70: 0 | H70: =J70+L70+N70+P70 -> 0 | I70: =K70+M70+O70+Q70 -> 0 | J70: 0 | K70: 0 | L70: 0 | M70: 0 | N70: 0 | O70: 0 | P70: 0 | Q70: 0 | R70: =IF(I70=0,F70,IF(I70>0,0)) -> 0 | S70: =G70-I70 -> 0 | T70: 0 | U70: 0 | V70: нд
A71: 1.2.1.2 | B71: Реконструкция трансформаторной подстанции ТП-142 с увеличением трансформаторной мощности с 180 на 630 кВА, Богородский г.о., г.Электроугли, ул.Вокзальная | C71: O_38_КТП-142 | D71: 0.15430587 | E71: 2.4550967 | F71: 0 | G71: 0 | H71: =J71+L71+N71+P71 -> 0 | I71: =K71+M71+O71+Q71 -> 0 | J71: 0 | K71: 0 | L71: 0 | M71: 0 | N71: 0 | O71: 0 | P71: 0 | Q71: 0 | R71: =IF(I71=0,F71,IF(I71>0,0)) -> 0 | S71: =G71-I71 -> 0 | T71: 0 | U71: 0 | V71: нд
A72: 1.2.1.1 | B72: Реконструкция трансформаторной подстанции ТП-540 с увеличением трансформаторной мощности с 400 на 630 кВА, Богородский г.о., д.Пешково, ул.Гречишкина | C72: O_39_КТП-540 | D72: 0.27391553 | E72: 0 | F72: =D72 -> 0.27391553 | G72: 4.5805214 | H72: =J72+L72+N72+P72 -> 4.5805214 | I72: =K72+M72+O72+Q72 -> 0 | J72: 0 | K72: 0 | L72: 0 | M72: 0 | N72: 0 | O72: 0 | P72: =G72 -> 4.5805214 | Q72: 0 | R72: =IF(I72=0,F72,IF(I72>0,0)) -> 0.27391553 | S72: =G72-I72 -> 4.5805214 | T72: 0 | U72: 0 | V72: нд
A73: 1.2.1.1 | B73: Реконструкция трансформаторной подстанции ТП-88 с увеличением трансформаторной мощности с 320 на 630 кВА, Богородский г.о., г.Электроугли, ул.Малое Васильево | C73: O_40_КТП-88 | D73: 0 | E73: 0 | F73: =D73 -> 0 | G73: 0 | H73: =J73+L73+N73+P73 -> 0 | I73: =K73+M73+O73+Q73 -> 0 | J73: 0 | K73: 0 | L73: 0 | M73: 0 | N73: 0 | O73: 0 | P73: 0 | Q73: 0 | R73: =IF(I73=0,F73,IF(I73>0,0)) -> 0 | S73: =G73-I73 -> 0 | T73: 0 | U73: 0 | V73: нд
A74: 1.2.1.1 | B74: Реконструкция трансформаторной подстанции ТП-116 с увеличением трансформаторной мощности с 180 на 630 кВА, Богородский г.о., г.Электроугли, ул.Большое Васильево | C74: O_41_КТП-116 | D74: 0.2731372 | E74: 0 | F74: =D74 -> 0.2731372 | G74: 4.5580941 | H74: =J74+L74+N74+P74 -> 0 | I74: =K74+M74+O74+Q74 -> 0 | J74: 0 | K74: 0 | L74: 0 | M74: 0 | N74: 0 | O74: 0 | P74: 0 | Q74: 0 | R74: =IF(I74=0,F74,IF(I74>0,0)) -> 0.2731372 | S74: =G74-I74 -> 4.5580941 | T74: 0 | U74: 0 | V74: нд
A75: 1.2.1.1 | B75: Реконструкция трансформаторной подстанции ТП-559 с увеличением трансформаторной мощности с 400 на 630 кВА, Богородский г.о., г.Электроугли, ул.Дубнинская | C75: O_42_КТП-559 | D75: 0 | E75: 0 | F75: =D75 -> 0 | G75: 0 | H75: =J75+L75+N75+P75 -> 0 | I75: =K75+M75+O75+Q75 -> 0 | J75: 0 | K75: 0 | L75: 0 | M75: 0 | N75: 0 | O75: 0 | P75: 0 | Q75: 0 | R75: =IF(I75=0,F75,IF(I75>0,0)) -> 0 | S75: =G75-I75 -> 0 | T75: 0 | U75: 0 | V75: нд
A76: 1.2.1.1 | B76: Реконструкция трансформаторной подстанции ТП-148 с увеличением трансформаторной мощности с 400 на 630 кВА, Богородский г.о., д.Вишняково | C76: O_43_КТП-148 | D76: 0.27391553 | E76: 0 | F76: =D76 -> 0.27391553 | G76: 4.5805214 | H76: =J76+L76+N76+P76 -> 4.5805214 | I76: =K76+M76+O76+Q76 -> 0 | J76: 0 | K76: 0 | L76: 0 | M76: 0 | N76: 0 | O76: 0 | P76: =G76 -> 4.5805214 | Q76: 0 | R76: =IF(I76=0,F76,IF(I76>0,0)) -> 0.27391553 | S76: =G76-I76 -> 4.5805214 | T76: 0 | U76: 0 | V76: нд
A77: 1.2.1.1 | B77: Реконструкция трансформаторной подстанции ТП-462 с увеличением трансформаторной мощности с 250 на 630 кВА, Богородский г.о., д.Булгаково | C77: O_44_КТП-462 | D77: 0.15430587 | E77: 2.4550967 | F77: 0 | G77: 0 | H77: =J77+L77+N77+P77 -> 0 | I77: =K77+M77+O77+Q77 -> 0 | J77: 0 | K77: 0 | L77: 0 | M77: 0 | N77: 0 | O77: 0 | P77: 0 | Q77: 0 | R77: =IF(I77=0,F77,IF(I77>0,0)) -> 0 | S77: =G77-I77 -> 0 | T77: 0 | U77: 0 | V77: нд
A78: 1.2.1.1 | B78: Реконструкция трансформаторной подстанции ТП-412 с увеличением трансформаторной мощности с 160 на 630 кВА, Богородский г.о., пос.им.Воровского | C78: O_45_КТП-412 | D78: 0 | E78: 0 | F78: =D78 -> 0 | G78: 0 | H78: =J78+L78+N78+P78 -> 0 | I78: =K78+M78+O78+Q78 -> 0 | J78: 0 | K78: 0 | L78: 0 | M78: 0 | N78: 0 | O78: 0 | P78: 0 | Q78: 0 | R78: =IF(I78=0,F78,IF(I78>0,0)) -> 0 | S78: =G78-I78 -> 0 | T78: 0 | U78: 0 | V78: нд
A79: 1.2.1.1 | B79: Реконструкция трансформаторной подстанции ТП-973 с увеличением трансформаторной мощности с 160 на 630 кВА, Богородский г.о., д.Шульгино | C79: O_46_КТП-973 | D79: 0 | E79: 0 | F79: =D79 -> 0 | G79: 0 | H79: =J79+L79+N79+P79 -> 0 | I79: =K79+M79+O79+Q79 -> 0 | J79: 0 | K79: 0 | L79: 0 | M79: 0 | N79: 0 | O79: 0 | P79: 0 | Q79: 0 | R79: =IF(I79=0,F79,IF(I79>0,0)) -> 0 | S79: =G79-I79 -> 0 | T79: 0 | U79: 0 | V79: нд
A80: 1.2.1.1 | B80: Реконструкция трансформаторной подстанции ТП-654 с увеличением трансформаторной мощности с 180 на 630 кВА, Богородский г.о., г.Ногинск | C80: O_47_КТП-654 | D80: 0.2731372 | E80: 0 | F80: =D80 -> 0.2731372 | G80: 4.5580941 | H80: =J80+L80+N80+P80 -> 0 | I80: =K80+M80+O80+Q80 -> 0 | J80: 0 | K80: 0 | L80: 0 | M80: 0 | N80: 0 | O80: 0 | P80: 0 | Q80: 0 | R80: =IF(I80=0,F80,IF(I80>0,0)) -> 0.2731372 | S80: =G80-I80 -> 4.5580941 | T80: 0 | U80: 0 | V80: нд
A81: 1.2.1.1 | B81: Реконструкция трансформаторной подстанции ТП-720 с увеличением трансформаторной мощности с 400 на 630 кВА, Богородский г.о., г.Ногинск | C81: O_48_КТП-720 | D81: 0.27391553 | E81: 0 | F81: =D81 -> 0.27391553 | G81: 4.5805214 | H81: =J81+L81+N81+P81 -> 0 | I81: =K81+M81+O81+Q81 -> 0 | J81: 0 | K81: 0 | L81: 0 | M81: 0 | N81: 0 | O81: 0 | P81: 0 | Q81: 0 | R81: =IF(I81=0,F81,IF(I81>0,0)) -> 0.27391553 | S81: =G81-I81 -> 4.5805214 | T81: 0 | U81: 0 | V81: нд
A82: 1.2.1.1 | B82: Реконструкция трансформаторной подстанции ТП-743 с увеличением трансформаторной мощности с 160 на 630 кВА, Богородский г.о., г.Ногинск | C82: O_49_КТП-743 | D82: 0.2731372 | E82: 0 | F82: =D82 -> 0.2731372 | G82: 4.5580941 | H82: =J82+L82+N82+P82 -> 0 | I82: =K82+M82+O82+Q82 -> 0 | J82: 0 | K82: 0 | L82: 0 | M82: 0 | N82: 0 | O82: 0 | P82: 0 | Q82: 0 | R82: =IF(I82=0,F82,IF(I82>0,0)) -> 0.2731372 | S82: =G82-I82 -> 4.5580941 | T82: 0 | U82: 0 | V82: нд
A83: 1.2.1.1 | B83: Реконструкция КРУН-Прогресс с заменой (3 шт.) и увеличением кол-ва ячеек на 1 шт. (до 4 шт.), Богородский г.о., г.Старая Купавна, ул.Советская | C83: O_50_КРУНПрогресс | D83: 0.59862982 | E83: 10.096494 | F83: 0 | G83: 0 | H83: =J83+L83+N83+P83 -> 0 | I83: =K83+M83+O83+Q83 -> 0 | J83: 0 | K83: 0 | L83: 0 | M83: 0 | N83: 0 | O83: 0 | P83: 0 | Q83: 0 | R83: =IF(I83=0,F83,IF(I83>0,0)) -> 0 | S83: =G83-I83 -> 0 | T83: 0 | U83: 0 | V83: нд
A84: 1.2.1.1 | B84: Реконструкция КРУН-378 с заменой (1 шт.) и увеличением кол-ва ячеек на 1 шт. (до 2 шт.), Богородский г.о., пос.им.Воровского СНТ "Первомаец" | C84: O_51_КРУН378 | D84: 0.36259629 | E84: 0 | F84: =D84 -> 0.36259629 | G84: 6.5611516 | H84: =J84+L84+N84+P84 -> 6.5611516 | I84: =K84+M84+O84+Q84 -> 0 | J84: 0 | K84: 0 | L84: 0 | M84: 0 | N84: =G84 -> 6.5611516 | O84: 0 | P84: 0 | Q84: 0 | R84: =IF(I84=0,F84,IF(I84>0,0)) -> 0.36259629 | S84: =G84-I84 -> 6.5611516 | T84: 0 | U84: 0 | V84: нд
A85: 1.2.1.1 | B85: Реконструкция КРУН-341 с заменой (1 шт.) и увеличением кол-ва ячеек на 1шт. (до 2 шт.), Богородский г.о., пос.им.Воровского, ул.Нижняя | C85: O_52_КРУН341 | D85: 0.36259629 | E85: 0 | F85: =D85 -> 0.36259629 | G85: 6.5611516 | H85: =J85+L85+N85+P85 -> 6.5611516 | I85: =K85+M85+O85+Q85 -> 0 | J85: 0 | K85: 0 | L85: 0 | M85: 0 | N85: =G85 -> 6.5611516 | O85: 0 | P85: 0 | Q85: 0 | R85: =IF(I85=0,F85,IF(I85>0,0)) -> 0.36259629 | S85: =G85-I85 -> 6.5611516 | T85: 0 | U85: 0 | V85: нд
A86: 1.2.1.2 | B86: Модернизация, техническое перевооружение трансформаторных и иных подстанций, распределительных пунктов, всего, в том числе: | C86: Г | D86: 0 | E86: 0 | F86: 0 | G86: 0 | H86: 0 | I86: 0 | J86: 0 | K86: 0 | L86: 0 | M86: 0 | N86: 0 | O86: 0 | P86: 0 | Q86: 0 | R86: 0 | S86: 0 | T86: 0 | U86: 0 | V86: нд
A87: 1.2.2. | B87: Реконструкция, модернизация, техническое перевооружение линий электропередачи, всего, в том числе: | C87: Г | D87: =D88+D118 -> 21.342491 | E87: =E88+E118 -> 44.558839 | F87: =F88+F118 -> 17.811858 | G87: =G88+G118 -> 282.14757 | H87: =H88+H118 -> 55.662852 | I87: =I88+I118 -> 0 | J87: =J88+J118 -> 0 | K87: =K88+K118 -> 0 | ... T87: =T88+T118 -> 0 | U87: 0 | V87: нд
A88: 1.2.2.1 | B88: Реконструкция линий электропередачи, всего, в том числе: | C88: Г | D88: =SUM(D89:D117) -> 21.342491 | E88: =SUM(E89:E117) -> 44.558839 | F88: =SUM(F89:F117) -> 17.811858 | G88: =SUM(G89:G117) -> 282.14757 | H88: =SUM(H89:H117) -> 55.662852 | I88: =SUM(I89:I117) -> 0 | J88: =SUM(J89:J117) -> 0 | K88: =SUM(K89:K117) -> 0 | ... T88: =SUM(T89:T117) -> 0 | U88: 0 | V88: нд
A89: 1.2.2.1 | B89: Реконструкция кабельной линии КЛ 6кВ ТП-925 - ТП-966, Богородский г.о., г.Старая Купавна (2 км) | C89: O_53_КЛ-6 ТП925-ТП966 | D89: 0.74544386 | E89: 0 | F89: =D89 -> 0.74544386 | G89: 13.579033 | H89: =J89+L89+N89+P89 -> 13.579033 | I89: =K89+M89+O89+Q89 -> 0 | J89: 0 | K89: 0 | L89: 0 | M89: 0 | N89: =G89 -> 13.579033 | O89: 0 | P89: 0 | Q89: 0 | R89: =IF(I89=0,F89,IF(I89>0,0)) -> 0.74544386 | S89: =G89-I89 -> 13.579033 | T89: 0 | U89: 0 | V89: нд
A90: 1.2.2.1 | B90: Реконструкция кабельной линии КЛ 6кВ ТП-927 - ТП-966, Богородский г.о., г.Старая Купавна (1,7 км) | C90: O_54_КЛ-6 ТП927-ТП966 | D90: 0.63111011 | E90: 0 | F90: =D90 -> 0.63111011 | G90: 11.517701 | H90: =J90+L90+N90+P90 -> 11.517701 | I90: =K90+M90+O90+Q90 -> 0 | J90: 0 | K90: 0 | L90: 0 | M90: 0 | N90: =G90 -> 11.517701 | O90: 0 | P90: 0 | Q90: 0 | R90: =IF(I90=0,F90,IF(I90>0,0)) -> 0.63111011 | S90: =G90-I90 -> 11.517701 | T90: 0 | U90: 0 | V90: нд
A91: 1.2.2.1 | B91: Реконструкция кабельной линии КЛ 6кВ ЦРП-А - ТП-917, Богородский г.о., г.Старая Купавна (1,2 км) | C91: O_55_КЛ-6 ЦРП-А-ТП917 | D91: 0.60264647 | E91: 0 | F91: =D91 -> 0.60264647 | G91: 10.801439 | H91: =J91+L91+N91+P91 -> 10.801439 | I91: =K91+M91+O91+Q91 -> 0 | J91: 0 | K91: 0 | L91: 0 | M91: 0 | N91: =G91 -> 10.801439 | O91: 0 | P91: 0 | Q91: 0 | R91: =IF(I91=0,F91,IF(I91>0,0)) -> 0.60264647 | S91: =G91-I91 -> 10.801439 | T91: 0 | U91: 0 | V91: нд
A92: 1.2.2.1 | B92: Реконструкция кабельной линии КЛ 6кВ ТП-803 - ТП-804, г.о.Электросталь, пос.Новые Дома (0,4 км) | C92: O_56_КЛ-6 ТП803-ТП804 | D92: 0.16759679 | E92: 2.8649504 | F92: 0 | G92: 0 | H92: =J92+L92+N92+P92 -> 0 | I92: =K92+M92+O92+Q92 -> 0 | J92: 0 | K92: 0 | L92: 0 | M92: 0 | N92: 0 | O92: 0 | P92: 0 | Q92: 0 | R92: =IF(I92=0,F92,IF(I92>0,0)) -> 0 | S92: =G92-I92 -> 0 | T92: 0 | U92: 0 | V92: нд
A93: 1.2.2.1 | B93: Реконструкция кабельной линии КЛ 6кВ ТП-910 - ТП-917, Богородский г.о.,г.Старая Купавна (0,9 км) | C93: O_57_КЛ-6 ТП910-ТП917 | D93: 0.42587611 | E93: 0 | F93: =D93 -> 0.42587611 | G93: 8.3207194 | H93: =J93+L93+N93+P93 -> 0 | I93: =K93+M93+O93+Q93 -> 0 | J93: 0 | K93: 0 | L93: 0 | M93: 0 | N93: 0 | O93: 0 | P93: 0 | Q93: 0 | R93: =IF(I93=0,F93,IF(I93>0,0)) -> 0.42587611 | S93: =G93-I93 -> 8.3207194 | T93: 0 | U93: 0 | V93: нд
A94: 1.2.2.1 | B94: Реконструкция кабельной линии КЛ 6кВ ТП-966 - ТП-967, Богородский г.о.,г.Старая Купавна (0,35 км) | C94: O_58_КЛ-6 ТП966-ТП967 | D94: 0.20766937 | E94: 0 | F94: =D94 -> 0.20766937 | G94: 4.0177473 | H94: =J94+L94+N94+P94 -> 0 | I94: =K94+M94+O94+Q94 -> 0 | J94: 0 | K94: 0 | L94: 0 | M94: 0 | N94: 0 | O94: 0 | P94: 0 | Q94: 0 | R94: =IF(I94=0,F94,IF(I94>0,0)) -> 0.20766937 | S94: =G94-I94 -> 4.0177473 | T94: 0 | U94: 0 | V94: нд
A95: 1.2.2.1 | B95: Реконструкция кабельной линии КЛ 6кВ ТП-540 - ТП-646, Богородский г.о., г.Ногинск, д.Пешково (1,35 км) | C95: O_59_КЛ-6 ТП540-ТП646 | D95: 0.36450157 | E95: 0 | F95: =D95 -> 0.36450157 | G95: 7.3522682 | H95: =J95+L95+N95+P95 -> 7.3522682 | I95: =K95+M95+O95+Q95 -> 0 | J95: 0 | K95: 0 | L95: 0 | M95: 0 | N95: =G95 -> 7.3522682 | O95: 0 | P95: 0 | Q95: 0 | R95: =IF(I95=0,F95,IF(I95>0,0)) -> 0.36450157 | S95: =G95-I95 -> 7.3522682 | T95: 0 | U95: 0 | V95: нд
A96: 1.2.2.1 | B96: Реконструкция кабельной линии КЛ 6кВ ТП-518 - ТП-654, Богородский г.о., г.Ногинск (0,79 км) | C96: O_60_КЛ-6 ТП518-ТП654 | D96: 0.33153871 | E96: 0 | F96: =D96 -> 0.33153871 | G96: 6.3326615 | H96: =J96+L96+N96+P96 -> 0 | I96: =K96+M96+O96+Q96 -> 0 | J96: 0 | K96: 0 | L96: 0 | M96: 0 | N96: 0 | O96: 0 | P96: 0 | Q96: 0 | R96: =IF(I96=0,F96,IF(I96>0,0)) -> 0.33153871 | S96: =G96-I96 -> 6.3326615 | T96: 0 | U96: 0 | V96: нд
A97: 1.2.2.1 | B97: Реконструкция кабельной линии КЛ 6кВ ТП-720 - ТП-743, Богородский г.о., г.Ногинск (0,85 км) | C97: O_61_КЛ-6 ТП720-ТП743 | D97: 0.35624926 | E97: 0 | F97: =D97 -> 0.35624926 | G97: 6.7109156 | H97: =J97+L97+N97+P97 -> 0 | I97: =K97+M97+O97+Q97 -> 0 | J97: 0 | K97: 0 | L97: 0 | M97: 0 | N97: 0 | O97: 0 | P97: 0 | Q97: 0 | R97: =IF(I97=0,F97,IF(I97>0,0)) -> 0.35624926 | S97: =G97-I97 -> 6.7109156 | T97: 0 | U97: 0 | V97: нд
A98: 1.2.2.1 | B98: Реконструкция кабельной линии КЛ 6кВ ТП-928 - ТП-929, Богородский г.о., г.Старая Купавна (1,31 км) | C98: O_62_КЛ-6 ТП928-ТП929 | D98: 0 | E98: 0 | F98: =D98 -> 0 | G98: 0 | H98: =J98+L98+N98+P98 -> 0 | I98: =K98+M98+O98+Q98 -> 0 | J98: 0 | K98: 0 | L98: 0 | M98: 0 | N98: 0 | O98: 0 | P98: 0 | Q98: 0 | R98: =IF(I98=0,F98,IF(I98>0,0)) -> 0 | S98: =G98-I98 -> 0 | T98: 0 | U98: 0 | V98: нд
A99: 1.2.2.1 | B99: Реконструкция кабельной линии КЛ 6кВ ТП-46 - ТП-514, Богородский г.о., г.Ногинск (0,69 км) | C99: O_63_КЛ-6 ТП46-ТП514 | D99: 0.25547815 | E99: 0 | F99: =D99 -> 0.25547815 | G99: 4.7813886 | H99: =J99+L99+N99+P99 -> 0 | I99: =K99+M99+O99+Q99 -> 0 | J99: 0 | K99: 0 | L99: 0 | M99: 0 | N99: 0 | O99: 0 | P99: 0 | Q99: 0 | R99: =IF(I99=0,F99,IF(I99>0,0)) -> 0.25547815 | S99: =G99-I99 -> 4.7813886 | T99: 0 | U99: 0 | V99: нд
A100: 1.2.2.1 | B100: Реконструкция кабельной линии КЛ 6кВ РП-561 - ТП-889, Богородский г.о., г.Ногинск (п.Красный Электрик - п.Бензоколонка) (5,2 км) | C100: O_64_КЛ-6 РП561-ТП889 | D100: 1.8837861 | E100: 0 | F100: =D100 -> 1.8837861 | G100: 34.771202 | H100: =J100+L100+N100+P100 -> 0 | I100: =K100+M100+O100+Q100 -> 0 | J100: 0 | K100: 0 | L100: 0 | M100: 0 | N100: 0 | O100: 0 | P100: 0 | Q100: 0 | R100: =IF(I100=0,F100,IF(I100>0,0)) -> 1.8837861 | S100: =G100-I100 -> 34.771202 | T100: 0 | U100: 0 | V100: нд
A101: 1.2.2.1 | B101: Реконструкция кабельной линии КЛ 6кВ КРУН-21 - РП-267 с установкой КРУН (РП), Богородский г.о., п.Обухово (5,5 км) | C101: O_65_КЛ-6 КРУН21-РП267 | D101: 2.2685787 | E101: 0 | F101: =D101 -> 2.2685787 | G101: 39.257537 | H101: =J101+L101+N101+P101 -> 0 | I101: =K101+M101+O101+Q101 -> 0 | J101: 0 | K101: 0 | L101: 0 | M101: 0 | N101: 0 | O101: 0 | P101: 0 | Q101: 0 | R101: =IF(I101=0,F101,IF(I101>0,0)) -> 2.2685787 | S101: =G101-I101 -> 39.257537 | T101: 0 | U101: 0 | V101: нд
A102: 1.2.2.1 | B102: Реконструкция кабельной линии КЛ 6кВ ТП-183 - ТП-737 с установкой КРУН в направлении к ТП-731, Богородский г.о., г.Ногинск (1,6 км) | C102: O_66_КЛ-6 ТП183-ТП737 | D102: 0.96432166 | E102: 16.426934 | F102: 0 | G102: 0 | H102: =J102+L102+N102+P102 -> 0 | I102: =K102+M102+O102+Q102 -> 0 | J102: 0 | K102: 0 | L102: 0 | M102: 0 | N102: 0 | O102: 0 | P102: 0 | Q102: 0 | R102: =IF(I102=0,F102,IF(I102>0,0)) -> 0 | S102: =G102-I102 -> 0 | T102: 0 | U102: 0 | V102: нд
A103: 1.2.2.1 | B103: Реконструкция кабельной линии КЛ 6кВ РП-286 - опора ВЛ в направлении КРУН-263 с установкой КРУН, Богородский г.о., г.Электроугли (1,01 км) | C103: O_67_КЛ-6 РП286-КРУН263-опора | D103: 0.96798611 | E103: 0 | F103: =D103 -> 0.96798611 | G103: 17.252966 | H103: =J103+L103+N103+P103 -> 0 | I103: =K103+M103+O103+Q103 -> 0 | J103: 0 | K103: 0 | L103: 0 | M103: 0 | N103: 0 | O103: 0 | P103: 0 | Q103: 0 | R103: =IF(I103=0,F103,IF(I103>0,0)) -> 0.96798611 | S103: =G103-I103 -> 17.252966 | T103: 0 | U103: 0 | V103: нд
A104: 1.2.2.1 | B104: Реконструкция кабельной линии КЛ 10кВ ТП-314 - ТП-1410, Богородский г.о., пос.им.Воровского (1,9 км) | C104: O_68_КЛ-10 ТП314-ТП1410 | D104: 0.55953755 | E104: 0 | F104: =D104 -> 0.55953755 | G104: 11.11319 | H104: =J104+L104+N104+P104 -> 0 | I104: =K104+M104+O104+Q104 -> 0 | J104: 0 | K104: 0 | L104: 0 | M104: 0 | N104: 0 | O104: 0 | P104: 0 | Q104: 0 | R104: =IF(I104=0,F104,IF(I104>0,0)) -> 0.55953755 | S104: =G104-I104 -> 11.11319 | T104: 0 | U104: 0 | V104: нд
...

Sheet 13
CK1: Приложение № 13
CI2: к приказу Минэнерго России от 25 апреля 2018 г. № 320
A3: Форма 13. Отчет об исполнении плана ввода основных средств по инвестиционным проектам инвестиционной программы (квартальный)
O4: ='10'!G4 -> 2 квартал | S4: ='10'!J4 -> 2026 | T4: года
I6: Отчет о реализации инвестиционной программы | N6: АО "Богородская Электросеть"
N7: полное наименование субъекта электроэнергетики
R9: Год раскрытия информации: | S9: ='10'!J9 -> 2026 | T9: год
I11: Утвержденные плановые значения показателей приведены в соответствии с | Q11: ='10'!H11 -> приказ министра энергетики МО №146 от 25.12.2025
Q12: реквизиты решения органа исполнительной власти, утвердившего инвестиционную программу
A14: Номер группы инвести-ционных проектов | B14: Наименование инвестиционного проекта (группы инвестиционных проектов) | C14: Идентификаторинвестиционногопроекта | D14: Первоначальная стоимость принимаемых к учету основных средств и нематериальных активов, млн. рублей (без НДС) | E14: Принятие основных средств и нематериальных | AN14: активов к бухгалтерскому учету в 2026 году | CG14: Отклонение от плана ввода основных средств по итогам отчетного периода | CK14: Причины отклонений
E15: План | AS15: Факт
E16: Всего | M16: I кв. | U16: II кв. | AC16: III кв. | AK16: IV кв. | AS16: Всего | BA16: I кв. | BI16: II кв. | BQ16: III кв. | BY16: IV кв.
E17: нематериальные активы | F17: основные средства | M17: нематериальные активы | N17: основные средства | U17: нематериальные активы | V17: основные средства | AC17: нематериальные активы | AD17: основные средства | AK17: нематериальные активы | AL17: основные средства | AS17: нематериальные активы | AT17: основные средства | BA17: нематериальные активы | BB17: основные средства | BI17: нематериальные активы | BJ17: основные средства | BQ17: нематериальные активы | BR17: основные средства | BY17: нематериальные активы | BZ17: основные средства | CG17: нематериальные активы | CI17: основные средства
E18: млн рублей (без НДС) | F18: млн рублей (без НДС) | G18: МВ×А | H18: Мвар | I18: км ЛЭП | J18: МВт | K18: Ячейки КСО | L18: единицы, шт. | M18: млн рублей (без НДС) | N18: млн рублей (без НДС) | O18: МВ×А | P18: Мвар | Q18: км ЛЭП | R18: МВт | S18: Ячейки КСО | T18: единицы, шт. | U18: млн рублей (без НДС) | V18: млн рублей (без НДС) | W18: МВ×А | X18: Мвар | Y18: км ЛЭП | Z18: МВт | AA18: Ячейки КСО | AB18: единицы, шт. | AC18: млн рублей (без НДС) | AD18: млн рублей (без НДС) | AE18: МВ×А | AF18: Мвар | AG18: км ЛЭП | AH18: МВт | AI18: Ячейки КСО | AJ18: единицы, шт. | AK18: млн рублей (без НДС) | AL18: млн рублей (без НДС) | AM18: МВ×А | AN18: Мвар | AO18: км ЛЭП | AP18: МВт | AQ18: Ячейки КСО | AR18: единицы, шт. | AS18: млн рублей (без НДС) | AT18: млн рублей (без НДС) | AU18: МВ×А | AV18: Мвар | AW18: км ЛЭП | AX18: МВт | AY18: Ячейки КСО | AZ18: единицы, шт. | BA18: млн рублей (без НДС) | BB18: млн рублей (без НДС) | BC18: МВ×А | BD18: Мвар | BE18: км ЛЭП | BF18: МВт | BG18: Ячейки КСО | BH18: единицы, шт. | BI18: млн рублей (без НДС) | BJ18: млн рублей (без НДС) | BK18: МВ×А | BL18: Мвар | BM18: км ЛЭП | BN18: МВт | BO18: Ячейки КСО | BP18: единицы, шт. | BQ18: млн рублей (без НДС) | BR18: млн рублей (без НДС) | BS18: МВ×А | BT18: Мвар | BU18: км ЛЭП | BV18: МВт | BW18: Ячейки КСО | BX18: единицы, шт. | BY18: млн рублей (без НДС) | BZ18: млн рублей (без НДС) | CA18: МВ×А | CB18: Мвар | CC18: км ЛЭП | CD18: МВт | CE18: Ячейки КСО | CF18: единицы, шт. | CG18: млн. рублей (без НДС) | CH18: % | CI18: млн. рублей (без НДС) | CJ18: %
A19: 1 | B19: 2 | C19: 3 | D19: 4 | E19: 5.1 | F19: 5.2 | G19: 5.3 | H19: 5.4 | I19: 5.5 | J19: 5.6 | K19: 5.7 | L19: 5.1.1 | M19: 5.1.2 | N19: 5.1.3 | O19: 5.1.4 | P19: 5.1.5 | Q19: 5.1.6 | R19: 5.1.7 | S19: 5.2.1 | T19: 5.2.2 | U19: 5.2.3 | V19: 5.2.4 | W19: 5.2.5 | X19: 5.2.6 | Y19: 5.2.7 | Z19: 5.3.1 | AA19: 5.3.2 | AB19: 5.3.3 | AC19: 5.3.4 | AD19: 5.3.5 | AE19: 5.3.6 | AF19: 5.3.7 | AG19: 5.4.1 | AH19: 5.4.2 | AI19: 5.4.3 | AJ19: 5.4.4 | AK19: 5.4.5 | AL19: 5.4.6 | AM19: 5.4.7 | AN19: 6.1 | AO19: 6.2 | AP19: 6.3 | AQ19: 6.4 | AR19: 6.5 | AS19: 6.6 | AT19: 6.7 | AU19: 6.1.1 | AV19: 6.1.2 | AW19: 6.1.3 | AX19: 6.1.4 | AY19: 6.1.5 | AZ19: 6.1.6 | BA19: 6.1.7 | BB19: 6.2.1 | BC19: 6.2.2 | BD19: 6.2.3 | BE19: 6.2.4 | BF19: 6.2.5 | BG19: 6.2.6 | BH19: 6.2.7 | BI19: 6.3.1 | BJ19: 6.3.2 | BK19: 6.3.3 | BL19: 6.3.4 | BW19: 6.3.5 | BX19: 6.3.6 | BY19: 6.3.7 | BZ19: 6.4.1 | CA19: 6.4.2 | CB19: 6.4.3 | CC19: 6.4.4 | CD19: 6.4.5 | CE19: 6.4.6 | CF19: 6.4.7 | CG19: 7 | CH19: 8 | CI19: 9 | CJ19: 10 | CK19: 11
A20: 0 | B20: ИТОГО по инвестиционной программе | C20: Г | D20: =SUM(D21:D26) -> 701.32305 | E20: =SUM(E21:E26) -> 0 | F20: =SUM(F21:F26) -> 145.18346 | G20: =SUM(G21:G26) -> 3.78 | H20: =SUM(H21:H26) -> 0 | I20: =SUM(I21:I26) -> 8.45 | J20: =SUM(J21:J26) -> 0 | K20: =SUM(K21:K26) -> 28 | ... CG20: =SUM(CG21:CG26) -> 0 | CH20: =CH21+CH25+CH28+CH37 -> 0 | CI20: =SUM(CI21:CI26) -> 0 | CJ20: 0 | CK20: нд
A21: 0.1 | B21: Технологическое присоединение, всего | C21: Г | D21: =D28 -> 0 | E21: =E28 -> 0 | F21: =F28 -> 0 | G21: =G28 -> 0 | H21: =H28 -> 0 | I21: =I28 -> 0 | J21: =J28 -> 0 | K21: =K28 -> 0 | ... CG21: =CG28 -> 0 | CH21: =CH22+CH26+CH29+CH38 -> 0 | CI21: =CI28 -> 0 | CJ21: 0 | CK21: нд
A22: 0.2 | B22: Реконструкция, модернизация, техническое перевооружение, всего | C22: Г | D22: =D48 -> 701.32305 | E22: =E48 -> 0 | F22: =F48 -> 145.18346 | G22: =G48 -> 3.78 | H22: =H48 -> 0 | I22: =I48 -> 8.45 | J22: =J48 -> 0 | K22: =K48 -> 28 | ... CG22: =CG48 -> 0 | CH22: =CH23+CH27+CH30+CH39 -> 0 | CI22: =CI48 -> 0 | CJ22: =CJ23+CJ27+CJ30+CJ39 -> 0 | CK22: нд
A23: 0.3 | B23: Инвестиционные проекты, реализация которых обуславливается схемами и программами перспективного развития электроэнергетики, всего | C23: Г | D23: =D133 -> 0 | E23: =E133 -> 0 | F23: =F133 -> 0 | G23: =G133 -> 0 | H23: =H133 -> 0 | I23: =I133 -> 0 | J23: =J133 -> 0 | K23: =K133 -> 0 | ... CG23: =CG133 -> 0 | CH23: =CH24+CH28+CH31+CH40 -> 0 | CI23: =CI133 -> 0 | CJ23: =CJ24+CJ28+CJ31+CJ40 -> 0 | CK23: нд
A24: 0.4 | B24: Прочее новое строительство объектов электросетевого хозяйства, всего | C24: Г | D24: =D136 -> 0 | E24: =E136 -> 0 | F24: =F136 -> 0 | G24: =G136 -> 0 | H24: =H136 -> 0 | I24: =I136 -> 0 | J24: =J136 -> 0 | K24: =K136 -> 0 | ... CG24: =CG136 -> 0 | CH24: =CH25+CH29+CH32+CH41 -> 0 | CI24: =CI136 -> 0 | CJ24: =CJ25+CJ29+CJ32+CJ41 -> 0 | CK24: нд
A25: 0.5 | B25: Покупка земельных участков для целей реализации инвестиционных проектов, всего | C25: Г | D25: =D137 -> 0 | E25: =E137 -> 0 | F25: =F137 -> 0 | G25: =G137 -> 0 | H25: =H137 -> 0 | I25: =I137 -> 0 | J25: =J137 -> 0 | K25: =K137 -> 0 | ... CG25: =CG137 -> 0 | CH25: =CH26+CH30+CH33+CH42 -> 0 | CI25: =CI137 -> 0 | CJ25: =CJ26+CJ30+CJ33+CJ42 -> 0 | CK25: нд
A26: 0.6 | B26: Прочие инвестиционные проекты, всего | C26: Г | D26: =D138 -> 0 | E26: =E138 -> 0 | F26: =F138 -> 0 | G26: =G138 -> 0 | H26: =H138 -> 0 | I26: =I138 -> 0 | J26: =J138 -> 0 | K26: =K138 -> 0 | ... CG26: =CG138 -> 0 | CH26: =CH27+CH31+CH34+CH43 -> 0 | CI26: =CI138 -> 0 | CJ26: 0 | CK26: нд
A27: 1 | B27: Московская обл., Богородский г.о., г.о.Электросталь | C27: Г | D27: =D28+D48+D133+D136+D137+D138 -> 701.32305 | E27: =E28+E48+E133+E136+E137+E138 -> 0 | F27: =F28+F48+F133+F136+F137+F138 -> 145.18346 | G27: =G28+G48+G133+G136+G137+G138 -> 3.78 | H27: =H28+H48+H133+H136+H137+H138 -> 0 | I27: =I28+I48+I133+I136+I137+I138 -> 8.45 | J27: =J28+J48+J133+J136+J137+J138 -> 0 | K27: =K28+K48+K133+K136+K137+K138 -> 28 | ... CG27: =CG28+CG48+CG133+CG136+CG137+CG138 -> 0 | CH27: =CH28+CH32+CH35+CH44 -> 0 | CI27: =CI28+CI48+CI133+CI136+CI137+CI138 -> 0 | CJ27: 0 | CK27: нд
A28: 1.1. | B28: Технологическое присоединение, всего, в том числе: | C28: Г | D28: =D29+D33+D36+D45 -> 0 | E28: =E29+E33+E36+E45 -> 0 | F28: =F29+F33+F36+F45 -> 0 | G28: =G29+G33+G36+G45 -> 0 | H28: =H29+H33+H36+H45 -> 0 | I28: =I29+I33+I36+I45 -> 0 | J28: =J29+J33+J36+J45 -> 0 | K28: =K29+K33+K36+K45 -> 0 | ... CJ28: =CJ29+CJ33+CJ36+CJ45 -> 0 | CK28: нд
A29: 1.1.1. | B29: Технологическое присоединение энергопринимающих устройств потребителей, всего, в том числе: | C29: Г | D29: =SUM(D30:D32) -> 0 | E29: =SUM(E30:E32) -> 0 | F29: =SUM(F30:F32) -> 0 | G29: =SUM(G30:G32) -> 0 | H29: =SUM(H30:H32) -> 0 | I29: =SUM(I30:I32) -> 0 | J29: =SUM(J30:J32) -> 0 | K29: =SUM(K30:K32) -> 0 | ... CJ29: =SUM(CJ30:CJ32) -> 0 | CK29: нд
A30: 1.1.1.1 | B30: Технологическое присоединение энергопринимающих устройств потребителей максимальной мощностью до 15 кВт включительно, всего | C30: Г | D30: 0 | E30: 0 | F30: 0 | G30: 0 | H30: 0 | I30: 0 | J30: 0 | K30: 0 | L30: 0 | M30: 0 | N30: 0 | O30: 0 | P30: 0 | Q30: 0 | R30: 0 | S30: 0 | T30: 0 | U30: 0 | V30: 0 | W30: 0 | X30: 0 | Y30: 0 | Z30: 0 | AA30: 0 | AB30: 0 | AC30: 0 | AD30: 0 | AE30: 0 | AF30: 0 | AG30: 0 | AH30: 0 | AI30: 0 | AJ30: 0 | AK30: 0 | AL30: 0 | AM30: 0 | AN30: 0 | AO30: 0 | AP30: 0 | AQ30: 0 | AR30: 0 | AS30: 0 | AT30: 0 | AU30: 0 | AV30: 0 | AW30: 0 | AX30: 0 | AY30: 0 | AZ30: 0 | BA30: 0 | BB30: 0 | BC30: 0 | BD30: 0 | BE30: 0 | BF30: 0 | BG30: 0 | BH30: 0 | BI30: 0 | BJ30: 0 | BK30: 0 | BL30: 0 | BM30: 0 | BN30: 0 | BO30: 0 | BP30: 0 | BQ30: 0 | BR30: 0 | BS30: 0 | BT30: 0 | BU30: 0 | BV30: 0 | BW30: 0 | BX30: 0 | BY30: 0 | BZ30: 0 | CA30: 0 | CB30: 0 | CC30: 0 | CD30: 0 | CE30: 0 | CF30: 0 | CG30: 0 | CH30: 0 | CI30: 0 | CJ30: 0 | CK30: нд
A31: 1.1.1.2 | B31: Технологическое присоединение энергопринимающих устройств потребителей максимальной мощностью до 150 кВт включительно, всего | C31: Г | D31: 0 | E31: 0 | F31: 0 | G31: 0 | H31: 0 | I31: 0 | J31: 0 | K31: 0 | L31: 0 | M31: 0 | N31: 0 | O31: 0 | P31: 0 | Q31: 0 | R31: 0 | S31: 0 | T31: 0 | U31: 0 | V31: 0 | W31: 0 | X31: 0 | Y31: 0 | Z31: 0 | AA31: 0 | AB31: 0 | AC31: 0 | AD31: 0 | AE31: 0 | AF31: 0 | AG31: 0 | AH31: 0 | AI31: 0 | AJ31: 0 | AK31: 0 | AL31: 0 | AM31: 0 | AN31: 0 | AO31: 0 | AP31: 0 | AQ31: 0 | AR31: 0 | AS31: 0 | AT31: 0 | AU31: 0 | AV31: 0 | AW31: 0 | AX31: 0 | AY31: 0 | AZ31: 0 | BA31: 0 | BB31: 0 | BC31: 0 | BD31: 0 | BE31: 0 | BF31: 0 | BG31: 0 | BH31: 0 | BI31: 0 | BJ31: 0 | BK31: 0 | BL31: 0 | BM31: 0 | BN31: 0 | BO31: 0 | BP31: 0 | BQ31: 0 | BR31: 0 | BS31: 0 | BT31: 0 | BU31: 0 | BV31: 0 | BW31: 0 | BX31: 0 | BY31: 0 | BZ31: 0 | CA31: 0 | CB31: 0 | CC31: 0 | CD31: 0 | CE31: 0 | CF31: 0 | CG31: 0 | CH31: 0 | CI31: 0 | CJ31: 0 | CK31: нд
A32: 1.1.1.3 | B32: Технологическое присоединение энергопринимающих устройств потребителей свыше 150 кВт, всего, в том числе: | C32: Г | D32: 0 | E32: 0 | F32: 0 | G32: 0 | H32: 0 | I32: 0 | J32: 0 | K32: 0 | L32: 0 | M32: 0 | N32: 0 | O32: 0 | P32: 0 | Q32: 0 | R32: 0 | S32: 0 | T32: 0 | U32: 0 | V32: 0 | W32: 0 | X32: 0 | Y32: 0 | Z32: 0 | AA32: 0 | AB32: 0 | AC32: 0 | AD32: 0 | AE32: 0 | AF32: 0 | AG32: 0 | AH32: 0 | AI32: 0 | AJ32: 0 | AK32: 0 | AL32: 0 | AM32: 0 | AN32: 0 | AO32: 0 | AP32: 0 | AQ32: 0 | AR32: 0 | AS32: 0 | AT32: 0 | AU32: 0 | AV32: 0 | AW32: 0 | AX32: 0 | AY32: 0 | AZ32: 0 | BA32: 0 | BB32: 0 | BC32: 0 | BD32: 0 | BE32: 0 | BF32: 0 | BG32: 0 | BH32: 0 | BI32: 0 | BJ32: 0 | BK32: 0 | BL32: 0 | BM32: 0 | BN32: 0 | BO32: 0 | BP32: 0 | BQ32: 0 | BR32: 0 | BS32: 0 | BT32: 0 | BU32: 0 | BV32: 0 | BW32: 0 | BX32: 0 | BY32: 0 | BZ32: 0 | CA32: 0 | CB32: 0 | CC32: 0 | CD32: 0 | CE32: 0 | CF32: 0 | CG32: =SUM(CG33:CG34) -> 0 | CH32: =SUM(CH33:CH34) -> 0 | CI32: =SUM(CI33:CI34) -> 0 | CJ32: =SUM(CJ33:CJ34) -> 0 | CK32: нд
A33: 1.1.2. | B33: Технологическое присоединение объектов электросетевого хозяйства, всего, в том числе: | C33: Г | D33: =SUM(D34:D35) -> 0 | E33: =SUM(E34:E35) -> 0 | F33: =SUM(F34:F35) -> 0 | G33: =SUM(G34:G35) -> 0 | H33: =SUM(H34:H35) -> 0 | I33: =SUM(I34:I35) -> 0 | J33: =SUM(J34:J35) -> 0 | K33: =SUM(K34:K35) -> 0 | ... CJ33: =SUM(CJ34:CJ35) -> 0 | CK33: нд
A34: 1.1.2.1 | B34: Технологическое присоединение объектов электросетевого хозяйства, принадлежащих иным сетевым организациям и иным лицам, всего, в том числе: | C34: Г | D34: 0 | E34: 0 | F34: 0 | G34: 0 | H34: 0 | I34: 0 | J34: 0 | K34: 0 | L34: 0 | M34: 0 | N34: 0 | O34: 0 | P34: 0 | Q34: 0 | R34: 0 | S34: 0 | T34: 0 | U34: 0 | V34: 0 | W34: 0 | X34: 0 | Y34: 0 | Z34: 0 | AA34: 0 | AB34: 0 | AC34: 0 | AD34: 0 | AE34: 0 | AF34: 0 | AG34: 0 | AH34: 0 | AI34: 0 | AJ34: 0 | AK34: 0 | AL34: 0 | AM34: 0 | AN34: 0 | AO34: 0 | AP34: 0 | AQ34: 0 | AR34: 0 | AS34: 0 | AT34: 0 | AU34: 0 | AV34: 0 | AW34: 0 | AX34: 0 | AY34: 0 | AZ34: 0 | BA34: 0 | BB34: 0 | BC34: 0 | BD34: 0 | BE34: 0 | BF34: 0 | BG34: 0 | BH34: 0 | BI34: 0 | BJ34: 0 | BK34: 0 | BL34: 0 | BM34: 0 | BN34: 0 | BO34: 0 | BP34: 0 | BQ34: 0 | BR34: 0 | BS34: 0 | BT34: 0 | BU34: 0 | BV34: 0 | BW34: 0 | BX34: 0 | BY34: 0 | BZ34: 0 | CA34: 0 | CB34: 0 | CC34: 0 | CD34: 0 | CE34: 0 | CF34: 0 | CG34: 0 | CH34: 0 | CI34: 0 | CJ34: 0 | CK34: нд
A35: 1.1.2.2 | B35: Технологическое присоединение к электрическим сетям иных сетевых организаций, всего, в том числе: | C35: Г | D35: 0 | E35: 0 | F35: 0 | G35: 0 | H35: 0 | I35: 0 | J35: 0 | K35: 0 | L35: 0 | M35: 0 | N35: 0 | O35: 0 | P35: 0 | Q35: 0 | R35: 0 | S35: 0 | T35: 0 | U35: 0 | V35: 0 | W35: 0 | X35: 0 | Y35: 0 | Z35: 0 | AA35: 0 | AB35: 0 | AC35: 0 | AD35: 0 | AE35: 0 | AF35: 0 | AG35: 0 | AH35: 0 | AI35: 0 | AJ35: 0 | AK35: 0 | AL35: 0 | AM35: 0 | AN35: 0 | AO35: 0 | AP35: 0 | AQ35: 0 | AR35: 0 | AS35: 0 | AT35: 0 | AU35: 0 | AV35: 0 | AW35: 0 | AX35: 0 | AY35: 0 | AZ35: 0 | BA35: 0 | BB35: 0 | BC35: 0 | BD35: 0 | BE35: 0 | BF35: 0 | BG35: 0 | BH35: 0 | BI35: 0 | BJ35: 0 | BK35: 0 | BL35: 0 | BM35: 0 | BN35: 0 | BO35: 0 | BP35: 0 | BQ35: 0 | BR35: 0 | BS35: 0 | BT35: 0 | BU35: 0 | BV35: 0 | BW35: 0 | BX35: 0 | BY35: 0 | BZ35: 0 | CA35: 0 | CB35: 0 | CC35: 0 | CD35: 0 | CE35: 0 | CF35: 0 | CG35: 0 | CH35: 0 | CI35: 0 | CJ35: 0 | CK35: нд
A36: 1.1.3. | B36: Технологическое присоединение объектов по производству электрической энергии, всего, в том числе: | C36: Г | D36: =SUM(D37:D44) -> 0 | E36: =SUM(E37:E44) -> 0 | F36: =SUM(F37:F44) -> 0 | G36: =SUM(G37:G44) -> 0 | H36: =SUM(H37:H44) -> 0 | I36: =SUM(I37:I44) -> 0 | J36: =SUM(J37:J44) -> 0 | K36: =SUM(K37:K44) -> 0 | ... CJ36: =SUM(CJ37:CJ44) -> 0 | CK36: нд
A37: 1.1.3.1 | B37: Наименование объекта по производству электрической энергии, всего, в том числе: | C37: Г | D37: 0 | E37: 0 | F37: 0 | G37: 0 | H37: 0 | I37: 0 | J37: 0 | K37: 0 | L37: 0 | M37: 0 | N37: 0 | O37: 0 | P37: 0 | Q37: 0 | R37: 0 | S37: 0 | T37: 0 | U37: 0 | V37: 0 | W37: 0 | X37: 0 | Y37: 0 | Z37: 0 | AA37: 0 | AB37: 0 | AC37: 0 | AD37: 0 | AE37: 0 | AF37: 0 | AG37: 0 | AH37: 0 | AI37: 0 | AJ37: 0 | AK37: 0 | AL37: 0 | AM37: 0 | AN37: 0 | AO37: 0 | AP37: 0 | AQ37: 0 | AR37: 0 | AS37: 0 | AT37: 0 | AU37: 0 | AV37: 0 | AW37: 0 | AX37: 0 | AY37: 0 | AZ37: 0 | BA37: 0 | BB37: 0 | BC37: 0 | BD37: 0 | BE37: 0 | BF37: 0 | BG37: 0 | BH37: 0 | BI37: 0 | BJ37: 0 | BK37: 0 | BL37: 0 | BM37: 0 | BN37: 0 | BO37: 0 | BP37: 0 | BQ37: 0 | BR37: 0 | BS37: 0 | BT37: 0 | BU37: 0 | BV37: 0 | BW37: 0 | BX37: 0 | BY37: 0 | BZ37: 0 | CA37: 0 | CB37: 0 | CC37: 0 | CD37: 0 | CE37: 0 | CF37: 0 | CG37: 0 | CH37: 0 | CI37: 0 | CJ37: 0 | CK37: нд
A38: 1.1.3.1 | B38: Строительство новых объектов электросетевого хозяйства (за исключением усиления существующей электрической сети) в целях осуществления технологического присоединения объекта по производству электрической энергии, всего, в том числе: | C38: Г | D38: 0 | E38: 0 | F38: 0 | G38: 0 | H38: 0 | I38: 0 | J38: 0 | K38: 0 | L38: 0 | M38: 0 | N38: 0 | O38: 0 | P38: 0 | Q38: 0 | R38: 0 | S38: 0 | T38: 0 | U38: 0 | V38: 0 | W38: 0 | X38: 0 | Y38: 0 | Z38: 0 | AA38: 0 | AB38: 0 | AC38: 0 | AD38: 0 | AE38: 0 | AF38: 0 | AG38: 0 | AH38: 0 | AI38: 0 | AJ38: 0 | AK38: 0 | AL38: 0 | AM38: 0 | AN38: 0 | AO38: 0 | AP38: 0 | AQ38: 0 | AR38: 0 | AS38: 0 | AT38: 0 | AU38: 0 | AV38: 0 | AW38: 0 | AX38: 0 | AY38: 0 | AZ38: 0 | BA38: 0 | BB38: 0 | BC38: 0 | BD38: 0 | BE38: 0 | BF38: 0 | BG38: 0 | BH38: 0 | BI38: 0 | BJ38: 0 | BK38: 0 | BL38: 0 | BM38: 0 | BN38: 0 | BO38: 0 | BP38: 0 | BQ38: 0 | BR38: 0 | BS38: 0 | BT38: 0 | BU38: 0 | BV38: 0 | BW38: 0 | BX38: 0 | BY38: 0 | BZ38: 0 | CA38: 0 | CB38: 0 | CC38: 0 | CD38: 0 | CE38: 0 | CF38: 0 | CG38: 0 | CH38: 0 | CI38: 0 | CJ38: 0 | CK38: нд
A39: 1.1.3.1 | B39: Строительство новых объектов электросетевого хозяйства для усиления электрической сети в целях осуществления технологического присоединения объекта по производству электрической энергии, всего, в том числе: | C39: Г | D39: 0 | E39: 0 | F39: 0 | G39: 0 | H39: 0 | I39: 0 | J39: 0 | K39: 0 | L39: 0 | M39: 0 | N39: 0 | O39: 0 | P39: 0 | Q39: 0 | R39: 0 | S39: 0 | T39: 0 | U39: 0 | V39: 0 | W39: 0 | X39: 0 | Y39: 0 | Z39: 0 | AA39: 0 | AB39: 0 | AC39: 0 | AD39: 0 | AE39: 0 | AF39: 0 | AG39: 0 | AH39: 0 | AI39: 0 | AJ39: 0 | AK39: 0 | AL39: 0 | AM39: 0 | AN39: 0 | AO39: 0 | AP39: 0 | AQ39: 0 | AR39: 0 | AS39: 0 | AT39: 0 | AU39: 0 | AV39: 0 | AW39: 0 | AX39: 0 | AY39: 0 | AZ39: 0 | BA39: 0 | BB39: 0 | BC39: 0 | BD39: 0 | BE39: 0 | BF39: 0 | BG39: 0 | BH39: 0 | BI39: 0 | BJ39: 0 | BK39: 0 | BL39: 0 | BM39: 0 | BN39: 0 | BO39: 0 | BP39: 0 | BQ39: 0 | BR39: 0 | BS39: 0 | BT39: 0 | BU39: 0 | BV39: 0 | BW39: 0 | BX39: 0 | BY39: 0 | BZ39: 0 | CA39: 0 | CB39: 0 | CC39: 0 | CD39: 0 | CE39: 0 | CF39: 0 | CG39: 0 | CH39: 0 | CI39: 0 | CJ39: 0 | CK39: нд
A40: 1.1.3.1 | B40: Реконструкция существующих объектов электросетевого хозяйства для усиления электрической сети в целях осуществления технологического присоединения объекта по производству электрической энергии всего, в том числе: | C40: Г | D40: 0 | E40: 0 | F40: 0 | G40: 0 | H40: 0 | I40: 0 | J40: 0 | K40: 0 | L40: 0 | M40: 0 | N40: 0 | O40: 0 | P40: 0 | Q40: 0 | R40: 0 | S40: 0 | T40: 0 | U40: 0 | V40: 0 | W40: 0 | X40: 0 | Y40: 0 | Z40: 0 | AA40: 0 | AB40: 0 | AC40: 0 | AD40: 0 | AE40: 0 | AF40: 0 | AG40: 0 | AH40: 0 | AI40: 0 | AJ40: 0 | AK40: 0 | AL40: 0 | AM40: 0 | AN40: 0 | AO40: 0 | AP40: 0 | AQ40: 0 | AR40: 0 | AS40: 0 | AT40: 0 | AU40: 0 | AV40: 0 | AW40: 0 | AX40: 0 | AY40: 0 | AZ40: 0 | BA40: 0 | BB40: 0 | BC40: 0 | BD40: 0 | BE40: 0 | BF40: 0 | BG40: 0 | BH40: 0 | BI40: 0 | BJ40: 0 | BK40: 0 | BL40: 0 | BM40: 0 | BN40: 0 | BO40: 0 | BP40: 0 | BQ40: 0 | BR40: 0 | BS40: 0 | BT40: 0 | BU40: 0 | BV40: 0 | BW40: 0 | BX40: 0 | BY40: 0 | BZ40: 0 | CA40: 0 | CB40: 0 | CC40: 0 | CD40: 0 | CE40: 0 | CF40: 0 | CG40: 0 | CH40: 0 | CI40: 0 | CJ40: 0 | CK40: нд
A41: 1.1.3.2 | B41: Наименование объекта по производству электрической энергии, всего, в том числе: | C41: Г | D41: 0 | E41: 0 | F41: 0 | G41: 0 | H41: 0 | I41: 0 | J41: 0 | K41: 0 | L41: 0 | M41: 0 | N41: 0 | O41: 0 | P41: 0 | Q41: 0 | R41: 0 | S41: 0 | T41: 0 | U41: 0 | V41: 0 | W41: 0 | X41: 0 | Y41: 0 | Z41: 0 | AA41: 0 | AB41: 0 | AC41: 0 | AD41: 0 | AE41: 0 | AF41: 0 | AG41: 0 | AH41: 0 | AI41: 0 | AJ41: 0 | AK41: 0 | AL41: 0 | AM41: 0 | AN41: 0 | AO41: 0 | AP41: 0 | AQ41: 0 | AR41: 0 | AS41: 0 | AT41: 0 | AU41: 0 | AV41: 0 | AW41: 0 | AX41: 0 | AY41: 0 | AZ41: 0 | BA41: 0 | BB41: 0 | BC41: 0 | BD41: 0 | BE41: 0 | BF41: 0 | BG41: 0 | BH41: 0 | BI41: 0 | BJ41: 0 | BK41: 0 | BL41: 0 | BM41: 0 | BN41: 0 | BO41: 0 | BP41: 0 | BQ41: 0 | BR41: 0 | BS41: 0 | BT41: 0 | BU41: 0 | BV41: 0 | BW41: 0 | BX41: 0 | BY41: 0 | BZ41: 0 | CA41: 0 | CB41: 0 | CC41: 0 | CD41: 0 | CE41: 0 | CF41: 0 | CG41: 0 | CH41: 0 | CI41: 0 | CJ41: 0 | CK41: нд
A42: 1.1.3.2 | B42: Строительство новых объектов электросетевого хозяйства (за исключением усиления существующей электрической сети) в целях осуществления технологического присоединения объекта по производству электрической энергии, всего, в том числе: | C42: Г | D42: 0 | E42: 0 | F42: 0 | G42: 0 | H42: 0 | I42: 0 | J42: 0 | K42: 0 | L42: 0 | M42: 0 | N42: 0 | O42: 0 | P42: 0 | Q42: 0 | R42: 0 | S42: 0 | T42: 0 | U42: 0 | V42: 0 | W42: 0 | X42: 0 | Y42: 0 | Z42: 0 | AA42: 0 | AB42: 0 | AC42: 0 | AD42: 0 | AE42: 0 | AF42: 0 | AG42: 0 | AH42: 0 | AI42: 0 | AJ42: 0 | AK42: 0 | AL42: 0 | AM42: 0 | AN42: 0 | AO42: 0 | AP42: 0 | AQ42: 0 | AR42: 0 | AS42: 0 | AT42: 0 | AU42: 0 | AV42: 0 | AW42: 0 | AX42: 0 | AY42: 0 | AZ42: 0 | BA42: 0 | BB42: 0 | BC42: 0 | BD42: 0 | BE42: 0 | BF42: 0 | BG42: 0 | BH42: 0 | BI42: 0 | BJ42: 0 | BK42: 0 | BL42: 0 | BM42: 0 | BN42: 0 | BO42: 0 | BP42: 0 | BQ42: 0 | BR42: 0 | BS42: 0 | BT42: 0 | BU42: 0 | BV42: 0 | BW42: 0 | BX42: 0 | BY42: 0 | BZ42: 0 | CA42: 0 | CB42: 0 | CC42: 0 | CD42: 0 | CE42: 0 | CF42: 0 | CG42: 0 | CH42: 0 | CI42: 0 | CJ42: 0 | CK42: нд
A43: 1.1.3.2 | B43: Строительство новых объектов электросетевого хозяйства для усиления электрической сети в целях осуществления технологического присоединения объекта по производству электрической энергии, всего, в том числе: | C43: Г | D43: 0 | E43: 0 | F43: 0 | G43: 0 | H43: 0 | I43: 0 | J43: 0 | K43: 0 | L43: 0 | M43: 0 | N43: 0 | O43: 0 | P43: 0 | Q43: 0 | R43: 0 | S43: 0 | T43: 0 | U43: 0 | V43: 0 | W43: 0 | X43: 0 | Y43: 0 | Z43: 0 | AA43: 0 | AB43: 0 | AC43: 0 | AD43: 0 | AE43: 0 | AF43: 0 | AG43: 0 | AH43: 0 | AI43: 0 | AJ43: 0 | AK43: 0 | AL43: 0 | AM43: 0 | AN43: 0 | AO43: 0 | AP43: 0 | AQ43: 0 | AR43: 0 | AS43: 0 | AT43: 0 | AU43: 0 | AV43: 0 | AW43: 0 | AX43: 0 | AY43: 0 | AZ43: 0 | BA43: 0 | BB43: 0 | BC43: 0 | BD43: 0 | BE43: 0 | BF43: 0 | BG43: 0 | BH43: 0 | BI43: 0 | BJ43: 0 | BK43: 0 | BL43: 0 | BM43: 0 | BN43: 0 | BO43: 0 | BP43: 0 | BQ43: 0 | BR43: 0 | BS43: 0 | BT43: 0 | BU43: 0 | BV43: 0 | BW43: 0 | BX43: 0 | BY43: 0 | BZ43: 0 | CA43: 0 | CB43: 0 | CC43: 0 | CD43: 0 | CE43: 0 | CF43: 0 | CG43: 0 | CH43: 0 | CI43: 0 | CJ43: 0 | CK43: нд
A44: 1.1.3.2 | B44: Реконструкция существующих объектов электросетевого хозяйства для усиления электрической сети в целях осуществления технологического присоединения объекта по производству электрической энергии, всего, в том числе: | C44: Г | D44: 0 | E44: 0 | F44: 0 | G44: 0 | H44: 0 | I44: 0 | J44: 0 | K44: 0 | L44: 0 | M44: 0 | N44: 0 | O44: 0 | P44: 0 | Q44: 0 | R44: 0 | S44: 0 | T44: 0 | U44: 0 | V44: 0 | W44: 0 | X44: 0 | Y44: 0 | Z44: 0 | AA44: 0 | AB44: 0 | AC44: 0 | AD44: 0 | AE44: 0 | AF44: 0 | AG44: 0 | AH44: 0 | AI44: 0 | AJ44: 0 | AK44: 0 | AL44: 0 | AM44: 0 | AN44: 0 | AO44: 0 | AP44: 0 | AQ44: 0 | AR44: 0 | AS44: 0 | AT44: 0 | AU44: 0 | AV44: 0 | AW44: 0 | AX44: 0 | AY44: 0 | AZ44: 0 | BA44: 0 | BB44: 0 | BC44: 0 | BD44: 0 | BE44: 0 | BF44: 0 | BG44: 0 | BH44: 0 | BI44: 0 | BJ44: 0 | BK44: 0 | BL44: 0 | BM44: 0 | BN44: 0 | BO44: 0 | BP44: 0 | BQ44: 0 | BR44: 0 | BS44: 0 | BT44: 0 | BU44: 0 | BV44: 0 | BW44: 0 | BX44: 0 | BY44: 0 | BZ44: 0 | CA44: 0 | CB44: 0 | CC44: 0 | CD44: 0 | CE44: 0 | CF44: 0 | CG44: 0 | CH44: 0 | CI44: 0 | CJ44: 0 | CK44: нд
A45: 1.1.4. | B45: Усиление электрической сети в целях осуществления технологического присоединения энергопринимающих устройств потребителей и (или) объектов электросетевого хозяйства, всего, в том числе: | C45: Г | D45: =SUM(D46:D47) -> 0 | E45: =SUM(E46:E47) -> 0 | F45: =SUM(F46:F47) -> 0 | G45: =SUM(G46:G47) -> 0 | H45: =SUM(H46:H47) -> 0 | I45: =SUM(I46:I47) -> 0 | J45: =SUM(J46:J47) -> 0 | K45: =SUM(K46:K47) -> 0 | ... CJ45: =SUM(CJ46:CJ47) -> 0 | CK45: нд
A46: 1.1.4.1 | B46: Строительство новых объектов электросетевого хозяйства для усиления электрической сети в целях осуществления технологического присоединения, всего, в том числе: | C46: Г | D46: 0 | E46: 0 | F46: 0 | G46: 0 | H46: 0 | I46: 0 | J46: 0 | K46: 0 | L46: 0 | M46: 0 | N46: 0 | O46: 0 | P46: 0 | Q46: 0 | R46: 0 | S46: 0 | T46: 0 | U46: 0 | V46: 0 | W46: 0 | X46: 0 | Y46: 0 | Z46: 0 | AA46: 0 | AB46: 0 | AC46: 0 | AD46: 0 | AE46: 0 | AF46: 0 | AG46: 0 | AH46: 0 | AI46: 0 | AJ46: 0 | AK46: 0 | AL46: 0 | AM46: 0 | AN46: 0 | AO46: 0 | AP46: 0 | AQ46: 0 | AR46: 0 | AS46: 0 | AT46: 0 | AU46: 0 | AV46: 0 | AW46: 0 | AX46: 0 | AY46: 0 | AZ46: 0 | BA46: 0 | BB46: 0 | BC46: 0 | BD46: 0 | BE46: 0 | BF46: 0 | BG46: 0 | BH46: 0 | BI46: 0 | BJ46: 0 | BK46: 0 | BL46: 0 | BM46: 0 | BN46: 0 | BO46: 0 | BP46: 0 | BQ46: 0 | BR46: 0 | BS46: 0 | BT46: 0 | BU46: 0 | BV46: 0 | BW46: 0 | BX46: 0 | BY46: 0 | BZ46: 0 | CA46: 0 | CB46: 0 | CC46: 0 | CD46: 0 | CE46: 0 | CF46: 0 | CG46: 0 | CH46: 0 | CI46: 0 | CJ46: 0 | CK46: нд
A47: 1.1.4.2 | B47: Реконструкция существующих объектов электросетевого хозяйства для усиления электрической сети в целях осуществления технологического присоединения, всего, в том числе: | C47: Г | D47: 0 | E47: 0 | F47: 0 | G47: 0 | H47: 0 | I47: 0 | J47: 0 | K47: 0 | L47: 0 | M47: 0 | N47: 0 | O47: 0 | P47: 0 | Q47: 0 | R47: 0 | S47: 0 | T47: 0 | U47: 0 | V47: 0 | W47: 0 | X47: 0 | Y47: 0 | Z47: 0 | AA47: 0 | AB47: 0 | AC47: 0 | AD47: 0 | AE47: 0 | AF47: 0 | AG47: 0 | AH47: 0 | AI47: 0 | AJ47: 0 | AK47: 0 | AL47: 0 | AM47: 0 | AN47: 0 | AO47: 0 | AP47: 0 | AQ47: 0 | AR47: 0 | AS47: 0 | AT47: 0 | AU47: 0 | AV47: 0 | AW47: 0 | AX47: 0 | AY47: 0 | AZ47: 0 | BA47: 0 | BB47: 0 | BC47: 0 | BD47: 0 | BE47: 0 | BF47: 0 | BG47: 0 | BH47: 0 | BI47: 0 | BJ47: 0 | BK47: 0 | BL47: 0 | BM47: 0 | BN47: 0 | BO47: 0 | BP47: 0 | BQ47: 0 | BR47: 0 | BS47: 0 | BT47: 0 | BU47: 0 | BV47: 0 | BW47: 0 | BX47: 0 | BY47: 0 | BZ47: 0 | CA47: 0 | CB47: 0 | CC47: 0 | CD47: 0 | CE47: 0 | CF47: 0 | CG47: 0 | CH47: 0 | CI47: 0 | CJ47: 0 | CK47: нд
A48: 1.2. | B48: Реконструкция, модернизация, техническое перевооружение, всего, в том числе: | C48: Г | D48: =D49+D89+D121+D130 -> 701.32305 | E48: =E49+E89+E121+E130 -> 0 | F48: =F49+F89+F121+F130 -> 145.18346 | G48: =G49+G89+G121+G130 -> 3.78 | H48: =H49+H89+H121+H130 -> 0 | I48: =I49+I89+I121+I130 -> 8.45 | J48: =J49+J89+J121+J130 -> 0 | K48: =K49+K89+K121+K130 -> 28 | ... CF48: =CF49+CF89+CF121+CF130 -> 0 | CG48: =CG49+CG89 -> 0 | CH48: =CH49+CH53+CH56+CH65 -> 0 | CI48: =CI49+CI89 -> 0 | CJ48: 0 | CK48: нд
A49: 1.2.1. | B49: Реконструкция, модернизация, техническое перевооружение трансформаторных и иных подстанций, распределительных пунктов, всего, в том числе: | C49: Г | D49: =D50+D88 -> 374.61664 | E49: =E50+E88 -> 0 | F49: =F50+F88 -> 89.520611 | G49: =G50+G88 -> 3.78 | H49: =H50+H88 -> 0 | I49: =I50+I88 -> 0 | J49: =J50+J88 -> 0 | K49: =K50+K88 -> 28 | ... CG49: =CG50+CG88 -> 0 | CH49: =CH50+CH54+CH57+CH66 -> 0 | CI49: =CI50+CI88 -> 0 | CJ49: 0 | CK49: нд
A50: 1.2.1.1 | B50: Реконструкция трансформаторных и иных подстанций, всего, в том числе: | C50: Г | D50: =SUM(D51:D87) -> 374.61664 | E50: =SUM(E51:E87) -> 0 | F50: =SUM(F51:F87) -> 89.520611 | G50: =SUM(G51:G87) -> 3.78 | H50: =SUM(H51:H87) -> 0 | I50: =SUM(I51:I87) -> 0 | J50: =SUM(J51:J87) -> 0 | K50: =SUM(K51:K87) -> 28 | ... CF50: =SUM(CF51:CF87) -> 0 | CG50: =SUM(CG54:CG87) -> 0 | CH50: =CH51+CH55+CH58+CH67 -> 0 | CI50: =SUM(CI51:CI87) -> 0 | CJ50: 0 | CK50: нд
A51: 1.2.1.1 | B51: Реконструкция распределительной подстанции РП-1215, с заменой (13 шт.) и увеличением кол-ва ячеек на 3шт. (до 16 шт.), Богородский г.о., г.Ногинск, ул.Трудовая | C51: O_16_РП-1215 | D51: 22.374339 | E51: =M51+U51+AC51+AK51 -> 0 | F51: =N51+V51+AD51+AL51 -> 0 | G51: =O51+W51+AE51+AM51 -> 0 | H51: =P51+X51+AF51+AN51 -> 0 | I51: =Q51+Y51+AG51+AO51 -> 0 | J51: =R51+Z51+AH51+AP51 -> 0 | K51: =S51+AA51+AI51+AQ51 -> 0 | L51: =T51+AB51+AJ51+AR51 -> 0 | M51: 0 | N51: 0 | O51: 0 | P51: 0 | Q51: 0 | R51: 0 | S51: 0 | T51: 0 | U51: 0 | V51: 0 | W51: 0 | X51: 0 | Y51: 0 | Z51: 0 | AA51: 0 | AB51: 0 | AC51: 0 | AD51: 0 | AE51: 0 | AF51: 0 | AG51: 0 | AH51: 0 | AI51: 0 | AJ51: 0 | AK51: 0 | AL51: 0 | AM51: 0 | AN51: 0 | AO51: 0 | AP51: 0 | AQ51: 0 | AR51: 0 | AS51: =BA51+BI51+BQ51+BY51 -> 0 | AT51: =BB51+BJ51+BR51+BZ51 -> 0 | AU51: =BC51+BK51+BS51+CA51 -> 0 | AV51: =BD51+BL51+BT51+CB51 -> 0 | AW51: =BE51+BM51+BU51+CC51 -> 0 | AX51: =BF51+BN51+BV51+CD51 -> 0 | AY51: =BG51+BO51+BW51+CE51 -> 0 | AZ51: =BH51+BP51+BX51+CF51 -> 0 | BA51: 0 | BB51: 0 | BC51: 0 | BD51: 0 | BE51: 0 | BF51: 0 | BG51: 0 | BH51: 0 | BI51: 0 | BJ51: 0 | BK51: 0 | BL51: 0 | BM51: 0 | BN51: 0 | BO51: 0 | BP51: 0 | BQ51: 0 | BR51: 0 | BS51: 0 | BT51: 0 | BU51: 0 | BV51: 0 | BW51: 0 | BX51: 0 | BY51: 0 | BZ51: 0 | CA51: 0 | CB51: 0 | CC51: 0 | CD51: 0 | CE51: 0 | CF51: 0 | CG51: 0 | CH51: =CH52+CH56+CH59+CH68 -> 0 | CI51: 0 | CJ51: =CJ52+CJ56+CJ59+CJ68 -> 0 | CK51: нд
A52: 1.2.1.1 | B52: Реконструкция распределительной подстанции РП-918, с заменой (8 шт.) и увеличением кол-ва ячеек на 2 шт. (до 10 шт.), Богородский г.о., г.Старая Купавна, ул.Дорожная | C52: O_17_РП-918 | D52: 14.758728 | E52: =M52+U52+AC52+AK52 -> 0 | F52: =N52+V52+AD52+AL52 -> 0 | G52: =O52+W52+AE52+AM52 -> 0 | H52: =P52+X52+AF52+AN52 -> 0 | I52: =Q52+Y52+AG52+AO52 -> 0 | J52: =R52+Z52+AH52+AP52 -> 0 | K52: =S52+AA52+AI52+AQ52 -> 0 | L52: =T52+AB52+AJ52+AR52 -> 0 | M52: 0 | N52: 0 | O52: 0 | P52: 0 | Q52: 0 | R52: 0 | S52: 0 | T52: 0 | U52: 0 | V52: 0 | W52: 0 | X52: 0 | Y52: 0 | Z52: 0 | AA52: 0 | AB52: 0 | AC52: 0 | AD52: 0 | AE52: 0 | AF52: 0 | AG52: 0 | AH52: 0 | AI52: 0 | AJ52: 0 | AK52: 0 | AL52: 0 | AM52: 0 | AN52: 0 | AO52: 0 | AP52: 0 | AQ52: 0 | AR52: 0 | AS52: =BA52+BI52+BQ52+BY52 -> 0 | AT52: =BB52+BJ52+BR52+BZ52 -> 0 | AU52: =BC52+BK52+BS52+CA52 -> 0 | AV52: =BD52+BL52+BT52+CB52 -> 0 | AW52: =BE52+BM52+BU52+CC52 -> 0 | AX52: =BF52+BN52+BV52+CD52 -> 0 | AY52: =BG52+BO52+BW52+CE52 -> 0 | AZ52: =BH52+BP52+BX52+CF52 -> 0 | BA52: 0 | BB52: 0 | BC52: 0 | BD52: 0 | BE52: 0 | BF52: 0 | BG52: 0 | BH52: 0 | BI52: 0 | BJ52: 0 | BK52: 0 | BL52: 0 | BM52: 0 | BN52: 0 | BO52: 0 | BP52: 0 | BQ52: 0 | BR52: 0 | BS52: 0 | BT52: 0 | BU52: 0 | BV52: 0 | BW52: 0 | BX52: 0 | BY52: 0 | BZ52: 0 | CA52: 0 | CB52: 0 | CC52: 0 | CD52: 0 | CE52: 0 | CF52: 0 | CG52: 0 | CH52: =CH53+CH57+CH60+CH69 -> 0 | CI52: 0 | CJ52: =CJ53+CJ57+CJ60+CJ69 -> 0 | CK52: нд
A53: 1.2.1.1 | B53: Реконструкция распределительной подстанции РП-131, с заменой (15 шт.) и увеличением кол-ва ячеек на 1 шт. (до 16 шт.), Богородский г.о., пос.Обухово, ул.Комбинат | C53: O_18_РП-131 | D53: 26.156102 | E53: =M53+U53+AC53+AK53 -> 0 | F53: =N53+V53+AD53+AL53 -> 26.156102 | G53: =O53+W53+AE53+AM53 -> 0 | H53: =P53+X53+AF53+AN53 -> 0 | I53: =Q53+Y53+AG53+AO53 -> 0 | J53: =R53+Z53+AH53+AP53 -> 0 | K53: =S53+AA53+AI53+AQ53 -> 16 | L53: =T53+AB53+AJ53+AR53 -> 0 | M53: 0 | N53: 0 | O53: 0 | P53: 0 | Q53: 0 | R53: 0 | S53: 0 | T53: 0 | U53: 0 | V53: =D53 -> 26.156102 | W53: 0 | X53: 0 | Y53: 0 | Z53: 0 | AA53: 16 | AB53: 0 | AC53: 0 | AD53: 0 | AE53: 0 | AF53: 0 | AG53: 0 | AH53: 0 | AI53: 0 | AJ53: 0 | AK53: 0 | AL53: 0 | AM53: 0 | AN53: 0 | AO53: 0 | AP53: 0 | AQ53: 0 | AR53: 0 | AS53: =BA53+BI53+BQ53+BY53 -> 0 | AT53: =BB53+BJ53+BR53+BZ53 -> 26.156102 | AU53: =BC53+BK53+BS53+CA53 -> 0 | AV53: =BD53+BL53+BT53+CB53 -> 0 | AW53: =BE53+BM53+BU53+CC53 -> 0 | AX53: =BF53+BN53+BV53+CD53 -> 0 | AY53: =BG53+BO53+BW53+CE53 -> 16 | AZ53: =BH53+BP53+BX53+CF53 -> 0 | BA53: 0 | BB53: 0 | BC53: 0 | BD53: 0 | BE53: 0 | BF53: 0 | BG53: 0 | BH53: 0 | BI53: 0 | BJ53: 26.156102 | BK53: 0 | BL53: 0 | BM53: 0 | BN53: 0 | BO53: 16 | BP53: 0 | BQ53: 0 | BR53: 0 | BS53: 0 | BT53: 0 | BU53: 0 | BV53: 0 | BW53: 0 | BX53: 0 | BY53: 0 | BZ53: 0 | CA53: 0 | CB53: 0 | CC53: 0 | CD53: 0 | CE53: 0 | CF53: 0 | CG53: 0 | CH53: =CH54+CH58+CH61+CH70 -> 0 | CI53: 0 | CJ53: =CJ54+CJ58+CJ61+CJ70 -> 0 | CK53: нд
A54: 1.2.1.1 | B54: Реконструкция распределительной подстанции РП-106, с заменой (6 шт.) и увеличением кол-ва ячеек на 2 шт. (до 8 шт.), Богородский г.о., г.Ногинск, ул.2-й Речной пр-зд | C54: O_19_РП-106 | D54: 14.694977 | E54: =M54+U54+AC54+AK54 -> 0 | F54: =N54+V54+AD54+AL54 -> 14.694977 | G54: =O54+W54+AE54+AM54 -> 0 | H54: =P54+X54+AF54+AN54 -> 0 | I54: =Q54+Y54+AG54+AO54 -> 0 | J54: =R54+Z54+AH54+AP54 -> 0 | K54: =S54+AA54+AI54+AQ54 -> 8 | L54: =T54+AB54+AJ54+AR54 -> 0 | M54: 0 | N54: 0 | O54: 0 | P54: 0 | Q54: 0 | R54: 0 | S54: 0 | T54: 0 | U54: 0 | V54: 0 | W54: 0 | X54: 0 | Y54: 0 | Z54: 0 | AA54: 0 | AB54: 0 | AC54: 0 | AD54: =D54 -> 14.694977 | AE54: 0 | AF54: 0 | AG54: 0 | AH54: 0 | AI54: 8 | AJ54: 0 | AK54: 0 | AL54: 0 | AM54: 0 | AN54: 0 | AO54: 0 | AP54: 0 | AQ54: 0 | AR54: 0 | AS54: =BA54+BI54+BQ54+BY54 -> 0 | AT54: =BB54+BJ54+BR54+BZ54 -> 0 | AU54: =BC54+BK54+BS54+CA54 -> 0 | AV54: =BD54+BL54+BT54+CB54 -> 0 | AW54: =BE54+BM54+BU54+CC54 -> 0 | AX54: =BF54+BN54+BV54+CD54 -> 0 | AY54: =BG54+BO54+BW54+CE54 -> 0 | AZ54: =BH54+BP54+BX54+CF54 -> 0 | BA54: 0 | BB54: 0 | BC54: 0 | BD54: 0 | BE54: 0 | BF54: 0 | BG54: 0 | BH54: 0 | BI54: 0 | BJ54: 0 | BK54: 0 | BL54: 0 | BM54: 0 | BN54: 0 | BO54: 0 | BP54: 0 | BQ54: 0 | BR54: 0 | BS54: 0 | BT54: 0 | BU54: 0 | BV54: 0 | BW54: 0 | BX54: 0 | BY54: 0 | BZ54: 0 | CA54: 0 | CB54: 0 | CC54: 0 | CD54: 0 | CE54: 0 | CF54: 0 | CG54: 0 | CH54: =CH55+CH59+CH62+CH71 -> 0 | CI54: 0 | CJ54: =CJ55+CJ59+CJ62+CJ71 -> 0 | CK54: нд
A55: 1.2.1.1 | B55: Реконструкция распределительной подстанции РП-9, с заменой (12 шт.) и увеличением кол-ва ячеек на 4 шт. (до 16 шт.), Богородский г.о., г.Ногинск, ул.Рабочая | C55: O_20_РП-9 | D55: 26.047651 | E55: =M55+U55+AC55+AK55 -> 0 | F55: =N55+V55+AD55+AL55 -> 0 | G55: =O55+W55+AE55+AM55 -> 0 | H55: =P55+X55+AF55+AN55 -> 0 | I55: =Q55+Y55+AG55+AO55 -> 0 | J55: =R55+Z55+AH55+AP55 -> 0 | K55: =S55+AA55+AI55+AQ55 -> 0 | L55: =T55+AB55+AJ55+AR55 -> 0 | M55: 0 | N55: 0 | O55: 0 | P55: 0 | Q55: 0 | R55: 0 | S55: 0 | T55: 0 | U55: 0 | V55: 0 | W55: 0 | X55: 0 | Y55: 0 | Z55: 0 | AA55: 0 | AB55: 0 | AC55: 0 | AD55: 0 | AE55: 0 | AF55: 0 | AG55: 0 | AH55: 0 | AI55: 0 | AJ55: 0 | AK55: 0 | AL55: 0 | AM55: 0 | AN55: 0 | AO55: 0 | AP55: 0 | AQ55: 0 | AR55: 0 | AS55: =BA55+BI55+BQ55+BY55 -> 0 | AT55: =BB55+BJ55+BR55+BZ55 -> 0 | AU55: =BC55+BK55+BS55+CA55 -> 0 | AV55: =BD55+BL55+BT55+CB55 -> 0 | AW55: =BE55+BM55+BU55+CC55 -> 0 | AX55: =BF55+BN55+BV55+CD55 -> 0 | AY55: =BG55+BO55+BW55+CE55 -> 0 | AZ55: =BH55+BP55+BX55+CF55 -> 0 | BA55: 0 | BB55: 0 | BC55: 0 | BD55: 0 | BE55: 0 | BF55: 0 | BG55: 0 | BH55: 0 | BI55: 0 | BJ55: 0 | BK55: 0 | BL55: 0 | BM55: 0 | BN55: 0 | BO55: 0 | BP55: 0 | BQ55: 0 | BR55: 0 | BS55: 0 | BT55: 0 | BU55: 0 | BV55: 0 | BW55: 0 | BX55: 0 | BY55: 0 | BZ55: 0 | CA55: 0 | CB55: 0 | CC55: 0 | CD55: 0 | CE55: 0 | CF55: 0 | CG55: 0 | CH55: =CH56+CH60+CH63+CH72 -> 0 | CI55: 0 | CJ55: =CJ56+CJ60+CJ63+CJ72 -> 0 | CK55: нд
A56: 1.2.1.1 | B56: Реконструкция распределительной подстанции РП-92, с заменой (15 шт.) и увеличением кол-ва ячеек на 3 шт. (до 18 шт.), Богородский г.о., г.Ногинск, ул.Совнархозная | C56: O_21_РП-92 | D56: 33.35172 | E56: =M56+U56+AC56+AK56 -> 0 | F56: =N56+V56+AD56+AL56 -> 0 | G56: =O56+W56+AE56+AM56 -> 0 | H56: =P56+X56+AF56+AN56 -> 0 | I56: =Q56+Y56+AG56+AO56 -> 0 | J56: =R56+Z56+AH56+AP56 -> 0 | K56: =S56+AA56+AI56+AQ56 -> 0 | L56: =T56+AB56+AJ56+AR56 -> 0 | M56: 0 | N56: 0 | O56: 0 | P56: 0 | Q56: 0 | R56: 0 | S56: 0 | T56: 0 | U56: 0 | V56: 0 | W56: 0 | X56: 0 | Y56: 0 | Z56: 0 | AA56: 0 | AB56: 0 | AC56: 0 | AD56: 0 | AE56: 0 | AF56: 0 | AG56: 0 | AH56: 0 | AI56: 0 | AJ56: 0 | AK56: 0 | AL56: 0 | AM56: 0 | AN56: 0 | AO56: 0 | AP56: 0 | AQ56: 0 | AR56: 0 | AS56: =BA56+BI56+BQ56+BY56 -> 0 | AT56: =BB56+BJ56+BR56+BZ56 -> 0 | AU56: =BC56+BK56+BS56+CA56 -> 0 | AV56: =BD56+BL56+BT56+CB56 -> 0 | AW56: =BE56+BM56+BU56+CC56 -> 0 | AX56: =BF56+BN56+BV56+CD56 -> 0 | AY56: =BG56+BO56+BW56+CE56 -> 0 | AZ56: =BH56+BP56+BX56+CF56 -> 0 | BA56: 0 | BB56: 0 | BC56: 0 | BD56: 0 | BE56: 0 | BF56: 0 | BG56: 0 | BH56: 0 | BI56: 0 | BJ56: 0 | BK56: 0 | BL56: 0 | BM56: 0 | BN56: 0 | BO56: 0 | BP56: 0 | BQ56: 0 | BR56: 0 | BS56: 0 | BT56: 0 | BU56: 0 | BV56: 0 | BW56: 0 | BX56: 0 | BY56: 0 | BZ56: 0 | CA56: 0 | CB56: 0 | CC56: 0 | CD56: 0 | CE56: 0 | CF56: 0 | CG56: 0 | CH56: =CH57+CH61+CH64+CH73 -> 0 | CI56: 0 | CJ56: =CJ57+CJ61+CJ64+CJ73 -> 0 | CK56: нд
A57: 1.2.1.1 | B57: Реконструкция распределительной подстанции РП-405, с заменой (11 шт.) и увеличением кол-ва ячеек на 5 шт. (до 16 шт.), Богоросдкий г.о., пос.им.Воровского | C57: O_22_РП-405 | D57: 26.277582 | E57: =M57+U57+AC57+AK57 -> 0 | F57: =N57+V57+AD57+AL57 -> 0 | G57: =O57+W57+AE57+AM57 -> 0 | H57: =P57+X57+AF57+AN57 -> 0 | I57: =Q57+Y57+AG57+AO57 -> 0 | J57: =R57+Z57+AH57+AP57 -> 0 | K57: =S57+AA57+AI57+AQ57 -> 0 | L57: =T57+AB57+AJ57+AR57 -> 0 | M57: 0 | N57: 0 | O57: 0 | P57: 0 | Q57: 0 | R57: 0 | S57: 0 | T57: 0 | U57: 0 | V57: 0 | W57: 0 | X57: 0 | Y57: 0 | Z57: 0 | AA57: 0 | AB57: 0 | AC57: 0 | AD57: 0 | AE57: 0 | AF57: 0 | AG57: 0 | AH57: 0 | AI57: 0 | AJ57: 0 | AK57: 0 | AL57: 0 | AM57: 0 | AN57: 0 | AO57: 0 | AP57: 0 | AQ57: 0 | AR57: 0 | AS57: =BA57+BI57+BQ57+BY57 -> 0 | AT57: =BB57+BJ57+BR57+BZ57 -> 0 | AU57: =BC57+BK57+BS57+CA57 -> 0 | AV57: =BD57+BL57+BT57+CB57 -> 0 | AW57: =BE57+BM57+BU57+CC57 -> 0 | AX57: =BF57+BN57+BV57+CD57 -> 0 | AY57: =BG57+BO57+BW57+CE57 -> 0 | AZ57: =BH57+BP57+BX57+CF57 -> 0 | BA57: 0 | BB57: 0 | BC57: 0 | BD57: 0 | BE57: 0 | BF57: 0 | BG57: 0 | BH57: 0 | BI57: 0 | BJ57: 0 | BK57: 0 | BL57: 0 | BM57: 0 | BN57: 0 | BO57: 0 | BP57: 0 | BQ57: 0 | BR57: 0 | BS57: 0 | BT57: 0 | BU57: 0 | BV57: 0 | BW57: 0 | BX57: 0 | BY57: 0 | BZ57: 0 | CA57: 0 | CB57: 0 | CC57: 0 | CD57: 0 | CE57: 0 | CF57: 0 | CG57: 0 | CH57: =CH58+CH62+CH65+CH74 -> 0 | CI57: 0 | CJ57: =CJ58+CJ62+CJ65+CJ74 -> 0 | CK57: нд
A58: 1.2.1.1 | B58: Реконструкция оборудования РУ 6кВ РТП-86, с заменой (5 шт.) и увеличением кол-ва ячеек на 3 шт. (до 8 шт.), Богоросдкий г.о., г.Ногинск, ул.Жарова | C58: O_23_РУ РТП-86 | D58: 0 | E58: =M58+U58+AC58+AK58 -> 0 | F58: =N58+V58+AD58+AL58 -> 0 | G58: =O58+W58+AE58+AM58 -> 0 | H58: =P58+X58+AF58+AN58 -> 0 | I58: =Q58+Y58+AG58+AO58 -> 0 | J58: =R58+Z58+AH58+AP58 -> 0 | K58: =S58+AA58+AI58+AQ58 -> 0 | L58: =T58+AB58+AJ58+AR58 -> 0 | M58: 0 | N58: 0 | O58: 0 | P58: 0 | Q58: 0 | R58: 0 | S58: 0 | T58: 0 | U58: 0 | V58: 0 | W58: 0 | X58: 0 | Y58: 0 | Z58: 0 | AA58: 0 | AB58: 0 | AC58: 0 | AD58: 0 | AE58: 0 | AF58: 0 | AG58: 0 | AH58: 0 | AI58: 0 | AJ58: 0 | AK58: 0 | AL58: 0 | AM58: 0 | AN58: 0 | AO58: 0 | AP58: 0 | AQ58: 0 | AR58: 0 | AS58: =BA58+BI58+BQ58+BY58 -> 0 | AT58: =BB58+BJ58+BR58+BZ58 -> 0 | AU58: =BC58+BK58+BS58+CA58 -> 0 | AV58: =BD58+BL58+BT58+CB58 -> 0 | AW58: =BE58+BM58+BU58+CC58 -> 0 | AX58: =BF58+BN58+BV58+CD58 -> 0 | AY58: =BG58+BO58+BW58+CE58 -> 0 | AZ58: =BH58+BP58+BX58+CF58 -> 0 | BA58: 0 | BB58: 0 | BC58: 0 | BD58: 0 | BE58: 0 | BF58: 0 | BG58: 0 | BH58: 0 | BI58: 0 | BJ58: 0 | BK58: 0 | BL58: 0 | BM58: 0 | BN58: 0 | BO58: 0 | BP58: 0 | BQ58: 0 | BR58: 0 | BS58: 0 | BT58: 0 | BU58: 0 | BV58: 0 | BW58: 0 | BX58: 0 | BY58: 0 | BZ58: 0 | CA58: 0 | CB58: 0 | CC58: 0 | CD58: 0 | CE58: 0 | CF58: 0 | CG58: 0 | CH58: =CH59+CH63+CH66+CH75 -> 0 | CI58: 0 | CJ58: =CJ59+CJ63+CJ66+CJ75 -> 0 | CK58: нд
A59: 1.2.1.1 | B59: Реконструкция распределительной подстанции РП-50, с заменой (10 шт.) и увеличением кол-ва ячеек на 6 шт. (до 16 шт.), Богоросдкий г.о., г.Ногинск, ул.Климова | C59: O_24_РП-50 | D59: 25.975353 | E59: =M59+U59+AC59+AK59 -> 0 | F59: =N59+V59+AD59+AL59 -> 0 | G59: =O59+W59+AE59+AM59 -> 0 | H59: =P59+X59+AF59+AN59 -> 0 | I59: =Q59+Y59+AG59+AO59 -> 0 | J59: =R59+Z59+AH59+AP59 -> 0 | K59: =S59+AA59+AI59+AQ59 -> 0 | L59: =T59+AB59+AJ59+AR59 -> 0 | M59: 0 | N59: 0 | O59: 0 | P59: 0 | Q59: 0 | R59: 0 | S59: 0 | T59: 0 | U59: 0 | V59: 0 | W59: 0 | X59: 0 | Y59: 0 | Z59: 0 | AA59: 0 | AB59: 0 | AC59: 0 | AD59: 0 | AE59: 0 | AF59: 0 | AG59: 0 | AH59: 0 | AI59: 0 | AJ59: 0 | AK59: 0 | AL59: 0 | AM59: 0 | AN59: 0 | AO59: 0 | AP59: 0 | AQ59: 0 | AR59: 0 | AS59: =BA59+BI59+BQ59+BY59 -> 0 | AT59: =BB59+BJ59+BR59+BZ59 -> 0 | AU59: =BC59+BK59+BS59+CA59 -> 0 | AV59: =BD59+BL59+BT59+CB59 -> 0 | AW59: =BE59+BM59+BU59+CC59 -> 0 | AX59: =BF59+BN59+BV59+CD59 -> 0 | AY59: =BG59+BO59+BW59+CE59 -> 0 | AZ59: =BH59+BP59+BX59+CF59 -> 0 | BA59: 0 | BB59: 0 | BC59: 0 | BD59: 0 | BE59: 0 | BF59: 0 | BG59: 0 | BH59: 0 | BI59: 0 | BJ59: 0 | BK59: 0 | BL59: 0 | BM59: 0 | BN59: 0 | BO59: 0 | BP59: 0 | BQ59: 0 | BR59: 0 | BS59: 0 | BT59: 0 | BU59: 0 | BV59: 0 | BW59: 0 | BX59: 0 | BY59: 0 | BZ59: 0 | CA59: 0 | CB59: 0 | CC59: 0 | CD59: 0 | CE59: 0 | CF59: 0 | CG59: 0 | CH59: =CH60+CH64+CH67+CH76 -> 0 | CI59: 0 | CJ59: =CJ60+CJ64+CJ67+CJ76 -> 0 | CK59: нд
A60: 1.2.1.1 | B60: Реконструкция трансформаторной подстанции ТП-932, с увеличением трансформаторной мощности с 2х630 до 2х1000 кВА, Богородский г.о., г.Старая Купавна ул.Дорожная | C60: O_25_ТП-932 | D60: 8.5361356 | E60: =M60+U60+AC60+AK60 -> 0 | F60: =N60+V60+AD60+AL60 -> 0 | G60: =O60+W60+AE60+AM60 -> 0 | H60: =P60+X60+AF60+AN60 -> 0 | I60: =Q60+Y60+AG60+AO60 -> 0 | J60: =R60+Z60+AH60+AP60 -> 0 | K60: =S60+AA60+AI60+AQ60 -> 0 | L60: =T60+AB60+AJ60+AR60 -> 0 | M60: 0 | N60: 0 | O60: 0 | P60: 0 | Q60: 0 | R60: 0 | S60: 0 | T60: 0 | U60: 0 | V60: 0 | W60: 0 | X60: 0 | Y60: 0 | Z60: 0 | AA60: 0 | AB60: 0 | AC60: 0 | AD60: 0 | AE60: 0 | AF60: 0 | AG60: 0 | AH60: 0 | AI60: 0 | AJ60: 0 | AK60: 0 | AL60: 0 | AM60: 0 | AN60: 0 | AO60: 0 | AP60: 0 | AQ60: 0 | AR60: 0 | AS60: =BA60+BI60+BQ60+BY60 -> 0 | AT60: =BB60+BJ60+BR60+BZ60 -> 0 | AU60: =BC60+BK60+BS60+CA60 -> 0 | AV60: =BD60+BL60+BT60+CB60 -> 0 | AW60: =BE60+BM60+BU60+CC60 -> 0 | AX60: =BF60+BN60+BV60+CD60 -> 0 | AY60: =BG60+BO60+BW60+CE60 -> 0 | AZ60: =BH60+BP60+BX60+CF60 -> 0 | BA60: 0 | BB60: 0 | BC60: 0 | BD60: 0 | BE60: 0 | BF60: 0 | BG60: 0 | BH60: 0 | BI60: 0 | BJ60: 0 | BK60: 0 | BL60: 0 | BM60: 0 | BN60: 0 | BO60: 0 | BP60: 0 | BQ60: 0 | BR60: 0 | BS60: 0 | BT60: 0 | BU60: 0 | BV60: 0 | BW60: 0 | BX60: 0 | BY60: 0 | BZ60: 0 | CA60: 0 | CB60: 0 | CC60: 0 | CD60: 0 | CE60: 0 | CF60: 0 | CG60: 0 | CH60: =CH61+CH65+CH68+CH77 -> 0 | CI60: 0 | CJ60: =CJ61+CJ65+CJ68+CJ77 -> 0 | CK60: нд
A61: 1.2.1.1 | B61: Реконструкция трансформаторной подстанции ТП-84 с увеличением трансформаторной мощности с 2х400 на 2х630 кВА, Богородский г.о., г.Ногинск, Электростальское ш. | C61: O_26_ТП-84 | D61: 7.969799 | E61: =M61+U61+AC61+AK61 -> 0 | F61: =N61+V61+AD61+AL61 -> 0 | G61: =O61+W61+AE61+AM61 -> 0 | H61: =P61+X61+AF61+AN61 -> 0 | I61: =Q61+Y61+AG61+AO61 -> 0 | J61: =R61+Z61+AH61+AP61 -> 0 | K61: =S61+AA61+AI61+AQ61 -> 0 | L61: =T61+AB61+AJ61+AR61 -> 0 | M61: 0 | N61: 0 | O61: 0 | P61: 0 | Q61: 0 | R61: 0 | S61: 0 | T61: 0 | U61: 0 | V61: 0 | W61: 0 | X61: 0 | Y61: 0 | Z61: 0 | AA61: 0 | AB61: 0 | AC61: 0 | AD61: 0 | AE61: 0 | AF61: 0 | AG61: 0 | AH61: 0 | AI61: 0 | AJ61: 0 | AK61: 0 | AL61: 0 | AM61: 0 | AN61: 0 | AO61: 0 | AP61: 0 | AQ61: 0 | AR61: 0 | AS61: =BA61+BI61+BQ61+BY61 -> 0 | AT61: =BB61+BJ61+BR61+BZ61 -> 0 | AU61: =BC61+BK61+BS61+CA61 -> 0 | AV61: =BD61+BL61+BT61+CB61 -> 0 | AW61: =BE61+BM61+BU61+CC61 -> 0 | AX61: =BF61+BN61+BV61+CD61 -> 0 | AY61: =BG61+BO61+BW61+CE61 -> 0 | AZ61: =BH61+BP61+BX61+CF61 -> 0 | BA61: 0 | BB61: 0 | BC61: 0 | BD61: 0 | BE61: 0 | BF61: 0 | BG61: 0 | BH61: 0 | BI61: 0 | BJ61: 0 | BK61: 0 | BL61: 0 | BM61: 0 | BN61: 0 | BO61: 0 | BP61: 0 | BQ61: 0 | BR61: 0 | BS61: 0 | BT61: 0 | BU61: 0 | BV61: 0 | BW61: 0 | BX61: 0 | BY61: 0 | BZ61: 0 | CA61: 0 | CB61: 0 | CC61: 0 | CD61: 0 | CE61: 0 | CF61: 0 | CG61: 0 | CH61: =CH62+CH66+CH69+CH78 -> 0 | CI61: 0 | CJ61: =CJ62+CJ66+CJ69+CJ78 -> 0 | CK61: нд
A62: 1.2.1.1 | B62: Реконструкция трансформаторной подстанции ТП-195 с увеличением трансформаторной мощности с 2х250 на 2х630 кВА, Богородский г.о., г.Ногинск, ул.III Интернационала | C62: O_27_ТП-195 | D62: 13.170666 | E62: =M62+U62+AC62+AK62 -> 0 | F62: =N62+V62+AD62+AL62 -> 13.170666 | G62: =O62+W62+AE62+AM62 -> 1.26 | H62: =P62+X62+AF62+AN62 -> 0 | I62: =Q62+Y62+AG62+AO62 -> 0 | J62: =R62+Z62+AH62+AP62 -> 0 | K62: =S62+AA62+AI62+AQ62 -> 0 | L62: =T62+AB62+AJ62+AR62 -> 0 | M62: 0 | N62: 0 | O62: 0 | P62: 0 | Q62: 0 | R62: 0 | S62: 0 | T62: 0 | U62: 0 | V62: =D62 -> 13.170666 | W62: 1.26 | X62: 0 | Y62: 0 | Z62: 0 | AA62: 0 | AB62: 0 | AC62: 0 | AD62: 0 | AE62: 0 | AF62: 0 | AG62: 0 | AH62: 0 | AI62: 0 | AJ62: 0 | AK62: 0 | AL62: 0 | AM62: 0 | AN62: 0 | AO62: 0 | AP62: 0 | AQ62: 0 | AR62: 0 | AS62: =BA62+BI62+BQ62+BY62 -> 0 | AT62: =BB62+BJ62+BR62+BZ62 -> 13.170666 | AU62: =BC62+BK62+BS62+CA62 -> 1.26 | AV62: =BD62+BL62+BT62+CB62 -> 0 | AW62: =BE62+BM62+BU62+CC62 -> 0 | AX62: =BF62+BN62+BV62+CD62 -> 0 | AY62: =BG62+BO62+BW62+CE62 -> 0 | AZ62: =BH62+BP62+BX62+CF62 -> 0 | BA62: 0 | BB62: 0 | BC62: 0 | BD62: 0 | BE62: 0 | BF62: 0 | BG62: 0 | BH62: 0 | BI62: 0 | BJ62: 13.170666 | BK62: 1.26 | BL62: 0 | BM62: 0 | BN62: 0 | BO62: 0 | BP62: 0 | BQ62: 0 | BR62: 0 | BS62: 0 | BT62: 0 | BU62: 0 | BV62: 0 | BW62: 0 | BX62: 0 | BY62: 0 | BZ62: 0 | CA62: 0 | CB62: 0 | CC62: 0 | CD62: 0 | CE62: 0 | CF62: 0 | CG62: 0 | CH62: =CH63+CH67+CH70+CH79 -> 0 | CI62: 0 | CJ62: =CJ63+CJ67+CJ70+CJ79 -> 0 | CK62: нд
A63: 1.2.1.1 | B63: Реконструкция трансформаторной подстанции ТП-728 с увеличением трансформаторной мощности с 2х400 на 2х630 кВА, Богородский г.о., г.Ногинск, ул.Ильича | C63: O_28_ТП-728 | D63: 13.215521 | E63: =M63+U63+AC63+AK63 -> 0 | F63: =N63+V63+AD63+AL63 -> 13.215521 | G63: =O63+W63+AE63+AM63 -> 1.26 | H63: =P63+X63+AF63+AN63 -> 0 | I63: =Q63+Y63+AG63+AO63 -> 0 | J63: =R63+Z63+AH63+AP63 -> 0 | K63: =S63+AA63+AI63+AQ63 -> 0 | L63: =T63+AB63+AJ63+AR63 -> 0 | M63: 0 | N63: 0 | O63: 0 | P63: 0 | Q63: 0 | R63: 0 | S63: 0 | T63: 0 | U63: 0 | V63: 0 | W63: 0 | X63: 0 | Y63: 0 | Z63: 0 | AA63: 0 | AB63: 0 | AC63: 0 | AD63: 0 | AE63: 0 | AF63: 0 | AG63: 0 | AH63: 0 | AI63: 0 | AJ63: 0 | AK63: 0 | AL63: =D63 -> 13.215521 | AM63: 1.26 | AN63: 0 | AO63: 0 | AP63: 0 | AQ63: 0 | AR63: 0 | AS63: =BA63+BI63+BQ63+BY63 -> 0 | AT63: =BB63+BJ63+BR63+BZ63 -> 0 | AU63: =BC63+BK63+BS63+CA63 -> 0 | AV63: =BD63+BL63+BT63+CB63 -> 0 | AW63: =BE63+BM63+BU63+CC63 -> 0 | AX63: =BF63+BN63+BV63+CD63 -> 0 | AY63: =BG63+BO63+BW63+CE63 -> 0 | AZ63: =BH63+BP63+BX63+CF63 -> 0 | BA63: 0 | BB63: 0 | BC63: 0 | BD63: 0 | BE63: 0 | BF63: 0 | BG63: 0 | BH63: 0 | BI63: 0 | BJ63: 0 | BK63: 0 | BL63: 0 | BM63: 0 | BN63: 0 | BO63: 0 | BP63: 0 | BQ63: 0 | BR63: 0 | BS63: 0 | BT63: 0 | BU63: 0 | BV63: 0 | BW63: 0 | BX63: 0 | BY63: 0 | BZ63: 0 | CA63: 0 | CB63: 0 | CC63: 0 | CD63: 0 | CE63: 0 | CF63: 0 | CG63: 0 | CH63: =CH64+CH68+CH71+CH80 -> 0 | CI63: 0 | CJ63: =CJ64+CJ68+CJ71+CJ80 -> 0 | CK63: нд
A64: 1.2.1.1 | B64: Реконструкция трансформаторной подстанции ТП-240 с увеличением трансформаторной мощности с 2х400 на 2х630 кВА, Богородский г.о., п.Обухово | C64: O_29_ТП-240 | D64: 13.215521 | E64: =M64+U64+AC64+AK64 -> 0 | F64: =N64+V64+AD64+AL64 -> 0 | G64: =O64+W64+AE64+AM64 -> 0 | H64: =P64+X64+AF64+AN64 -> 0 | I64: =Q64+Y64+AG64+AO64 -> 0 | J64: =R64+Z64+AH64+AP64 -> 0 | K64: =S64+AA64+AI64+AQ64 -> 0 | L64: =T64+AB64+AJ64+AR64 -> 0 | M64: 0 | N64: 0 | O64: 0 | P64: 0 | Q64: 0 | R64: 0 | S64: 0 | T64: 0 | U64: 0 | V64: 0 | W64: 0 | X64: 0 | Y64: 0 | Z64: 0 | AA64: 0 | AB64: 0 | AC64: 0 | AD64: 0 | AE64: 0 | AF64: 0 | AG64: 0 | AH64: 0 | AI64: 0 | AJ64: 0 | AK64: 0 | AL64: 0 | AM64: 0 | AN64: 0 | AO64: 0 | AP64: 0 | AQ64: 0 | AR64: 0 | AS64: =BA64+BI64+BQ64+BY64 -> 0 | AT64: =BB64+BJ64+BR64+BZ64 -> 0 | AU64: =BC64+BK64+BS64+CA64 -> 0 | AV64: =BD64+BL64+BT64+CB64 -> 0 | AW64: =BE64+BM64+BU64+CC64 -> 0 | AX64: =BF64+BN64+BV64+CD64 -> 0 | AY64: =BG64+BO64+BW64+CE64 -> 0 | AZ64: =BH64+BP64+BX64+CF64 -> 0 | BA64: 0 | BB64: 0 | BC64: 0 | BD64: 0 | BE64: 0 | BF64: 0 | BG64: 0 | BH64: 0 | BI64: 0 | BJ64: 0 | BK64: 0 | BL64: 0 | BM64: 0 | BN64: 0 | BO64: 0 | BP64: 0 | BQ64: 0 | BR64: 0 | BS64: 0 | BT64: 0 | BU64: 0 | BV64: 0 | BW64: 0 | BX64: 0 | BY64: 0 | BZ64: 0 | CA64: 0 | CB64: 0 | CC64: 0 | CD64: 0 | CE64: 0 | CF64: 0 | CG64: 0 | CH64: =CH65+CH69+CH72+CH81 -> 0 | CI64: 0 | CJ64: =CJ65+CJ69+CJ72+CJ81 -> 0 | CK64: нд
A65: 1.2.1.1 | B65: Реконструкция трансформаторной подстанции ТП-181 с увеличением трансформаторной мощности с 2х400 на 2х630 кВА, Богородский г.о., г.Электроугли, ул.Полевая | C65: O_30_ТП-181 | D65: 13.215521 | E65: =M65+U65+AC65+AK65 -> 0 | F65: =N65+V65+AD65+AL65 -> 0 | G65: =O65+W65+AE65+AM65 -> 0 | H65: =P65+X65+AF65+AN65 -> 0 | I65: =Q65+Y65+AG65+AO65 -> 0 | J65: =R65+Z65+AH65+AP65 -> 0 | K65: =S65+AA65+AI65+AQ65 -> 0 | L65: =T65+AB65+AJ65+AR65 -> 0 | M65: 0 | N65: 0 | O65: 0 | P65: 0 | Q65: 0 | R65: 0 | S65: 0 | T65: 0 | U65: 0 | V65: 0 | W65: 0 | X65: 0 | Y65: 0 | Z65: 0 | AA65: 0 | AB65: 0 | AC65: 0 | AD65: 0 | AE65: 0 | AF65: 0 | AG65: 0 | AH65: 0 | AI65: 0 | AJ65: 0 | AK65: 0 | AL65: 0 | AM65: 0 | AN65: 0 | AO65: 0 | AP65: 0 | AQ65: 0 | AR65: 0 | AS65: =BA65+BI65+BQ65+BY65 -> 0 | AT65: =BB65+BJ65+BR65+BZ65 -> 0 | AU65: =BC65+BK65+BS65+CA65 -> 0 | AV65: =BD65+BL65+BT65+CB65 -> 0 | AW65: =BE65+BM65+BU65+CC65 -> 0 | AX65: =BF65+BN65+BV65+CD65 -> 0 | AY65: =BG65+BO65+BW65+CE65 -> 0 | AZ65: =BH65+BP65+BX65+CF65 -> 0 | BA65: 0 | BB65: 0 | BC65: 0 | BD65: 0 | BE65: 0 | BF65: 0 | BG65: 0 | BH65: 0 | BI65: 0 | BJ65: 0 | BK65: 0 | BL65: 0 | BM65: 0 | BN65: 0 | BO65: 0 | BP65: 0 | BQ65: 0 | BR65: 0 | BS65: 0 | BT65: 0 | BU65: 0 | BV65: 0 | BW65: 0 | BX65: 0 | BY65: 0 | BZ65: 0 | CA65: 0 | CB65: 0 | CC65: 0 | CD65: 0 | CE65: 0 | CF65: 0 | CG65: 0 | CH65: =CH66+CH70+CH73+CH82 -> 0 | CI65: 0 | CJ65: =CJ66+CJ70+CJ73+CJ82 -> 0 | CK65: нд
A66: 1.2.1.1 | B66: Реконструкция трансформаторной подстанции ТП-187 с увеличением трансформаторной мощности с 2х250 на 2х630 кВА, Богородский г.о., г.Электроугли, ул.Парковая | C66: O_31_ТП-187 | D66: 13.170666 | E66: =M66+U66+AC66+AK66 -> 0 | F66: =N66+V66+AD66+AL66 -> 0 | G66: =O66+W66+AE66+AM66 -> 0 | H66: =P66+X66+AF66+AN66 -> 0 | I66: =Q66+Y66+AG66+AO66 -> 0 | J66: =R66+Z66+AH66+AP66 -> 0 | K66: =S66+AA66+AI66+AQ66 -> 0 | L66: =T66+AB66+AJ66+AR66 -> 0 | M66: 0 | N66: 0 | O66: 0 | P66: 0 | Q66: 0 | R66: 0 | S66: 0 | T66: 0 | U66: 0 | V66: 0 | W66: 0 | X66: 0 | Y66: 0 | Z66: 0 | AA66: 0 | AB66: 0 | AC66: 0 | AD66: 0 | AE66: 0 | AF66: 0 | AG66: 0 | AH66: 0 | AI66: 0 | AJ66: 0 | AK66: 0 | AL66: 0 | AM66: 0 | AN66: 0 | AO66: 0 | AP66: 0 | AQ66: 0 | AR66: 0 | AS66: =BA66+BI66+BQ66+BY66 -> 0 | AT66: =BB66+BJ66+BR66+BZ66 -> 0 | AU66: =BC66+BK66+BS66+CA66 -> 0 | AV66: =BD66+BL66+BT66+CB66 -> 0 | AW66: =BE66+BM66+BU66+CC66 -> 0 | AX66: =BF66+BN66+BV66+CD66 -> 0 | AY66: =BG66+BO66+BW66+CE66 -> 0 | AZ66: =BH66+BP66+BX66+CF66 -> 0 | BA66: 0 | BB66: 0 | BC66: 0 | BD66: 0 | BE66: 0 | BF66: 0 | BG66: 0 | BH66: 0 | BI66: 0 | BJ66: 0 | BK66: 0 | BL66: 0 | BM66: 0 | BN66: 0 | BO66: 0 | BP66: 0 | BQ66: 0 | BR66: 0 | BS66: 0 | BT66: 0 | BU66: 0 | BV66: 0 | BW66: 0 | BX66: 0 | BY66: 0 | BZ66: 0 | CA66: 0 | CB66: 0 | CC66: 0 | CD66: 0 | CE66: 0 | CF66: 0 | CG66: 0 | CH66: =CH67+CH71+CH74+CH83 -> 0 | CI66: 0 | CJ66: =CJ67+CJ71+CJ74+CJ83 -> 0 | CK66: нд
A67: 1.2.1.1 | B67: Реконструкция трансформаторной подстанции ТП-87 с увеличением трансформаторной мощности с 2х250 на 2х630 кВА, Богородский г.о., г.Ногинск, ул.Ново-Владимирская | C67: O_32_ТП-87 | D67: 13.170666 | E67: =M67+U67+AC67+AK67 -> 0 | F67: =N67+V67+AD67+AL67 -> 0 | G67: =O67+W67+AE67+AM67 -> 0 | H67: =P67+X67+AF67+AN67 -> 0 | I67: =Q67+Y67+AG67+AO67 -> 0 | J67: =R67+Z67+AH67+AP67 -> 0 | K67: =S67+AA67+AI67+AQ67 -> 0 | L67: =T67+AB67+AJ67+AR67 -> 0 | M67: 0 | N67: 0 | O67: 0 | P67: 0 | Q67: 0 | R67: 0 | S67: 0 | T67: 0 | U67: 0 | V67: 0 | W67: 0 | X67: 0 | Y67: 0 | Z67: 0 | AA67: 0 | AB67: 0 | AC67: 0 | AD67: 0 | AE67: 0 | AF67: 0 | AG67: 0 | AH67: 0 | AI67: 0 | AJ67: 0 | AK67: 0 | AL67: 0 | AM67: 0 | AN67: 0 | AO67: 0 | AP67: 0 | AQ67: 0 | AR67: 0 | AS67: =BA67+BI67+BQ67+BY67 -> 0 | AT67: =BB67+BJ67+BR67+BZ67 -> 0 | AU67: =BC67+BK67+BS67+CA67 -> 0 | AV67: =BD67+BL67+BT67+CB67 -> 0 | AW67: =BE67+BM67+BU67+CC67 -> 0 | AX67: =BF67+BN67+BV67+CD67 -> 0 | AY67: =BG67+BO67+BW67+CE67 -> 0 | AZ67: =BH67+BP67+BX67+CF67 -> 0 | BA67: 0 | BB67: 0 | BC67: 0 | BD67: 0 | BE67: 0 | BF67: 0 | BG67: 0 | BH67: 0 | BI67: 0 | BJ67: 0 | BK67: 0 | BL67: 0 | BM67: 0 | BN67: 0 | BO67: 0 | BP67: 0 | BQ67: 0 | BR67: 0 | BS67: 0 | BT67: 0 | BU67: 0 | BV67: 0 | BW67: 0 | BX67: 0 | BY67: 0 | BZ67: 0 | CA67: 0 | CB67: 0 | CC67: 0 | CD67: 0 | CE67: 0 | CF67: 0 | CG67: 0 | CH67: =CH68+CH72+CH75+CH84 -> 0 | CI67: 0 | CJ67: =CJ68+CJ72+CJ75+CJ84 -> 0 | CK67: нд
A68: 1.2.1.1 | B68: Реконструкция трансформаторной подстанции ТП-518 с увеличением трансформаторной мощности с 2х400 на 2х630 кВА, Богородский г.о., г.Ногинск, Электростальское ш. | C68: O_33_ТП-518 | D68: 13.215521 | E68: =M68+U68+AC68+AK68 -> 0 | F68: =N68+V68+AD68+AL68 -> 0 | G68: =O68+W68+AE68+AM68 -> 0 | H68: =P68+X68+AF68+AN68 -> 0 | I68: =Q68+Y68+AG68+AO68 -> 0 | J68: =R68+Z68+AH68+AP68 -> 0 | K68: =S68+AA68+AI68+AQ68 -> 0 | L68: =T68+AB68+AJ68+AR68 -> 0 | M68: 0 | N68: 0 | O68: 0 | P68: 0 | Q68: 0 | R68: 0 | S68: 0 | T68: 0 | U68: 0 | V68: 0 | W68: 0 | X68: 0 | Y68: 0 | Z68: 0 | AA68: 0 | AB68: 0 | AC68: 0 | AD68: 0 | AE68: 0 | AF68: 0 | AG68: 0 | AH68: 0 | AI68: 0 | AJ68: 0 | AK68: 0 | AL68: 0 | AM68: 0 | AN68: 0 | AO68: 0 | AP68: 0 | AQ68: 0 | AR68: 0 | AS68: =BA68+BI68+BQ68+BY68 -> 0 | AT68: =BB68+BJ68+BR68+BZ68 -> 0 | AU68: =BC68+BK68+BS68+CA68 -> 0 | AV68: =BD68+BL68+BT68+CB68 -> 0 | AW68: =BE68+BM68+BU68+CC68 -> 0 | AX68: =BF68+BN68+BV68+CD68 -> 0 | AY68: =BG68+BO68+BW68+CE68 -> 0 | AZ68: =BH68+BP68+BX68+CF68 -> 0 | BA68: 0 | BB68: 0 | BC68: 0 | BD68: 0 | BE68: 0 | BF68: 0 | BG68: 0 | BH68: 0 | BI68: 0 | BJ68: 0 | BK68: 0 | BL68: 0 | BM68: 0 | BN68: 0 | BO68: 0 | BP68: 0 | BQ68: 0 | BR68: 0 | BS68: 0 | BT68: 0 | BU68: 0 | BV68: 0 | BW68: 0 | BX68: 0 | BY68: 0 | BZ68: 0 | CA68: 0 | CB68: 0 | CC68: 0 | CD68: 0 | CE68: 0 | CF68: 0 | CG68: 0 | CH68: =CH69+CH73+CH76+CH85 -> 0 | CI68: 0 | CJ68: =CJ69+CJ73+CJ76+CJ85 -> 0 | CK68: нд
A69: 1.2.1.1 | B69: Реконструкция трансформаторной подстанции ТП-15 с увеличением трансформаторной мощности с 2х180 на 2х630 кВА, Богородский г.о., г.Ногинск, ул.Трудовая | C69: O_34_ТП-15 | D69: 13.170666 | E69: =M69+U69+AC69+AK69 -> 0 | F69: =N69+V69+AD69+AL69 -> 0 | G69: =O69+W69+AE69+AM69 -> 0 | H69: =P69+X69+AF69+AN69 -> 0 | I69: =Q69+Y69+AG69+AO69 -> 0 | J69: =R69+Z69+AH69+AP69 -> 0 | K69: =S69+AA69+AI69+AQ69 -> 0 | L69: =T69+AB69+AJ69+AR69 -> 0 | M69: 0 | N69: 0 | O69: 0 | P69: 0 | Q69: 0 | R69: 0 | S69: 0 | T69: 0 | U69: 0 | V69: 0 | W69: 0 | X69: 0 | Y69: 0 | Z69: 0 | AA69: 0 | AB69: 0 | AC69: 0 | AD69: 0 | AE69: 0 | AF69: 0 | AG69: 0 | AH69: 0 | AI69: 0 | AJ69: 0 | AK69: 0 | AL69: 0 | AM69: 0 | AN69: 0 | AO69: 0 | AP69: 0 | AQ69: 0 | AR69: 0 | AS69: =BA69+BI69+BQ69+BY69 -> 0 | AT69: =BB69+BJ69+BR69+BZ69 -> 0 | AU69: =BC69+BK69+BS69+CA69 -> 0 | AV69: =BD69+BL69+BT69+CB69 -> 0 | AW69: =BE69+BM69+BU69+CC69 -> 0 | AX69: =BF69+BN69+BV69+CD69 -> 0 | AY69: =BG69+BO69+BW69+CE69 -> 0 | AZ69: =BH69+BP69+BX69+CF69 -> 0 | BA69: 0 | BB69: 0 | BC69: 0 | BD69: 0 | BE69: 0 | BF69: 0 | BG69: 0 | BH69: 0 | BI69: 0 | BJ69: 0 | BK69: 0 | BL69: 0 | BM69: 0 | BN69: 0 | BO69: 0 | BP69: 0 | BQ69: 0 | BR69: 0 | BS69: 0 | BT69: 0 | BU69: 0 | BV69: 0 | BW69: 0 | BX69: 0 | BY69: 0 | BZ69: 0 | CA69: 0 | CB69: 0 | CC69: 0 | CD69: 0 | CE69: 0 | CF69: 0 | CG69: 0 | CH69: =CH70+CH74+CH77+CH86 -> 0 | CI69: 0 | CJ69: =CJ70+CJ74+CJ77+CJ86 -> 0 | CK69: нд
A70: 1.2.1.1 | B70: Реконструкция трансформаторной подстанции ТП-528 с увеличением трансформаторной мощности с 250 на 630 кВА, Богородский г.о., г.Ногинск, ул.Затишье | C70: O_35_КТП-528 | D70: 2.4550967 | E70: =M70+U70+AC70+AK70 -> 0 | F70: =N70+V70+AD70+AL70 -> 0 | G70: =O70+W70+AE70+AM70 -> 0 | H70: =P70+X70+AF70+AN70 -> 0 | I70: =Q70+Y70+AG70+AO70 -> 0 | J70: =R70+Z70+AH70+AP70 -> 0 | K70: =S70+AA70+AI70+AQ70 -> 0 | L70: =T70+AB70+AJ70+AR70 -> 0 | M70: 0 | N70: 0 | O70: 0 | P70: 0 | Q70: 0 | R70: 0 | S70: 0 | T70: 0 | U70: 0 | V70: 0 | W70: 0 | X70: 0 | Y70: 0 | Z70: 0 | AA70: 0 | AB70: 0 | AC70: 0 | AD70: 0 | AE70: 0 | AF70: 0 | AG70: 0 | AH70: 0 | AI70: 0 | AJ70: 0 | AK70: 0 | AL70: 0 | AM70: 0 | AN70: 0 | AO70: 0 | AP70: 0 | AQ70: 0 | AR70: 0 | AS70: =BA70+BI70+BQ70+BY70 -> 0 | AT70: =BB70+BJ70+BR70+BZ70 -> 0 | AU70: =BC70+BK70+BS70+CA70 -> 0 | AV70: =BD70+BL70+BT70+CB70 -> 0 | AW70: =BE70+BM70+BU70+CC70 -> 0 | AX70: =BF70+BN70+BV70+CD70 -> 0 | AY70: =BG70+BO70+BW70+CE70 -> 0 | AZ70: =BH70+BP70+BX70+CF70 -> 0 | BA70: 0 | BB70: 0 | BC70: 0 | BD70: 0 | BE70: 0 | BF70: 0 | BG70: 0 | BH70: 0 | BI70: 0 | BJ70: 0 | BK70: 0 | BL70: 0 | BM70: 0 | BN70: 0 | BO70: 0 | BP70: 0 | BQ70: 0 | BR70: 0 | BS70: 0 | BT70: 0 | BU70: 0 | BV70: 0 | BW70: 0 | BX70: 0 | BY70: 0 | BZ70: 0 | CA70: 0 | CB70: 0 | CC70: 0 | CD70: 0 | CE70: 0 | CF70: 0 | CG70: 0 | CH70: =CH71+CH75+CH78+CH87 -> 0 | CI70: 0 | CJ70: =CJ71+CJ75+CJ78+CJ87 -> 0 | CK70: нд
A71: 1.2.1.1 | B71: Реконструкция трансформаторной подстанции ТП-803 с увеличением трансформаторной мощности с 250 на 630 кВА, г.о.Электросталь, пос.Новые Дома | C71: O_36_КТП-803 | D71: 2.4550967 | E71: =M71+U71+AC71+AK71 -> 0 | F71: =N71+V71+AD71+AL71 -> 0 | G71: =O71+W71+AE71+AM71 -> 0 | H71: =P71+X71+AF71+AN71 -> 0 | I71: =Q71+Y71+AG71+AO71 -> 0 | J71: =R71+Z71+AH71+AP71 -> 0 | K71: =S71+AA71+AI71+AQ71 -> 0 | L71: =T71+AB71+AJ71+AR71 -> 0 | M71: 0 | N71: 0 | O71: 0 | P71: 0 | Q71: 0 | R71: 0 | S71: 0 | T71: 0 | U71: 0 | V71: 0 | W71: 0 | X71: 0 | Y71: 0 | Z71: 0 | AA71: 0 | AB71: 0 | AC71: 0 | AD71: 0 | AE71: 0 | AF71: 0 | AG71: 0 | AH71: 0 | AI71: 0 | AJ71: 0 | AK71: 0 | AL71: 0 | AM71: 0 | AN71: 0 | AO71: 0 | AP71: 0 | AQ71: 0 | AR71: 0 | AS71: =BA71+BI71+BQ71+BY71 -> 0 | AT71: =BB71+BJ71+BR71+BZ71 -> 0 | AU71: =BC71+BK71+BS71+CA71 -> 0 | AV71: =BD71+BL71+BT71+CB71 -> 0 | AW71: =BE71+BM71+BU71+CC71 -> 0 | AX71: =BF71+BN71+BV71+CD71 -> 0 | AY71: =BG71+BO71+BW71+CE71 -> 0 | AZ71: =BH71+BP71+BX71+CF71 -> 0 | BA71: 0 | BB71: 0 | BC71: 0 | BD71: 0 | BE71: 0 | BF71: 0 | BG71: 0 | BH71: 0 | BI71: 0 | BJ71: 0 | BK71: 0 | BL71: 0 | BM71: 0 | BN71: 0 | BO71: 0 | BP71: 0 | BQ71: 0 | BR71: 0 | BS71: 0 | BT71: 0 | BU71: 0 | BV71: 0 | BW71: 0 | BX71: 0 | BY71: 0 | BZ71: 0 | CA71: 0 | CB71: 0 | CC71: 0 | CD71: 0 | CE71: 0 | CF71: 0 | CG71: 0 | CH71: =CH72+CH76+CH79+CH88 -> 0 | CI71: 0 | CJ71: =CJ72+CJ76+CJ79+CJ88 -> 0 | CK71: нд
A72: 1.2.1.1 | B72: Реконструкция трансформаторной подстанции ТП-804 с увеличением трансформаторной мощности с 400 на 630 кВА, г.о.Электросталь, пос.Новые Дома | C72: O_37_КТП-804 | D72: 2.4744746 | E72: =M72+U72+AC72+AK72 -> 0 | F72: =N72+V72+AD72+AL72 -> 0 | G72: =O72+W72+AE72+AM72 -> 0 | H72: =P72+X72+AF72+AN72 -> 0 | I72: =Q72+Y72+AG72+AO72 -> 0 | J72: =R72+Z72+AH72+AP72 -> 0 | K72: =S72+AA72+AI72+AQ72 -> 0 | L72: =T72+AB72+AJ72+AR72 -> 0 | M72: 0 | N72: 0 | O72: 0 | P72: 0 | Q72: 0 | R72: 0 | S72: 0 | T72: 0 | U72: 0 | V72: 0 | W72: 0 | X72: 0 | Y72: 0 | Z72: 0 | AA72: 0 | AB72: 0 | AC72: 0 | AD72: 0 | AE72: 0 | AF72: 0 | AG72: 0 | AH72: 0 | AI72: 0 | AJ72: 0 | AK72: 0 | AL72: 0 | AM72: 0 | AN72: 0 | AO72: 0 | AP72: 0 | AQ72: 0 | AR72: 0 | AS72: =BA72+BI72+BQ72+BY72 -> 0 | AT72: =BB72+BJ72+BR72+BZ72 -> 0 | AU72: =BC72+BK72+BS72+CA72 -> 0 | AV72: =BD72+BL72+BT72+CB72 -> 0 | AW72: =BE72+BM72+BU72+CC72 -> 0 | AX72: =BF72+BN72+BV72+CD72 -> 0 | AY72: =BG72+BO72+BW72+CE72 -> 0 | AZ72: =BH72+BP72+BX72+CF72 -> 0 | BA72: 0 | BB72: 0 | BC72: 0 | BD72: 0 | BE72: 0 | BF72: 0 | BG72: 0 | BH72: 0 | BI72: 0 | BJ72: 0 | BK72: 0 | BL72: 0 | BM72: 0 | BN72: 0 | BO72: 0 | BP72: 0 | BQ72: 0 | BR72: 0 | BS72: 0 | BT72: 0 | BU72: 0 | BV72: 0 | BW72: 0 | BX72: 0 | BY72: 0 | BZ72: 0 | CA72: 0 | CB72: 0 | CC72: 0 | CD72: 0 | CE72: 0 | CF72: 0 | CG72: 0 | CH72: =CH73+CH77+CH80+CH89 -> 0 | CI72: 0 | CJ72: =CJ73+CJ77+CJ80+CJ89 -> 0 | CK72: нд
A73: 1.2.1.1 | B73: Реконструкция трансформаторной подстанции ТП-142 с увеличением трансформаторной мощности с 180 на 630 кВА, Богородский г.о., г.Электроугли, ул.Вокзальная | C73: O_38_КТП-142 | D73: 2.4550967 | E73: =M73+U73+AC73+AK73 -> 0 | F73: =N73+V73+AD73+AL73 -> 0 | G73: =O73+W73+AE73+AM73 -> 0 | H73: =P73+X73+AF73+AN73 -> 0 | I73: =Q73+Y73+AG73+AO73 -> 0 | J73: =R73+Z73+AH73+AP73 -> 0 | K73: =S73+AA73+AI73+AQ73 -> 0 | L73: =T73+AB73+AJ73+AR73 -> 0 | M73: 0 | N73: 0 | O73: 0 | P73: 0 | Q73: 0 | R73: 0 | S73: 0 | T73: 0 | U73: 0 | V73: 0 | W73: 0 | X73: 0 | Y73: 0 | Z73: 0 | AA73: 0 | AB73: 0 | AC73: 0 | AD73: 0 | AE73: 0 | AF73: 0 | AG73: 0 | AH73: 0 | AI73: 0 | AJ73: 0 | AK73: 0 | AL73: 0 | AM73: 0 | AN73: 0 | AO73: 0 | AP73: 0 | AQ73: 0 | AR73: 0 | AS73: =BA73+BI73+BQ73+BY73 -> 0 | AT73: =BB73+BJ73+BR73+BZ73 -> 0 | AU73: =BC73+BK73+BS73+CA73 -> 0 | AV73: =BD73+BL73+BT73+CB73 -> 0 | AW73: =BE73+BM73+BU73+CC73 -> 0 | AX73: =BF73+BN73+BV73+CD73 -> 0 | AY73: =BG73+BO73+BW73+CE73 -> 0 | AZ73: =BH73+BP73+BX73+CF73 -> 0 | BA73: 0 | BB73: 0 | BC73: 0 | BD73: 0 | BE73: 0 | BF73: 0 | BG73: 0 | BH73: 0 | BI73: 0 | BJ73: 0 | BK73: 0 | BL73: 0 | BM73: 0 | BN73: 0 | BO73: 0 | BP73: 0 | BQ73: 0 | BR73: 0 | BS73: 0 | BT73: 0 | BU73: 0 | BV73: 0 | BW73: 0 | BX73: 0 | BY73: 0 | BZ73: 0 | CA73: 0 | CB73: 0 | CC73: 0 | CD73: 0 | CE73: 0 | CF73: 0 | CG73: 0 | CH73: =CH74+CH78+CH81+CH90 -> 0 | CI73: 0 | CJ73: =CJ74+CJ78+CJ81+CJ90 -> 0 | CK73: нд
A74: 1.2.1.1 | B74: Реконструкция трансформаторной подстанции ТП-540 с увеличением трансформаторной мощности с 400 на 630 кВА, Богородский г.о., д.Пешково, ул.Гречишкина | C74: O_39_КТП-540 | D74: 4.5805214 | E74: =M74+U74+AC74+AK74 -> 0 | F74: =N74+V74+AD74+AL74 -> 4.5805214 | G74: =O74+W74+AE74+AM74 -> 0.63 | H74: =P74+X74+AF74+AN74 -> 0 | I74: =Q74+Y74+AG74+AO74 -> 0 | J74: =R74+Z74+AH74+AP74 -> 0 | K74: =S74+AA74+AI74+AQ74 -> 0 | L74: =T74+AB74+AJ74+AR74 -> 0 | M74: 0 | N74: 0 | O74: 0 | P74: 0 | Q74: 0 | R74: 0 | S74: 0 | T74: 0 | U74: 0 | V74: 0 | W74: 0 | X74: 0 | Y74: 0 | Z74: 0 | AA74: 0 | AB74: 0 | AC74: 0 | AD74: 0 | AE74: 0 | AF74: 0 | AG74: 0 | AH74: 0 | AI74: 0 | AJ74: 0 | AK74: 0 | AL74: =D74 -> 4.5805214 | AM74: 0.63 | AN74: 0 | AO74: 0 | AP74: 0 | AQ74: 0 | AR74: 0 | AS74: =BA74+BI74+BQ74+BY74 -> 0 | AT74: =BB74+BJ74+BR74+BZ74 -> 0 | AU74: =BC74+BK74+BS74+CA74 -> 0 | AV74: =BD74+BL74+BT74+CB74 -> 0 | AW74: =BE74+BM74+BU74+CC74 -> 0 | AX74: =BF74+BN74+BV74+CD74 -> 0 | AY74: =BG74+BO74+BW74+CE74 -> 0 | AZ74: =BH74+BP74+BX74+CF74 -> 0 | BA74: 0 | BB74: 0 | BC74: 0 | BD74: 0 | BE74: 0 | BF74: 0 | BG74: 0 | BH74: 0 | BI74: 0 | BJ74: 0 | BK74: 0 | BL74: 0 | BM74: 0 | BN74: 0 | BO74: 0 | BP74: 0 | BQ74: 0 | BR74: 0 | BS74: 0 | BT74: 0 | BU74: 0 | BV74: 0 | BW74: 0 | BX74: 0 | BY74: 0 | BZ74: 0 | CA74: 0 | CB74: 0 | CC74: 0 | CD74: 0 | CE74: 0 | CF74: 0 | CG74: 0 | CH74: =CH75+CH79+CH82+CH91 -> 0 | CI74: 0 | CJ74: =CJ75+CJ79+CJ82+CJ91 -> 0 | CK74: нд
A75: 1.2.1.1 | B75: Реконструкция трансформаторной подстанции ТП-88 с увеличением трансформаторной мощности с 320 на 630 кВА, Богородский г.о., г.Электроугли, ул.Малое Васильево | C75: O_40_КТП-88 | D75: 0 | E75: =M75+U75+AC75+AK75 -> 0 | F75: =N75+V75+AD75+AL75 -> 0 | G75: =O75+W75+AE75+AM75 -> 0 | H75: =P75+X75+AF75+AN75 -> 0 | I75: =Q75+Y75+AG75+AO75 -> 0 | J75: =R75+Z75+AH75+AP75 -> 0 | K75: =S75+AA75+AI75+AQ75 -> 0 | L75: =T75+AB75+AJ75+AR75 -> 0 | M75: 0 | N75: 0 | O75: 0 | P75: 0 | Q75: 0 | R75: 0 | S75: 0 | T75: 0 | U75: 0 | V75: 0 | W75: 0 | X75: 0 | Y75: 0 | Z75: 0 | AA75: 0 | AB75: 0 | AC75: 0 | AD75: 0 | AE75: 0 | AF75: 0 | AG75: 0 | AH75: 0 | AI75: 0 | AJ75: 0 | AK75: 0 | AL75: 0 | AM75: 0 | AN75: 0 | AO75: 0 | AP75: 0 | AQ75: 0 | AR75: 0 | AS75: =BA75+BI75+BQ75+BY75 -> 0 | AT75: =BB75+BJ75+BR75+BZ75 -> 0 | AU75: =BC75+BK75+BS75+CA75 -> 0 | AV75: =BD75+BL75+BT75+CB75 -> 0 | AW75: =BE75+BM75+BU75+CC75 -> 0 | AX75: =BF75+BN75+BV75+CD75 -> 0 | AY75: =BG75+BO75+BW75+CE75 -> 0 | AZ75: =BH75+BP75+BX75+CF75 -> 0 | BA75: 0 | BB75: 0 | BC75: 0 | BD75: 0 | BE75: 0 | BF75: 0 | BG75: 0 | BH75: 0 | BI75: 0 | BJ75: 0 | BK75: 0 | BL75: 0 | BM75: 0 | BN75: 0 | BO75: 0 | BP75: 0 | BQ75: 0 | BR75: 0 | BS75: 0 | BT75: 0 | BU75: 0 | BV75: 0 | BW75: 0 | BX75: 0 | BY75: 0 | BZ75: 0 | CA75: 0 | CB75: 0 | CC75: 0 | CD75: 0 | CE75: 0 | CF75: 0 | CG75: 0 | CH75: =CH76+CH80+CH83+CH92 -> 0 | CI75: 0 | CJ75: =CJ76+CJ80+CJ83+CJ92 -> 0 | CK75: нд
A76: 1.2.1.1 | B76: Реконструкция трансформаторной подстанции ТП-116 с увеличением трансформаторной мощности с 180 на 630 кВА, Богородский г.о., г.Электроугли, ул.Большое Васильево | C76: O_41_КТП-116 | D76: 4.5580941 | E76: =M76+U76+AC76+AK76 -> 0 | F76: =N76+V76+AD76+AL76 -> 0 | G76: =O76+W76+AE76+AM76 -> 0 | H76: =P76+X76+AF76+AN76 -> 0 | I76: =Q76+Y76+AG76+AO76 -> 0 | J76: =R76+Z76+AH76+AP76 -> 0 | K76: =S76+AA76+AI76+AQ76 -> 0 | L76: =T76+AB76+AJ76+AR76 -> 0 | M76: 0 | N76: 0 | O76: 0 | P76: 0 | Q76: 0 | R76: 0 | S76: 0 | T76: 0 | U76: 0 | V76: 0 | W76: 0 | X76: 0 | Y76: 0 | Z76: 0 | AA76: 0 | AB76: 0 | AC76: 0 | AD76: 0 | AE76: 0 | AF76: 0 | AG76: 0 | AH76: 0 | AI76: 0 | AJ76: 0 | AK76: 0 | AL76: 0 | AM76: 0 | AN76: 0 | AO76: 0 | AP76: 0 | AQ76: 0 | AR76: 0 | AS76: =BA76+BI76+BQ76+BY76 -> 0 | AT76: =BB76+BJ76+BR76+BZ76 -> 0 | AU76: =BC76+BK76+BS76+CA76 -> 0 | AV76: =BD76+BL76+BT76+CB76 -> 0 | AW76: =BE76+BM76+BU76+CC76 -> 0 | AX76: =BF76+BN76+BV76+CD76 -> 0 | AY76: =BG76+BO76+BW76+CE76 -> 0 | AZ76: =BH76+BP76+BX76+CF76 -> 0 | BA76: 0 | BB76: 0 | BC76: 0 | BD76: 0 | BE76: 0 | BF76: 0 | BG76: 0 | BH76: 0 | BI76: 0 | BJ76: 0 | BK76: 0 | BL76: 0 | BM76: 0 | BN76: 0 | BO76: 0 | BP76: 0 | BQ76: 0 | BR76: 0 | BS76: 0 | BT76: 0 | BU76: 0 | BV76: 0 | BW76: 0 | BX76: 0 | BY76: 0 | BZ76: 0 | CA76: 0 | CB76: 0 | CC76: 0 | CD76: 0 | CE76: 0 | CF76: 0 | CG76: 0 | CH76: =CH77+CH81+CH84+CH93 -> 0 | CI76: 0 | CJ76: =CJ77+CJ81+CJ84+CJ93 -> 0 | CK76: нд
A77: 1.2.1.1 | B77: Реконструкция трансформаторной подстанции ТП-559 с увеличением трансформаторной мощности с 400 на 630 кВА, Богородский г.о., г.Электроугли, ул.Дубнинская | C77: O_42_КТП-559 | D77: 0 | E77: =M77+U77+AC77+AK77 -> 0 | F77: =N77+V77+AD77+AL77 -> 0 | G77: =O77+W77+AE77+AM77 -> 0 | H77: =P77+X77+AF77+AN77 -> 0 | I77: =Q77+Y77+AG77+AO77 -> 0 | J77: =R77+Z77+AH77+AP77 -> 0 | K77: =S77+AA77+AI77+AQ77 -> 0 | L77: =T77+AB77+AJ77+AR77 -> 0 | M77: 0 | N77: 0 | O77: 0 | P77: 0 | Q77: 0 | R77: 0 | S77: 0 | T77: 0 | U77: 0 | V77: 0 | W77: 0 | X77: 0 | Y77: 0 | Z77: 0 | AA77: 0 | AB77: 0 | AC77: 0 | AD77: 0 | AE77: 0 | AF77: 0 | AG77: 0 | AH77: 0 | AI77: 0 | AJ77: 0 | AK77: 0 | AL77: 0 | AM77: 0 | AN77: 0 | AO77: 0 | AP77: 0 | AQ77: 0 | AR77: 0 | AS77: =BA77+BI77+BQ77+BY77 -> 0 | AT77: =BB77+BJ77+BR77+BZ77 -> 0 | AU77: =BC77+BK77+BS77+CA77 -> 0 | AV77: =BD77+BL77+BT77+CB77 -> 0 | AW77: =BE77+BM77+BU77+CC77 -> 0 | AX77: =BF77+BN77+BV77+CD77 -> 0 | AY77: =BG77+BO77+BW77+CE77 -> 0 | AZ77: =BH77+BP77+BX77+CF77 -> 0 | BA77: 0 | BB77: 0 | BC77: 0 | BD77: 0 | BE77: 0 | BF77: 0 | BG77: 0 | BH77: 0 | BI77: 0 | BJ77: 0 | BK77: 0 | BL77: 0 | BM77: 0 | BN77: 0 | BO77: 0 | BP77: 0 | BQ77: 0 | BR77: 0 | BS77: 0 | BT77: 0 | BU77: 0 | BV77: 0 | BW77: 0 | BX77: 0 | BY77: 0 | BZ77: 0 | CA77: 0 | CB77: 0 | CC77: 0 | CD77: 0 | CE77: 0 | CF77: 0 | CG77: 0 | CH77: =CH78+CH82+CH85+CH94 -> 0 | CI77: 0 | CJ77: =CJ78+CJ82+CJ85+CJ94 -> 0 | CK77: нд
A78: 1.2.1.1 | B78: Реконструкция трансформаторной подстанции ТП-148 с увеличением трансформаторной мощности с 400 на 630 кВА, Богородский г.о., д.Вишняково | C78: O_43_КТП-148 | D78: 4.5805214 | E78: =M78+U78+AC78+AK78 -> 0 | F78: =N78+V78+AD78+AL78 -> 4.5805214 | G78: =O78+W78+AE78+AM78 -> 0.63 | H78: =P78+X78+AF78+AN78 -> 0 | I78: =Q78+Y78+AG78+AO78 -> 0 | J78: =R78+Z78+AH78+AP78 -> 0 | K78: =S78+AA78+AI78+AQ78 -> 0 | L78: =T78+AB78+AJ78+AR78 -> 0 | M78: 0 | N78: 0 | O78: 0 | P78: 0 | Q78: 0 | R78: 0 | S78: 0 | T78: 0 | U78: 0 | V78: 0 | W78: 0 | X78: 0 | Y78: 0 | Z78: 0 | AA78: 0 | AB78: 0 | AC78: 0 | AD78: 0 | AE78: 0 | AF78: 0 | AG78: 0 | AH78: 0 | AI78: 0 | AJ78: 0 | AK78: 0 | AL78: =D78 -> 4.5805214 | AM78: 0.63 | AN78: 0 | AO78: 0 | AP78: 0 | AQ78: 0 | AR78: 0 | AS78: =BA78+BI78+BQ78+BY78 -> 0 | AT78: =BB78+BJ78+BR78+BZ78 -> 0 | AU78: =BC78+BK78+BS78+CA78 -> 0 | AV78: =BD78+BL78+BT78+CB78 -> 0 | AW78: =BE78+BM78+BU78+CC78 -> 0 | AX78: =BF78+BN78+BV78+CD78 -> 0 | AY78: =BG78+BO78+BW78+CE78 -> 0 | AZ78: =BH78+BP78+BX78+CF78 -> 0 | BA78: 0 | BB78: 0 | BC78: 0 | BD78: 0 | BE78: 0 | BF78: 0 | BG78: 0 | BH78: 0 | BI78: 0 | BJ78: 0 | BK78: 0 | BL78: 0 | BM78: 0 | BN78: 0 | BO78: 0 | BP78: 0 | BQ78: 0 | BR78: 0 | BS78: 0 | BT78: 0 | BU78: 0 | BV78: 0 | BW78: 0 | BX78: 0 | BY78: 0 | BZ78: 0 | CA78: 0 | CB78: 0 | CC78: 0 | CD78: 0 | CE78: 0 | CF78: 0 | CG78: 0 | CH78: =CH79+CH83+CH86+CH95 -> 0 | CI78: 0 | CJ78: =CJ79+CJ83+CJ86+CJ95 -> 0 | CK78: нд
A79: 1.2.1.1 | B79: Реконструкция трансформаторной подстанции ТП-462 с увеличением трансформаторной мощности с 250 на 630 кВА, Богородский г.о., д.Булгаково | C79: O_44_КТП-462 | D79: 2.4550967 | E79: =M79+U79+AC79+AK79 -> 0 | F79: =N79+V79+AD79+AL79 -> 0 | G79: =O79+W79+AE79+AM79 -> 0 | H79: =P79+X79+AF79+AN79 -> 0 | I79: =Q79+Y79+AG79+AO79 -> 0 | J79: =R79+Z79+AH79+AP79 -> 0 | K79: =S79+AA79+AI79+AQ79 -> 0 | L79: =T79+AB79+AJ79+AR79 -> 0 | M79: 0 | N79: 0 | O79: 0 | P79: 0 | Q79: 0 | R79: 0 | S79: 0 | T79: 0 | U79: 0 | V79: 0 | W79: 0 | X79: 0 | Y79: 0 | Z79: 0 | AA79: 0 | AB79: 0 | AC79: 0 | AD79: 0 | AE79: 0 | AF79: 0 | AG79: 0 | AH79: 0 | AI79: 0 | AJ79: 0 | AK79: 0 | AL79: 0 | AM79: 0 | AN79: 0 | AO79: 0 | AP79: 0 | AQ79: 0 | AR79: 0 | AS79: =BA79+BI79+BQ79+BY79 -> 0 | AT79: =BB79+BJ79+BR79+BZ79 -> 0 | AU79: =BC79+BK79+BS79+CA79 -> 0 | AV79: =BD79+BL79+BT79+CB79 -> 0 | AW79: =BE79+BM79+BU79+CC79 -> 0 | AX79: =BF79+BN79+BV79+CD79 -> 0 | AY79: =BG79+BO79+BW79+CE79 -> 0 | AZ79: =BH79+BP79+BX79+CF79 -> 0 | BA79: 0 | BB79: 0 | BC79: 0 | BD79: 0 | BE79: 0 | BF79: 0 | BG79: 0 | BH79: 0 | BI79: 0 | BJ79: 0 | BK79: 0 | BL79: 0 | BM79: 0 | BN79: 0 | BO79: 0 | BP79: 0 | BQ79: 0 | BR79: 0 | BS79: 0 | BT79: 0 | BU79: 0 | BV79: 0 | BW79: 0 | BX79: 0 | BY79: 0 | BZ79: 0 | CA79: 0 | CB79: 0 | CC79: 0 | CD79: 0 | CE79: 0 | CF79: 0 | CG79: 0 | CH79: =CH80+CH84+CH87+CH96 -> 0 | CI79: 0 | CJ79: =CJ80+CJ84+CJ87+CJ96 -> 0 | CK79: нд
A80: 1.2.1.1 | B80: Реконструкция трансформаторной подстанции ТП-412 с увеличением трансформаторной мощности с 160 на 630 кВА, Богородский г.о., пос.им.Воровского | C80: O_45_КТП-412 | D80: 0 | E80: =M80+U80+AC80+AK80 -> 0 | F80: =N80+V80+AD80+AL80 -> 0 | G80: =O80+W80+AE80+AM80 -> 0 | H80: =P80+X80+AF80+AN80 -> 0 | I80: =Q80+Y80+AG80+AO80 -> 0 | J80: =R80+Z80+AH80+AP80 -> 0 | K80: =S80+AA80+AI80+AQ80 -> 0 | L80: =T80+AB80+AJ80+AR80 -> 0 | M80: 0 | N80: 0 | O80: 0 | P80: 0 | Q80: 0 | R80: 0 | S80: 0 | T80: 0 | U80: 0 | V80: 0 | W80: 0 | X80: 0 | Y80: 0 | Z80: 0 | AA80: 0 | AB80: 0 | AC80: 0 | AD80: 0 | AE80: 0 | AF80: 0 | AG80: 0 | AH80: 0 | AI80: 0 | AJ80: 0 | AK80: 0 | AL80: 0 | AM80: 0 | AN80: 0 | AO80: 0 | AP80: 0 | AQ80: 0 | AR80: 0 | AS80: =BA80+BI80+BQ80+BY80 -> 0 | AT80: =BB80+BJ80+BR80+BZ80 -> 0 | AU80: =BC80+BK80+BS80+CA80 -> 0 | AV80: =BD80+BL80+BT80+CB80 -> 0 | AW80: =BE80+BM80+BU80+CC80 -> 0 | AX80: =BF80+BN80+BV80+CD80 -> 0 | AY80: =BG80+BO80+BW80+CE80 -> 0 | AZ80: =BH80+BP80+BX80+CF80 -> 0 | BA80: 0 | BB80: 0 | BC80: 0 | BD80: 0 | BE80: 0 | BF80: 0 | BG80: 0 | BH80: 0 | BI80: 0 | BJ80: 0 | BK80: 0 | BL80: 0 | BM80: 0 | BN80: 0 | BO80: 0 | BP80: 0 | BQ80: 0 | BR80: 0 | BS80: 0 | BT80: 0 | BU80: 0 | BV80: 0 | BW80: 0 | BX80: 0 | BY80: 0 | BZ80: 0 | CA80: 0 | CB80: 0 | CC80: 0 | CD80: 0 | CE80: 0 | CF80: 0 | CG80: 0 | CH80: =CH81+CH85+CH88+CH97 -> 0 | CI80: 0 | CJ80: =CJ81+CJ85+CJ88+CJ97 -> 0 | CK80: нд
A81: 1.2.1.1 | B81: Реконструкция трансформаторной подстанции ТП-973 с увеличением трансформаторной мощности с 160 на 630 кВА, Богородский г.о., д.Шульгино | C81: O_46_КТП-973 | D81: 0 | E81: =M81+U81+AC81+AK81 -> 0 | F81: =N81+V81+AD81+AL81 -> 0 | G81: =O81+W81+AE81+AM81 -> 0 | H81: =P81+X81+AF81+AN81 -> 0 | I81: =Q81+Y81+AG81+AO81 -> 0 | J81: =R81+Z81+AH81+AP81 -> 0 | K81: =S81+AA81+AI81+AQ81 -> 0 | L81: =T81+AB81+AJ81+AR81 -> 0 | M81: 0 | N81: 0 | O81: 0 | P81: 0 | Q81: 0 | R81: 0 | S81: 0 | T81: 0 | U81: 0 | V81: 0 | W81: 0 | X81: 0 | Y81: 0 | Z81: 0 | AA81: 0 | AB81: 0 | AC81: 0 | AD81: 0 | AE81: 0 | AF81: 0 | AG81: 0 | AH81: 0 | AI81: 0 | AJ81: 0 | AK81: 0 | AL81: 0 | AM81: 0 | AN81: 0 | AO81: 0 | AP81: 0 | AQ81: 0 | AR81: 0 | AS81: =BA81+BI81+BQ81+BY81 -> 0 | AT81: =BB81+BJ81+BR81+BZ81 -> 0 | AU81: =BC81+BK81+BS81+CA81 -> 0 | AV81: =BD81+BL81+BT81+CB81 -> 0 | AW81: =BE81+BM81+BU81+CC81 -> 0 | AX81: =BF81+BN81+BV81+CD81 -> 0 | AY81: =BG81+BO81+BW81+CE81 -> 0 | AZ81: =BH81+BP81+BX81+CF81 -> 0 | BA81: 0 | BB81: 0 | BC81: 0 | BD81: 0 | BE81: 0 | BF81: 0 | BG81: 0 | BH81: 0 | BI81: 0 | BJ81: 0 | BK81: 0 | BL81: 0 | BM81: 0 | BN81: 0 | BO81: 0 | BP81: 0 | BQ81: 0 | BR81: 0 | BS81: 0 | BT81: 0 | BU81: 0 | BV81: 0 | BW81: 0 | BX81: 0 | BY81: 0 | BZ81: 0 | CA81: 0 | CB81: 0 | CC81: 0 | CD81: 0 | CE81: 0 | CF81: 0 | CG81: 0 | CH81: =CH82+CH86+CH89+CH98 -> 0 | CI81: 0 | CJ81: =CJ82+CJ86+CJ89+CJ98 -> 0 | CK81: нд
A82: 1.2.1.1 | B82: Реконструкция трансформаторной подстанции ТП-654 с увеличением трансформаторной мощности с 180 на 630 кВА, Богородский г.о., г.Ногинск | C82: O_47_КТП-654 | D82: 4.5580941 | E82: =M82+U82+AC82+AK82 -> 0 | F82: =N82+V82+AD82+AL82 -> 0 | G82: =O82+W82+AE82+AM82 -> 0 | H82: =P82+X82+AF82+AN82 -> 0 | I82: =Q82+Y82+AG82+AO82 -> 0 | J82: =R82+Z82+AH82+AP82 -> 0 | K82: =S82+AA82+AI82+AQ82 -> 0 | L82: =T82+AB82+AJ82+AR82 -> 0 | M82: 0 | N82: 0 | O82: 0 | P82: 0 | Q82: 0 | R82: 0 | S82: 0 | T82: 0 | U82: 0 | V82: 0 | W82: 0 | X82: 0 | Y82: 0 | Z82: 0 | AA82: 0 | AB82: 0 | AC82: 0 | AD82: 0 | AE82: 0 | AF82: 0 | AG82: 0 | AH82: 0 | AI82: 0 | AJ82: 0 | AK82: 0 | AL82: 0 | AM82: 0 | AN82: 0 | AO82: 0 | AP82: 0 | AQ82: 0 | AR82: 0 | AS82: =BA82+BI82+BQ82+BY82 -> 0 | AT82: =BB82+BJ82+BR82+BZ82 -> 0 | AU82: =BC82+BK82+BS82+CA82 -> 0 | AV82: =BD82+BL82+BT82+CB82 -> 0 | AW82: =BE82+BM82+BU82+CC82 -> 0 | AX82: =BF82+BN82+BV82+CD82 -> 0 | AY82: =BG82+BO82+BW82+CE82 -> 0 | AZ82: =BH82+BP82+BX82+CF82 -> 0 | BA82: 0 | BB82: 0 | BC82: 0 | BD82: 0 | BE82: 0 | BF82: 0 | BG82: 0 | BH82: 0 | BI82: 0 | BJ82: 0 | BK82: 0 | BL82: 0 | BM82: 0 | BN82: 0 | BO82: 0 | BP82: 0 | BQ82: 0 | BR82: 0 | BS82: 0 | BT82: 0 | BU82: 0 | BV82: 0 | BW82: 0 | BX82: 0 | BY82: 0 | BZ82: 0 | CA82: 0 | CB82: 0 | CC82: 0 | CD82: 0 | CE82: 0 | CF82: 0 | CG82: 0 | CH82: =CH83+CH87+CH90+CH99 -> 0 | CI82: 0 | CJ82: =CJ83+CJ87+CJ90+CJ99 -> 0 | CK82: нд
A83: 1.2.1.1 | B83: Реконструкция трансформаторной подстанции ТП-720 с увеличением трансформаторной мощности с 400 на 630 кВА, Богородский г.о., г.Ногинск | C83: O_48_КТП-720 | D83: 4.5805214 | E83: =M83+U83+AC83+AK83 -> 0 | F83: =N83+V83+AD83+AL83 -> 0 | G83: =O83+W83+AE83+AM83 -> 0 | H83: =P83+X83+AF83+AN83 -> 0 | I83: =Q83+Y83+AG83+AO83 -> 0 | J83: =R83+Z83+AH83+AP83 -> 0 | K83: =S83+AA83+AI83+AQ83 -> 0 | L83: =T83+AB83+AJ83+AR83 -> 0 | M83: 0 | N83: 0 | O83: 0 | P83: 0 | Q83: 0 | R83: 0 | S83: 0 | T83: 0 | U83: 0 | V83: 0 | W83: 0 | X83: 0 | Y83: 0 | Z83: 0 | AA83: 0 | AB83: 0 | AC83: 0 | AD83: 0 | AE83: 0 | AF83: 0 | AG83: 0 | AH83: 0 | AI83: 0 | AJ83: 0 | AK83: 0 | AL83: 0 | AM83: 0 | AN83: 0 | AO83: 0 | AP83: 0 | AQ83: 0 | AR83: 0 | AS83: =BA83+BI83+BQ83+BY83 -> 0 | AT83: =BB83+BJ83+BR83+BZ83 -> 0 | AU83: =BC83+BK83+BS83+CA83 -> 0 | AV83: =BD83+BL83+BT83+CB83 -> 0 | AW83: =BE83+BM83+BU83+CC83 -> 0 | AX83: =BF83+BN83+BV83+CD83 -> 0 | AY83: =BG83+BO83+BW83+CE83 -> 0 | AZ83: =BH83+BP83+BX83+CF83 -> 0 | BA83: 0 | BB83: 0 | BC83: 0 | BD83: 0 | BE83: 0 | BF83: 0 | BG83: 0 | BH83: 0 | BI83: 0 | BJ83: 0 | BK83: 0 | BL83: 0 | BM83: 0 | BN83: 0 | BO83: 0 | BP83: 0 | BQ83: 0 | BR83: 0 | BS83: 0 | BT83: 0 | BU83: 0 | BV83: 0 | BW83: 0 | BX83: 0 | BY83: 0 | BZ83: 0 | CA83: 0 | CB83: 0 | CC83: 0 | CD83: 0 | CE83: 0 | CF83: 0 | CG83: 0 | CH83: =CH84+CH88+CH91+CH100 -> 0 | CI83: 0 | CJ83: =CJ84+CJ88+CJ91+CJ100 -> 0 | CK83: нд
A84: 1.2.1.1 | B84: Реконструкция трансформаторной подстанции ТП-743 с увеличением трансформаторной мощности с 160 на 630 кВА, Богородский г.о., г.Ногинск | C84: O_49_КТП-743 | D84: 4.5580941 | E84: =M84+U84+AC84+AK84 -> 0 | F84: =N84+V84+AD84+AL84 -> 0 | G84: =O84+W84+AE84+AM84 -> 0 | H84: =P84+X84+AF84+AN84 -> 0 | I84: =Q84+Y84+AG84+AO84 -> 0 | J84: =R84+Z84+AH84+AP84 -> 0 | K84: =S84+AA84+AI84+AQ84 -> 0 | L84: =T84+AB84+AJ84+AR84 -> 0 | M84: 0 | N84: 0 | O84: 0 | P84: 0 | Q84: 0 | R84: 0 | S84: 0 | T84: 0 | U84: 0 | V84: 0 | W84: 0 | X84: 0 | Y84: 0 | Z84: 0 | AA84: 0 | AB84: 0 | AC84: 0 | AD84: 0 | AE84: 0 | AF84: 0 | AG84: 0 | AH84: 0 | AI84: 0 | AJ84: 0 | AK84: 0 | AL84: 0 | AM84: 0 | AN84: 0 | AO84: 0 | AP84: 0 | AQ84: 0 | AR84: 0 | AS84: =BA84+BI84+BQ84+BY84 -> 0 | AT84: =BB84+BJ84+BR84+BZ84 -> 0 | AU84: =BC84+BK84+BS84+CA84 -> 0 | AV84: =BD84+BL84+BT84+CB84 -> 0 | AW84: =BE84+BM84+BU84+CC84 -> 0 | AX84: =BF84+BN84+BV84+CD84 -> 0 | AY84: =BG84+BO84+BW84+CE84 -> 0 | AZ84: =BH84+BP84+BX84+CF84 -> 0 | BA84: 0 | BB84: 0 | BC84: 0 | BD84: 0 | BE84: 0 | BF84: 0 | BG84: 0 | BH84: 0 | BI84: 0 | BJ84: 0 | BK84: 0 | BL84: 0 | BM84: 0 | BN84: 0 | BO84: 0 | BP84: 0 | BQ84: 0 | BR84: 0 | BS84: 0 | BT84: 0 | BU84: 0 | BV84: 0 | BW84: 0 | BX84: 0 | BY84: 0 | BZ84: 0 | CA84: 0 | CB84: 0 | CC84: 0 | CD84: 0 | CE84: 0 | CF84: 0 | CG84: 0 | CH84: =CH85+CH89+CH92+CH101 -> 0 | CI84: 0 | CJ84: =CJ85+CJ89+CJ92+CJ101 -> 0 | CK84: нд
A85: 1.2.1.1 | B85: Реконструкция КРУН-Прогресс с заменой (3 шт.) и увеличением кол-ва ячеек на 1 шт. (до 4 шт.), Богородский г.о., г.Старая Купавна, ул.Советская | C85: O_50_КРУНПрогресс | D85: 10.096494 | E85: =M85+U85+AC85+AK85 -> 0 | F85: =N85+V85+AD85+AL85 -> 0 | G85: =O85+W85+AE85+AM85 -> 0 | H85: =P85+X85+AF85+AN85 -> 0 | I85: =Q85+Y85+AG85+AO85 -> 0 | J85: =R85+Z85+AH85+AP85 -> 0 | K85: =S85+AA85+AI85+AQ85 -> 0 | L85: =T85+AB85+AJ85+AR85 -> 0 | M85: 0 | N85: 0 | O85: 0 | P85: 0 | Q85: 0 | R85: 0 | S85: 0 | T85: 0 | U85: 0 | V85: 0 | W85: 0 | X85: 0 | Y85: 0 | Z85: 0 | AA85: 0 | AB85: 0 | AC85: 0 | AD85: 0 | AE85: 0 | AF85: 0 | AG85: 0 | AH85: 0 | AI85: 0 | AJ85: 0 | AK85: 0 | AL85: 0 | AM85: 0 | AN85: 0 | AO85: 0 | AP85: 0 | AQ85: 0 | AR85: 0 | AS85: =BA85+BI85+BQ85+BY85 -> 0 | AT85: =BB85+BJ85+BR85+BZ85 -> 0 | AU85: =BC85+BK85+BS85+CA85 -> 0 | AV85: =BD85+BL85+BT85+CB85 -> 0 | AW85: =BE85+BM85+BU85+CC85 -> 0 | AX85: =BF85+BN85+BV85+CD85 -> 0 | AY85: =BG85+BO85+BW85+CE85 -> 0 | AZ85: =BH85+BP85+BX85+CF85 -> 0 | BA85: 0 | BB85: 0 | BC85: 0 | BD85: 0 | BE85: 0 | BF85: 0 | BG85: 0 | BH85: 0 | BI85: 0 | BJ85: 0 | BK85: 0 | BL85: 0 | BM85: 0 | BN85: 0 | BO85: 0 | BP85: 0 | BQ85: 0 | BR85: 0 | BS85: 0 | BT85: 0 | BU85: 0 | BV85: 0 | BW85: 0 | BX85: 0 | BY85: 0 | BZ85: 0 | CA85: 0 | CB85: 0 | CC85: 0 | CD85: 0 | CE85: 0 | CF85: 0 | CG85: 0 | CH85: =CH86+CH90+CH93+CH102 -> 0 | CI85: 0 | CJ85: =CJ86+CJ90+CJ93+CJ102 -> 0 | CK85: нд
A86: 1.2.1.1 | B86: Реконструкция КРУН-378 с заменой (1 шт.) и увеличением кол-ва ячеек на 1 шт. (до 2 шт.), Богородский г.о., пос.им.Воровского СНТ "Первомаец" | C86: O_51_КРУН378 | D86: 6.5611516 | E86: =M86+U86+AC86+AK86 -> 0 | F86: =N86+V86+AD86+AL86 -> 6.5611516 | G86: =O86+W86+AE86+AM86 -> 0 | H86: =P86+X86+AF86+AN86 -> 0 | I86: =Q86+Y86+AG86+AO86 -> 0 | J86: =R86+Z86+AH86+AP86 -> 0 | K86: =S86+AA86+AI86+AQ86 -> 2 | L86: =T86+AB86+AJ86+AR86 -> 0 | M86: 0 | N86: 0 | O86: 0 | P86: 0 | Q86: 0 | R86: 0 | S86: 0 | T86: 0 | U86: 0 | V86: 0 | W86: 0 | X86: 0 | Y86: 0 | Z86: 0 | AA86: 0 | AB86: 0 | AC86: 0 | AD86: =D86 -> 6.5611516 | AE86: 0 | AF86: 0 | AG86: 0 | AH86: 0 | AI86: 2 | AJ86: 0 | AK86: 0 | AL86: 0 | AM86: 0 | AN86: 0 | AO86: 0 | AP86: 0 | AQ86: 0 | AR86: 0 | AS86: =BA86+BI86+BQ86+BY86 -> 0 | AT86: =BB86+BJ86+BR86+BZ86 -> 0 | AU86: =BC86+BK86+BS86+CA86 -> 0 | AV86: =BD86+BL86+BT86+CB86 -> 0 | AW86: =BE86+BM86+BU86+CC86 -> 0 | AX86: =BF86+BN86+BV86+CD86 -> 0 | AY86: =BG86+BO86+BW86+CE86 -> 0 | AZ86: =BH86+BP86+BX86+CF86 -> 0 | BA86: 0 | BB86: 0 | BC86: 0 | BD86: 0 | BE86: 0 | BF86: 0 | BG86: 0 | BH86: 0 | BI86: 0 | BJ86: 0 | BK86: 0 | BL86: 0 | BM86: 0 | BN86: 0 | BO86: 0 | BP86: 0 | BQ86: 0 | BR86: 0 | BS86: 0 | BT86: 0 | BU86: 0 | BV86: 0 | BW86: 0 | BX86: 0 | BY86: 0 | BZ86: 0 | CA86: 0 | CB86: 0 | CC86: 0 | CD86: 0 | CE86: 0 | CF86: 0 | CG86: 0 | CH86: =CH87+CH91+CH94+CH103 -> 0 | CI86: 0 | CJ86: =CJ87+CJ91+CJ94+CJ103 -> 0 | CK86: нд
A87: 1.2.1.1 | B87: Реконструкция КРУН-341 с заменой (1 шт.) и увеличением кол-ва ячеек на 1шт. (до 2 шт.), Богородский г.о., пос.им.Воровского, ул.Нижняя | C87: O_52_КРУН341 | D87: 6.5611516 | E87: =M87+U87+AC87+AK87 -> 0 | F87: =N87+V87+AD87+AL87 -> 6.5611516 | G87: =O87+W87+AE87+AM87 -> 0 | H87: =P87+X87+AF87+AN87 -> 0 | I87: =Q87+Y87+AG87+AO87 -> 0 | J87: =R87+Z87+AH87+AP87 -> 0 | K87: =S87+AA87+AI87+AQ87 -> 2 | L87: =T87+AB87+AJ87+AR87 -> 0 | M87: 0 | N87: 0 | O87: 0 | P87: 0 | Q87: 0 | R87: 0 | S87: 0 | T87: 0 | U87: 0 | V87: 0 | W87: 0 | X87: 0 | Y87: 0 | Z87: 0 | AA87: 0 | AB87: 0 | AC87: 0 | AD87: =D87 -> 6.5611516 | AE87: 0 | AF87: 0 | AG87: 0 | AH87: 0 | AI87: 2 | AJ87: 0 | AK87: 0 | AL87: 0 | AM87: 0 | AN87: 0 | AO87: 0 | AP87: 0 | AQ87: 0 | AR87: 0 | AS87: =BA87+BI87+BQ87+BY87 -> 0 | AT87: =BB87+BJ87+BR87+BZ87 -> 0 | AU87: =BC87+BK87+BS87+CA87 -> 0 | AV87: =BD87+BL87+BT87+CB87 -> 0 | AW87: =BE87+BM87+BU87+CC87 -> 0 | AX87: =BF87+BN87+BV87+CD87 -> 0 | AY87: =BG87+BO87+BW87+CE87 -> 0 | AZ87: =BH87+BP87+BX87+CF87 -> 0 | BA87: 0 | BB87: 0 | BC87: 0 | BD87: 0 | BE87: 0 | BF87: 0 | BG87: 0 | BH87: 0 | BI87: 0 | BJ87: 0 | BK87: 0 | BL87: 0 | BM87: 0 | BN87: 0 | BO87: 0 | BP87: 0 | BQ87: 0 | BR87: 0 | BS87: 0 | BT87: 0 | BU87: 0 | BV87: 0 | BW87: 0 | BX87: 0 | BY87: 0 | BZ87: 0 | CA87: 0 | CB87: 0 | CC87: 0 | CD87: 0 | CE87: 0 | CF87: 0 | CG87: 0 | CH87: =CH88+CH92+CH95+CH104 -> 0 | CI87: 0 | CJ87: =CJ88+CJ92+CJ95+CJ104 -> 0 | CK87: нд
